Workbook
Name BASELINE: 'new alternative'!$D$4:$L$92
Name BASELINE: 'new extended'!$D$4:$L$80
Name BASELINE: 'realistic (no tax cuts)'!$D$4:$L$90
Name BASELINE: 'realistic (tax cuts)'!$D$4:$L$90
Name BASELINE: 'CBO baseline'!$D$7:$L$92
Name OFFBUD: #REF!
Name offbud: 'new extended'!$R$55
Name OFFBUD: #REF!
Name OFFBUD: #REF!
Name OFFBUD: #REF!
Name Print_Area2: '[1]Growth rates'!$B$3:$M$61
Name print_area3: #REF!
Name print_area3: #REF!
Name print_area3: #REF!
Name print_area3: #REF!
Name print_area3: #REF!

Sheet CBO baseline
A1: Table 1-2 (From August 2011 BEO Update)
A2: CBO’s Baseline Budget Projections
A3: Billions of Dollars
R4: Total
F5: Actual, | R5: 2012- | S5: 2012-
F6: 2010 | G6: 2011 | H6: 2012 | I6: 2013 | J6: 2014 | K6: 2015 | L6: 2016 | M6: 2017 | N6: 2018 | O6: 2019 | P6: 2020 | Q6: 2021 | R6: 2016 | S6: 2021
A7: Revenues
B8: Individual income taxes | F8: 898.549 | G8: 1088.9303 | H8: 1209.1645 | I8: 1510.3224 | J8: 1666.1769 | K8: 1842.7701 | L8: 1985.1536 | M8: 2129.07 | N8: 2256.5051 | O8: 2392.5659 | P8: 2533.525 | Q8: 2679.0888 | R8: =SUM(H8:L8) -> 8213.5875 | S8: =SUM(H8:Q8) -> 20204.342
B9: Social insurance taxes | F9: 864.814 | G9: 816.49342 | H9: 924.14826 | I9: 995.61191 | J9: 1055.3136 | K9: 1123.1378 | L9: 1187.9365 | M9: 1242.0871 | N9: 1295.5025 | O9: 1351.2296 | P9: 1411.6106 | Q9: 1472.9932 | R9: =SUM(H9:L9) -> 5286.148 | S9: =SUM(H9:Q9) -> 12059.571
B10: Corporate income taxes | F10: 191.43662 | G10: 191.7297 | H10: 278.98645 | I10: 336.30811 | J10: 431.36249 | K10: 416.13296 | L10: 384.81211 | M10: 418.21718 | N10: 420.1871 | O10: 431.08134 | P10: 434.71418 | Q10: 447.8727 | R10: =SUM(H10:L10) -> 1847.6021 | S10: =SUM(H10:Q10) -> 3999.6746
B11: Other | F11: 207.92449 | G11: 216.68175 | H11: 223.08085 | I11: 226.86358 | J11: 270.31546 | K11: 283.25084 | L11: 288.96953 | M11: 298.08926 | N11: 313.49149 | O11: 333.28336 | P11: 350.99954 | Q11: 369.25231 | R11: =SUM(H11:L11) -> 1292.4803 | S11: =SUM(H11:Q11) -> 2957.5962
F12: _____ | G12: _____ | H12: _____ | I12: _____ | J12: _____ | K12: _____ | L12: _____ | M12: _____ | N12: _____ | O12: _____ | P12: _____ | Q12: _____ | R12: ______ | S12: ______
C13: Total Revenues | F13: =SUM(F8:F11) -> 2162.7241 | G13: =SUM(G8:G11) -> 2313.8351 | H13: =SUM(H8:H11) -> 2635.3801 | I13: =SUM(I8:I11) -> 3069.106 | J13: =SUM(J8:J11) -> 3423.1684 | K13: =SUM(K8:K11) -> 3665.2916 | L13: =SUM(L8:L11) -> 3846.8717 | M13: =SUM(M8:M11) -> 4087.4636 | ... Q13: =SUM(Q8:Q11) -> 4969.2071 | R13: =SUM(H13:L13) -> 16639.818 | S13: =SUM(H13:Q13) -> 39221.184
D14: On-budget | F14: 1531.0371 | G14: 1752.2841 | H14: 1982.2981 | I14: 2359.472 | J14: 2677.5064 | K14: 2868.9086 | L14: 2999.6367 | M14: 3193.5146 | N14: 3348.1872 | O14: 3527.1512 | P14: 3703.9924 | Q14: 3896.6701 | R14: =SUM(H14:L14) -> 12887.822 | S14: =SUM(H14:Q14) -> 30557.337
D15: Off-budget | F15: 631.687 | G15: 561.551 | H15: 653.082 | I15: 709.634 | J15: 745.662 | K15: 796.383 | L15: 847.235 | M15: 893.949 | N15: 937.499 | O15: 981.009 | P15: 1026.857 | Q15: 1072.537 | R15: =SUM(H15:L15) -> 3751.996 | S15: =SUM(H15:Q15) -> 8663.847
A17: Outlays
B18: Mandatory spending | F18: ='CBO mandatory spending'!F74 -> 1912.9 | G18: ='CBO mandatory spending'!G74 -> 2022.658 | H18: ='CBO mandatory spending'!H74 -> 2055.752 | I18: ='CBO mandatory spending'!I74 -> 2129.161 | J18: ='CBO mandatory spending'!J74 -> 2211.338 | K18: ='CBO mandatory spending'!K74 -> 2339.86 | L18: ='CBO mandatory spending'!L74 -> 2510.617 | M18: ='CBO mandatory spending'!M74 -> 2615.89 | ... Q18: ='CBO mandatory spending'!Q74 -> 3282.044 | R18: =SUM(H18:L18) -> 11246.728 | S18: =SUM(H18:Q18) -> 25878.794
B19: Discretionary spending | F19: 1347.149 | G19: 1353.437 | H19: 1315.082 | I19: 1299.84 | J19: 1300.733 | K19: 1311.302 | L19: 1332.114 | M19: 1349.821 | N19: 1369.745 | O19: 1403.613 | P19: 1433.922 | Q19: 1464.158 | R19: =SUM(H19:L19) -> 6559.071 | S19: =SUM(H19:Q19) -> 13580.33
B20: Net interest | F20: 196.194 | G20: 221.302 | H20: 237.762 | I20: 263.14 | J20: 290.762 | K20: 336.378 | L20: 406.563 | M20: 483.776 | N20: 544.83 | O20: 591.107 | P20: 631.691 | Q20: 663.129 | R20: =SUM(H20:L20) -> 1534.605 | S20: =SUM(H20:Q20) -> 4449.138
F21: _____ | G21: _____ | H21: _____ | I21: _____ | J21: _____ | K21: _____ | L21: _____ | M21: _____ | N21: _____ | O21: _____ | P21: _____ | Q21: _____ | R21: ______ | S21: ______
C22: Total Outlays | F22: =SUM(F18:F20) -> 3456.243 | G22: =SUM(G18:G20) -> 3597.397 | H22: =SUM(H18:H20) -> 3608.596 | I22: =SUM(I18:I20) -> 3692.141 | J22: =SUM(J18:J20) -> 3802.833 | K22: =SUM(K18:K20) -> 3987.54 | L22: =SUM(L18:L20) -> 4249.294 | M22: =SUM(M18:M20) -> 4449.487 | ... Q22: =SUM(Q18:Q20) -> 5409.331 | R22: =SUM(H22:L22) -> 19340.404 | S22: =SUM(H22:Q22) -> 43908.262
D23: On-budget | F23: 2901.566 | G23: 3097.248 | H23: 3022.367 | I23: 3035.737 | J23: 3110.335 | K23: 3259.552 | L23: 3482.958 | M23: 3639.153 | N23: 3775.803 | O23: 3999.837 | P23: 4189.084 | Q23: 4376.25 | R23: =SUM(H23:L23) -> 15910.949 | S23: =SUM(H23:Q23) -> 35891.076
D24: Off-budget | F24: 554.677 | G24: 500.149 | H24: 586.229 | I24: 656.404 | J24: 692.498 | K24: 727.988 | L24: 766.336 | M24: 810.334 | N24: 859.305 | O24: 913.111 | P24: 971.9 | Q24: 1033.081 | R24: =SUM(H24:L24) -> 3429.455 | S24: =SUM(H24:Q24) -> 8017.186
A26: Deficit (-) or Surplus Excluding Effects of
A27: Provisions Related to the Joint Select
A28: Committee on Deficit Reduction | F28: =F13 - F22 -> -1293.5189 | G28: =G13 - G22 -> -1283.5619 | H28: =H13 - H22 -> -973.21592 | I28: =I13 - I22 -> -623.035 | J28: =J13 - J22 -> -379.66458 | K28: =K13 - K22 -> -322.24836 | L28: =L13 - L22 -> -402.42227 | M28: =M13 - M22 -> -362.02345 | ... Q28: =Q13 - Q22 -> -440.12395 | R28: =SUM(H28:L28) -> -2700.5861 | S28: =SUM(H28:Q28) -> -4687.0778
B29: On-budget | F29: =F14 - F23 -> -1370.5289 | G29: =G14 - G23 -> -1344.9639 | H29: =H14 - H23 -> -1040.0689 | I29: =I14 - I23 -> -676.265 | J29: =J14 - J23 -> -432.82858 | K29: =K14 - K23 -> -390.64336 | L29: =L14 - L23 -> -483.32127 | M29: =M14 - M23 -> -445.63845 | ... Q29: =Q14 - Q23 -> -479.57995 | R29: =SUM(H29:L29) -> -3023.1271 | S29: =SUM(H29:Q29) -> -5333.7388
B30: Off-budget | F30: =F15 - F24 -> 77.01 | G30: =G15 - G24 -> 61.402 | H30: =H15 - H24 -> 66.853 | I30: =I15 - I24 -> 53.23 | J30: =J15 - J24 -> 53.164 | K30: =K15 - K24 -> 68.395 | L30: =L15 - L24 -> 80.899 | M30: =M15 - M24 -> 83.615 | ... Q30: =Q15 - Q24 -> 39.456 | R30: =SUM(H30:L30) -> 322.541 | S30: =SUM(H30:Q30) -> 646.661
A32: Effects of Those Provisionsa
B33: Policy changes | F33: 0 | G33: 0 | H33: 0 | I33: 111.4434 | J33: 111.4434 | K33: 111.4434 | L33: 111.4434 | M33: 111.4434 | N33: 111.4434 | O33: 111.4434 | P33: 111.4434 | Q33: 111.4434 | R33: =SUM(H33:L33) -> 445.7736 | S33: =SUM(H33:Q33) -> 1002.9906
B34: Debt service | F34: 0 | G34: 0 | H34: 0 | I34: 1.1032897 | J34: 3.1315595 | K34: 6.1739644 | L34: 12.492805 | M34: 20.070956 | N34: 27.281344 | O34: 34.61432 | P34: 42.170183 | Q34: 49.971221 | R34: =SUM(H34:L34) -> 22.901619 | S34: =SUM(H34:Q34) -> 197.00964
F35: _ | G35: _ | H35: _ | I35: ___ | J35: ___ | K35: ___ | L35: ___ | M35: ___ | N35: ___ | O35: ___ | P35: ___ | Q35: ___ | R35: ___ | S35: ____
C36: Total Effects | F36: =SUM(F33:F34) -> 0 | G36: =SUM(G33:G34) -> 0 | H36: =SUM(H33:H34) -> 0 | I36: =SUM(I33:I34) -> 112.54669 | J36: =SUM(J33:J34) -> 114.57496 | K36: =SUM(K33:K34) -> 117.61736 | L36: =SUM(L33:L34) -> 123.93621 | M36: =SUM(M33:M34) -> 131.51436 | ... Q36: =SUM(Q33:Q34) -> 161.41462 | R36: =SUM(H36:L36) -> 468.67522 | S36: =SUM(H36:Q36) -> 1200.0002
A38: Total Deficit | F38: =SUM(F28,F36) -> -1293.5189 | G38: =SUM(G28,G36) -> -1283.5619 | H38: =SUM(H28,H36) -> -973.21592 | I38: =SUM(I28,I36) -> -510.48831 | J38: =SUM(J28,J36) -> -265.08962 | K38: =SUM(K28,K36) -> -204.631 | L38: =SUM(L28,L36) -> -278.48606 | M38: =SUM(M28,M36) -> -230.50909 | ... Q38: =SUM(Q28,Q36) -> -278.70933 | R38: =SUM(H38:L38) -> -2231.9109 | S38: =SUM(H38:Q38) -> -3487.0776
A40: Debt Held by the Public
A41: at the End of the Year | F41: 9018.941 | G41: =SUM(F41,G42,G43) -> 10164.113 | H41: =SUM(G41,H42,H43) -> 11152.928 | I41: =SUM(H41,I42,I43) -> 11773.388 | J41: =SUM(I41,J42,J43) -> 12148.087 | K41: =SUM(J41,K42,K43) -> 12462.716 | L41: =SUM(K41,L42,L43) -> 12839.815 | M41: =SUM(L41,M42,M43) -> 13169.087 | N41: =SUM(M41,N42,N43) -> 13473.325 | ... Q41: =SUM(P41,Q42,Q43) -> 14541.093 | R41: n.a. | S41: n.a.
B42: Deficit | G42: =-G38 -> 1283.5619 | H42: =-H38 -> 973.21592 | I42: =-I38 -> 510.48831 | J42: =-J38 -> 265.08962 | K42: =-K38 -> 204.631 | L42: =-L38 -> 278.48606 | M42: =-M38 -> 230.50909 | N42: =-N38 -> 210.6971 | ... Q42: =-Q38 -> 278.70933
B43: Other Means of Financing | E43: BEOU, Table 1-7 | G43: -138.39 | H43: 15.598904 | I43: 109.97229 | J43: 109.60915 | K43: 109.99747 | L43: 98.61321 | M43: 98.763367 | N43: 93.540917 | O43: 88.170841 | P43: 83.895115 | Q43: 81.741363
R46: Total
F47: Actual, | R47: 2012- | S47: 2012-
F48: 2010 | G48: 2011 | H48: 2012 | I48: 2013 | J48: 2014 | K48: 2015 | L48: 2016 | M48: 2017 | N48: 2018 | O48: 2019 | P48: 2020 | Q48: 2021 | R48: 2016 | S48: 2021
F50: As a Percentage of Gross Domestic Product
A51: Revenues
B52: Individual income taxes | F52: =100 * F8/F$89 -> 6.1918188 | G52: =100 * G8/G$89 -> 7.2138115 | H52: =100 * H8/H$89 -> 7.719654 | I52: =100 * I8/I$89 -> 9.3335994 | J52: =100 * J8/J$89 -> 9.8159183 | K52: =100 * K8/K$89 -> 10.162833 | L52: =100 * L8/L$89 -> 10.388118 | M52: =100 * M8/M$89 -> 10.63056 | ... Q52: =100 * Q8/Q$89 -> 11.24256 | R52: =100 * SUM(H8:L8) / SUM(H$89:L$89) -> 9.543853 | S52: =100 * SUM(H8:Q8)/SUM(H$89:Q$89) -> 10.328147
B53: Social insurance taxes | F53: =100 * F9/F$89 -> 5.959354 | G53: =100 * G9/G$89 -> 5.4090054 | H53: =100 * H9/H$89 -> 5.9000282 | I53: =100 * I9/I$89 -> 6.1527543 | J53: =100 * J9/J$89 -> 6.2171499 | K53: =100 * K9/K$89 -> 6.1940779 | L53: =100 * L9/L$89 -> 6.2163576 | M53: =100 * M9/M$89 -> 6.2018072 | ... Q53: =100 * Q9/Q$89 -> 6.181286 | R53: =100 * SUM(H9:L9) / SUM(H$89:L$89) -> 6.142288 | S53: =100 * SUM(H9:Q9)/SUM(H$89:Q$89) -> 6.1646661
B54: Corporate income taxes | F54: =100 * F10/F$89 -> 1.3191722 | G54: =100 * G10/G$89 -> 1.2701474 | H54: =100 * H10/H$89 -> 1.7811298 | I54: =100 * I10/I$89 -> 2.0783412 | J54: =100 * J10/J$89 -> 2.5412781 | K54: =100 * K10/K$89 -> 2.2949633 | L54: =100 * L10/L$89 -> 2.0136848 | M54: =100 * M10/M$89 -> 2.0881807 | ... Q54: =100 * Q10/Q$89 -> 1.8794583 | R54: =100 * SUM(H10:L10) / SUM(H$89:L$89) -> 2.1468382 | S54: =100 * SUM(H10:Q10)/SUM(H$89:Q$89) -> 2.0445718
B55: Other | F55: =100 * F11/F$89 -> 1.4327886 | G55: =100 * G11/G$89 -> 1.4354467 | H55: =100 * H11/H$89 -> 1.4242123 | I55: =100 * I11/I$89 -> 1.4019879 | J55: =100 * J11/J$89 -> 1.5925046 | K55: =100 * K11/K$89 -> 1.5621216 | L55: =100 * L11/L$89 -> 1.5121498 | M55: =100 * M11/M$89 -> 1.4883756 | ... Q55: =100 * Q11/Q$89 -> 1.5495348 | R55: =100 * SUM(H11:L11) / SUM(H$89:L$89) -> 1.5018092 | S55: =100 * SUM(H11:Q11)/SUM(H$89:Q$89) -> 1.5118774
F56: ____ | G56: ____ | H56: ____ | I56: ____ | J56: ____ | K56: ____ | L56: ____ | M56: ____ | N56: ____ | O56: ____ | P56: ____ | Q56: ____ | R56: ____ | S56: ____
C57: Total Revenues | F57: =100 * F13/F$89 -> 14.903134 | G57: =100 * G13/G$89 -> 15.328411 | H57: =100 * H13/H$89 -> 16.825024 | I57: =100 * I13/I$89 -> 18.966683 | J57: =100 * J13/J$89 -> 20.166851 | K57: =100 * K13/K$89 -> 20.213995 | L57: =100 * L13/L$89 -> 20.13031 | M57: =100 * M13/M$89 -> 20.408924 | ... Q57: =100 * Q13/Q$89 -> 20.852839 | R57: =100 * SUM(H13:L13) / SUM(H$89:L$89) -> 19.334788 | S57: =100 * SUM(H13:Q13)/SUM(H$89:Q$89) -> 20.049263
D58: On-budget | F58: =100 * F14/F$89 -> 10.550236 | G58: =100 * G14/G$89 -> 11.608317 | H58: =100 * H14/H$89 -> 12.655561 | I58: =100 * I14/I$89 -> 14.581235 | J58: =100 * J14/J$89 -> 15.773946 | K58: =100 * K14/K$89 -> 15.821962 | L58: =100 * L14/L$89 -> 15.696811 | M58: =100 * M14/M$89 -> 15.945389 | ... Q58: =100 * Q14/Q$89 -> 16.352032 | R58: =100 * SUM(H14:L14) / SUM(H$89:L$89) -> 14.975122 | S58: =100 * SUM(H14:Q14)/SUM(H$89:Q$89) -> 15.620438
D59: Off-budget | F59: =100 * F15/F$89 -> 4.3528972 | G59: =100 * G15/G$89 -> 3.7200941 | H59: =100 * H15/H$89 -> 4.1694633 | I59: =100 * I15/I$89 -> 4.3854474 | J59: =100 * J15/J$89 -> 4.3929052 | K59: =100 * K15/K$89 -> 4.3920331 | L59: =100 * L15/L$89 -> 4.4334993 | M59: =100 * M15/M$89 -> 4.4635351 | ... Q59: =100 * Q15/Q$89 -> 4.5008069 | R59: =100 * SUM(H15:L15) / SUM(H$89:L$89) -> 4.359666 | S59: =100 * SUM(H15:Q15)/SUM(H$89:Q$89) -> 4.4288245
A61: Outlays
B62: Mandatory spending | F62: =100 * F18/F$89 -> 13.181619 | G62: =100 * G18/G$89 -> 13.399456 | H62: =100 * H18/H$89 -> 13.124512 | I62: =100 * I18/I$89 -> 13.157943 | J62: =100 * J18/J$89 -> 13.027616 | K62: =100 * K18/K$89 -> 12.904272 | L62: =100 * L18/L$89 -> 13.137817 | M62: =100 * M18/M$89 -> 13.061278 | ... Q62: =100 * Q18/Q$89 -> 13.772808 | R62: =100 * SUM(H18:L18) / SUM(H$89:L$89) -> 13.068238 | S62: =100 * SUM(H18:Q18)/SUM(H$89:Q$89) -> 13.228839
B63: Discretionary spending | F63: =100 * F19/F$89 -> 9.2830802 | G63: =100 * G19/G$89 -> 8.9660832 | H63: =100 * H19/H$89 -> 8.3958617 | I63: =100 * I19/I$89 -> 8.0328451 | J63: =100 * J19/J$89 -> 7.6629851 | K63: =100 * K19/K$89 -> 7.2317991 | L63: =100 * L19/L$89 -> 6.9708245 | M63: =100 * M19/M$89 -> 6.7397283 | ... Q63: =100 * Q19/Q$89 -> 6.1442099 | R63: =100 * SUM(H19:L19) / SUM(H$89:L$89) -> 7.6213724 | S63: =100 * SUM(H19:Q19)/SUM(H$89:Q$89) -> 6.9420546
B64: Net interest | F64: =100 * F20/F$89 -> 1.3519549 | G64: =100 * G20/G$89 -> 1.4660543 | H64: =100 * H20/H$89 -> 1.517941 | I64: =100 * I20/I$89 -> 1.6261716 | J64: =100 * J20/J$89 -> 1.712961 | K64: =100 * K20/K$89 -> 1.8551166 | L64: =100 * L20/L$89 -> 2.1275051 | M64: =100 * M20/M$89 -> 2.4155194 | ... Q64: =100 * Q20/Q$89 -> 2.7827624 | R64: =100 * SUM(H20:L20) / SUM(H$89:L$89) -> 1.7831483 | S64: =100 * SUM(H20:Q20)/SUM(H$89:Q$89) -> 2.2743305
F65: ____ | G65: ____ | H65: ____ | I65: ____ | J65: ____ | K65: ____ | L65: ____ | M65: ____ | N65: ____ | O65: ____ | P65: ____ | Q65: ____ | R65: ____ | S65: ____
C66: Total Outlays | F66: =100 * F22/F$89 -> 23.816654 | G66: =100 * G22/G$89 -> 23.831594 | H66: =100 * H22/H$89 -> 23.038315 | I66: =100 * I22/I$89 -> 22.816959 | J66: =100 * J22/J$89 -> 22.403562 | K66: =100 * K22/K$89 -> 21.991187 | L66: =100 * L22/L$89 -> 22.236147 | M66: =100 * M22/M$89 -> 22.216526 | ... Q66: =100 * Q22/Q$89 -> 22.69978 | R66: =100 * SUM(H22:L22) / SUM(H$89:L$89) -> 22.472759 | S66: =100 * SUM(H22:Q22)/SUM(H$89:Q$89) -> 22.445224
D67: On-budget | F67: =100 * F23/F$89 -> 19.994425 | G67: =100 * G23/G$89 -> 20.518268 | H67: =100 * H23/H$89 -> 19.29566 | I67: =100 * I23/I$89 -> 18.760467 | J67: =100 * J23/J$89 -> 18.323861 | K67: =100 * K23/K$89 -> 17.976351 | L67: =100 * L23/L$89 -> 18.225984 | M67: =100 * M23/M$89 -> 18.170485 | ... Q67: =100 * Q23/Q$89 -> 18.364547 | R67: =100 * SUM(H23:L23) / SUM(H$89:L$89) -> 18.487872 | S67: =100 * SUM(H23:Q23)/SUM(H$89:Q$89) -> 18.346963
D68: Off-budget | F68: =100 * F24/F$89 -> 3.8222283 | G68: =100 * G24/G$89 -> 3.3133257 | H68: =100 * H24/H$89 -> 3.7426545 | I68: =100 * I24/I$89 -> 4.0564928 | J68: =100 * J24/J$89 -> 4.0797011 | K68: =100 * K24/K$89 -> 4.0148364 | L68: =100 * L24/L$89 -> 4.0101626 | M68: =100 * M24/M$89 -> 4.0460409 | ... Q68: =100 * Q24/Q$89 -> 4.3352333 | R68: =100 * SUM(H24:L24) / SUM(H$89:L$89) -> 3.9848866 | S68: =100 * SUM(H24:Q24)/SUM(H$89:Q$89) -> 4.0982614
A70: Deficit (-) or Surplus Excluding Effects of
A71: Provisions Related to the Joint Select
A72: Committee on Deficit Reduction | F72: =100 * F28/F$89 -> -8.9135201 | G72: =100 * G28/G$89 -> -8.503183 | H72: =100 * H28/H$89 -> -6.2132903 | I72: =100 * I28/I$89 -> -3.8502766 | J72: =100 * J28/J$89 -> -2.2367111 | K72: =100 * K28/K$89 -> -1.777192 | L72: =100 * L28/L$89 -> -2.105837 | M72: =100 * M28/M$89 -> -1.8076024 | ... Q72: =100 * Q28/Q$89 -> -1.8469413 | R72: =100 * SUM(H28:L28) / SUM(H$89:L$89) -> -3.1379707 | S72: =100 * SUM(H28:Q28)/SUM(H$89:Q$89) -> -2.3959617
B73: On-budget | F73: =100 * F29/F$89 -> -9.4441889 | G73: =100 * G29/G$89 -> -8.9099514 | H73: =100 * H29/H$89 -> -6.6400991 | I73: =100 * I29/I$89 -> -4.1792312 | J73: =100 * J29/J$89 -> -2.5499153 | K73: =100 * K29/K$89 -> -2.1543888 | L73: =100 * L29/L$89 -> -2.5291737 | M73: =100 * M29/M$89 -> -2.2250966 | ... Q73: =100 * Q29/Q$89 -> -2.0125149 | R73: =100 * SUM(H29:L29) / SUM(H$89:L$89) -> -3.5127502 | S73: =100 * SUM(H29:Q29)/SUM(H$89:Q$89) -> -2.7265248
B74: Off-budget | F74: =100 * F30/F$89 -> 0.53066885 | G74: =100 * G30/G$89 -> 0.40676843 | H74: =100 * H30/H$89 -> 0.42680878 | I74: =100 * I30/I$89 -> 0.3289546 | J74: =100 * J30/J$89 -> 0.31320412 | K74: =100 * K30/K$89 -> 0.37719678 | L74: =100 * L30/L$89 -> 0.42333669 | M74: =100 * M30/M$89 -> 0.41749416 | ... Q74: =100 * Q30/Q$89 -> 0.16557362 | R74: =100 * SUM(H30:L30) / SUM(H$89:L$89) -> 0.37477946 | S74: =100 * SUM(H30:Q30)/SUM(H$89:Q$89) -> 0.3305631
A76: Effects of Those Provisionsa
B77: Policy changes | F77: =100 * F33/F$89 -> 0 | G77: =100 * G33/G$89 -> 0 | H77: =100 * H33/H$89 -> 0 | I77: =100 * I33/I$89 -> 0.68870597 | J77: =100 * J33/J$89 -> 0.65654451 | K77: =100 * K33/K$89 -> 0.61460768 | L77: =100 * L33/L$89 -> 0.5831726 | M77: =100 * M33/M$89 -> 0.55644285 | ... Q77: =100 * Q33/Q$89 -> 0.4676624 | R77: =100 * SUM(H33:L33) / SUM(H$89:L$89) -> 0.51797071 | S77: =100 * SUM(H33:Q33)/SUM(H$89:Q$89) -> 0.51271328
B78: Debt service | F78: =100 * F34/F$89 -> 0 | G78: =100 * G34/G$89 -> 0 | H78: =100 * H34/H$89 -> 0 | I78: =100 * I34/I$89 -> 0.0068181891 | J78: =100 * J34/J$89 -> 0.018448901 | K78: =100 * K34/K$89 -> 0.034049265 | L78: =100 * L34/L$89 -> 0.065373648 | M78: =100 * M34/M$89 -> 0.10021536 | ... Q78: =100 * Q34/Q$89 -> 0.20969982 | R78: =100 * SUM(H34:L34) / SUM(H$89:L$89) -> 0.026610745 | S78: =100 * SUM(H34:Q34)/SUM(H$89:Q$89) -> 0.10070828
F79: _ | G79: _ | H79: _ | I79: _ | J79: _ | K79: _ | L79: _ | M79: _ | N79: _ | O79: _ | P79: _ | Q79: _ | R79: _ | S79: _
C80: Total Effects | F80: =100 * F36/F$89 -> 0 | G80: =100 * G36/G$89 -> 0 | H80: =100 * H36/H$89 -> 0 | I80: =100 * I36/I$89 -> 0.69552416 | J80: =100 * J36/J$89 -> 0.67499341 | K80: =100 * K36/K$89 -> 0.64865694 | L80: =100 * L36/L$89 -> 0.64854625 | M80: =100 * M36/M$89 -> 0.6566582 | ... Q80: =100 * Q36/Q$89 -> 0.67736222 | R80: =100 * SUM(H36:L36) / SUM(H$89:L$89) -> 0.54458145 | S80: =100 * SUM(H36:Q36)/SUM(H$89:Q$89) -> 0.61342156
A82: Total Deficit | F82: =100 * F38/F$89 -> -8.9135201 | G82: =100 * G38/G$89 -> -8.503183 | H82: =100 * H38/H$89 -> -6.2132903 | I82: =100 * I38/I$89 -> -3.1547525 | J82: =100 * J38/J$89 -> -1.5617177 | K82: =100 * K38/K$89 -> -1.128535 | L82: =100 * L38/L$89 -> -1.4572908 | M82: =100 * M38/M$89 -> -1.1509442 | ... Q82: =100 * Q38/Q$89 -> -1.1695791 | R82: =100 * SUM(H38:L38) / SUM(H$89:L$89) -> -2.5933893 | S82: =100 * SUM(H38:Q38)/SUM(H$89:Q$89) -> -1.7825401
A84: Debt Held by the Public
A85: at the End of the Year | F85: =100 * F41/F$89 -> 62.148695 | G85: =100 * G41/G$89 -> 67.333967 | H85: =100 * H41/H$89 -> 71.203498 | I85: =100 * I41/I$89 -> 72.758035 | J85: =100 * J41/J$89 -> 71.567808 | K85: =100 * K41/K$89 -> 68.731577 | L85: =100 * L41/L$89 -> 67.189517 | M85: =100 * M41/M$89 -> 65.753956 | ... Q85: =100 * Q41/Q$89 -> 61.020414 | R85: n.a. | S85: n.a.
A87: Memorandum:
A88: Gross Domestic Product
A89: (Billions of dollars) | F89: 14511.875 | G89: 15095.075 | H89: 15663.455 | I89: 16181.564 | J89: 16974.234 | K89: 18132.445 | L89: 19109.848 | M89: 20027.825 | N89: 20947.592 | O89: 21901.007 | P89: 22856.221 | Q89: 23829.883 | R89: 86061.547 | S89: 195624.07
A92: Source: Congressional Budget Office.
A94: Note: n.a. = not applicable.
A96: Notes: The Budget Control Act of 2011 (Public Law 112-25) created the Joint Select Committee on Deficit Reduction to propose further deficit reduction totaling at least $1.5 trillion over 10 years. The act also specified automatic procedures for reducing spending by as much as $1.2 trillion if legislation originating with the new deficit reduction committee does not achieve savings of at least $1.2 trillion. CBO has incorporated that amount of deficit reduction (which include savings in debt-service costs) in its baseline but has no basis for allocating that amount between revenues and outlays. Policy changes were allocated evenly across the 2013–2021 period; the incremental increase in the annual effects results from the compounding of debt-service savings.
A103: n.a. = not applicable; * = between 0 and 0.05 percent.
A105: a. | B105: Positive numbers indicate a decrease in the deficit.

Sheet CBO mandatory spending
A2: Table 1-4.
A3: CBO’s Baseline Projections of Mandatory Spendinga
A4: (Outlays, in billions of dollars)
R5: Total
F6: Actual, | R6: 2012- | S6: 2012-
F7: 2010 | G7: 2011 | H7: 2012 | I7: 2013 | J7: 2014 | K7: 2015 | L7: 2016 | M7: 2017 | N7: 2018 | O7: 2019 | P7: 2020 | Q7: 2021 | R7: 2016 | S7: 2021
A9: Social Security | F9: 700.752 | G9: 725.591 | H9: 768.676 | I9: 811.821 | J9: 853.288 | K9: 896.746 | L9: 945.469 | M9: 1001.387 | N9: 1063.357 | O9: 1131.017 | P9: 1202.678 | Q9: 1276.081 | R9: =SUM(H9:L9) -> 4276 | S9: =SUM(H9:Q9) -> 9950.52
A11: Health Care Programs
B12: Medicarea | F12: 520.486 | G12: 555.434 | H12: 555.321 | I12: 597.829 | J12: 631.62 | K12: 662.078 | L12: 717.59 | M12: 746.47 | N12: 776.779 | O12: 844.663 | P12: 902.589 | Q12: 966.14 | R12: =SUM(H12:L12) -> 3164.438 | S12: =SUM(H12:Q12) -> 7401.079
B13: Medicaid | F13: 272.771 | G13: 274.399 | H13: 259.436 | I13: 275.935 | J13: 324.531 | K13: 364.213 | L13: 403.677 | M13: 430.294 | N13: 455.186 | O13: 486.266 | P13: 520.068 | Q13: 561.365 | R13: =SUM(H13:L13) -> 1627.792 | S13: =SUM(H13:Q13) -> 4080.971
B14: Health insurance subsidies,
C15: exchanges, and related
C16: spending | F16: 0.001 | G16: 0.023 | H16: 0.575 | I16: 0.838 | J16: 16.201 | K16: 34.533 | L16: 56.285 | M16: 70.386 | N16: 78.862 | O16: 84.9 | P16: 90.488 | Q16: 96.354 | R16: =SUM(H16:L16) -> 108.432 | S16: =SUM(H16:Q16) -> 529.422
B17: MERHCF | F17: 8.429 | G17: 8.618 | H17: 8.858 | I17: 9.553 | J17: 10.317 | K17: 11.008 | L17: 11.736 | M17: 12.534 | N17: 13.384 | O17: 14.286 | P17: 15.271 | Q17: 16.279 | R17: =SUM(H17:L17) -> 51.472 | S17: =SUM(H17:Q17) -> 123.226
B18: Children's Health Insurance
C19: Program | F19: 7.887 | G19: 8.635 | H19: 8.858 | I19: 9.258 | J19: 8.984 | K19: 9.591 | L19: 9.728 | M19: 8.049 | N19: 6 | O19: 5.72 | P19: 5.685 | Q19: 5.72 | R19: =SUM(H19:L19) -> 46.419 | S19: =SUM(H19:Q19) -> 77.593
B20: Other | F20: 0.855 | G20: 4.955 | H20: 7.667 | I20: 7.485 | J20: 13.683 | K20: 26.694 | L20: 24.265 | M20: 26.253 | N20: 26.419 | O20: 30.543 | P20: 34.88 | Q20: 37.967 | R20: =SUM(H20:L20) -> 79.794 | S20: =SUM(H20:Q20) -> 235.856
F21: __ | G21: __ | H21: __ | I21: __ | J21: __ | K21: __ | L21: __ | M21: __ | N21: __ | O21: __ | P21: __ | Q21: __ | R21: __ | S21: __
D22: Subtotal | F22: =SUM(F12:F20) -> 810.429 | G22: =SUM(G12:G20) -> 852.064 | H22: =SUM(H12:H20) -> 840.715 | I22: =SUM(I12:I20) -> 900.898 | J22: =SUM(J12:J20) -> 1005.336 | K22: =SUM(K12:K20) -> 1108.117 | L22: =SUM(L12:L20) -> 1223.281 | M22: =SUM(M12:M20) -> 1293.986 | ... Q22: =SUM(Q12:Q20) -> 1683.825 | R22: =SUM(H22:L22) -> 5078.347 | S22: =SUM(H22:Q22) -> 12448.147
A24: Income Security
B25: SNAP | F25: 70.366 | G25: 76.856 | H25: 80.145 | I25: 80.151 | J25: 74.504 | K25: 73.259 | L25: 72.091 | M25: 70.611 | N25: 69.031 | O25: 67.61 | P25: 66.843 | Q25: 65.81 | R25: =SUM(H25:L25) -> 380.15 | S25: =SUM(H25:Q25) -> 720.055
B26: Unemployment compensation | F26: 158.73 | G26: 120.043 | H26: 77.324 | I26: 60.453 | J26: 62.27 | K26: 57.844 | L26: 50.925 | M26: 51.531 | N26: 53.242 | O26: 55.349 | P26: 57.769 | Q26: 60.306 | R26: =SUM(H26:L26) -> 308.816 | S26: =SUM(H26:Q26) -> 587.013
B27: Supplemental Security Income | F27: 47.286 | G27: 52.862 | H27: 46.615 | I27: 53.009 | J27: 54.326 | K27: 55.345 | L27: 61.546 | M27: 57.924 | N27: 54.13 | O27: 60.992 | P27: 62.689 | Q27: 64.437 | R27: =SUM(H27:L27) -> 270.841 | S27: =SUM(H27:Q27) -> 571.013
B28: Earned income and child tax credits | F28: 77.371 | G28: 78.36 | H28: 79.453 | I28: 79.465 | J28: 46.603 | K28: 45.62 | L28: 44.25 | M28: 43.835 | N28: 44.098 | O28: 44.517 | P28: 45.083 | Q28: 46 | R28: =SUM(H28:L28) -> 295.391 | S28: =SUM(H28:Q28) -> 518.924
B29: Family supportb | F29: 27.758 | G29: 26.577 | H29: 25.497 | I29: 24.996 | J29: 24.718 | K29: 24.779 | L29: 24.844 | M29: 24.915 | N29: 24.991 | O29: 25.068 | P29: 25.145 | Q29: 25.225 | R29: =SUM(H29:L29) -> 124.834 | S29: =SUM(H29:Q29) -> 250.178
B30: Child nutrition | F30: 17.477 | G30: 18.378 | H30: 19.452 | I30: 20.54 | J30: 21.475 | K30: 22.382 | L30: 23.399 | M30: 24.479 | N30: 25.564 | O30: 26.694 | P30: 27.86 | Q30: 29.151 | R30: =SUM(H30:L30) -> 107.248 | S30: =SUM(H30:Q30) -> 240.996
B31: Foster care | F31: 6.974 | G31: 6.823 | H31: 6.904 | I31: 7.143 | J31: 7.57 | K31: 7.78 | L31: 8.014 | M31: 8.28 | N31: 8.605 | O31: 8.958 | P31: 9.342 | Q31: 9.736 | R31: =SUM(H31:L31) -> 37.411 | S31: =SUM(H31:Q31) -> 82.332
B32: Making Work Pay and other tax creditsc | F32: 31.522 | G32: 23.755 | H32: 4.804 | I32: 5 | J32: 0.078 | K32: 0.078 | L32: 0.078 | M32: 0.078 | N32: 0.077 | O32: 0.076 | P32: 0.074 | Q32: 0.073 | R32: =SUM(H32:L32) -> 10.038 | S32: =SUM(H32:Q32) -> 10.416
F33: ___ | G33: ___ | H33: ___ | I33: ___ | J33: ___ | K33: ___ | L33: ___ | M33: ___ | N33: ___ | O33: ___ | P33: ___ | Q33: ___ | R33: ___ | S33: ___
D34: Subtotal | F34: =SUM(F25:F32) -> 437.484 | G34: =SUM(G25:G32) -> 403.654 | H34: =SUM(H25:H32) -> 340.194 | I34: =SUM(I25:I32) -> 330.757 | J34: =SUM(J25:J32) -> 291.544 | K34: =SUM(K25:K32) -> 287.087 | L34: =SUM(L25:L32) -> 285.147 | M34: =SUM(M25:M32) -> 281.653 | ... Q34: =SUM(Q25:Q32) -> 300.738 | R34: =SUM(H34:L34) -> 1534.729 | S34: =SUM(H34:Q34) -> 2980.927
A36: Federal Civilian and Military Retirement
B37: Civiliand | F37: 81.559 | G37: 83.337 | H37: 86.737 | I37: 89.524 | J37: 92.286 | K37: 94.818 | L37: 97.704 | M37: 100.813 | N37: 104.397 | O37: 107.976 | P37: 111.597 | Q37: 115.374 | R37: =SUM(H37:L37) -> 461.069 | S37: =SUM(H37:Q37) -> 1001.226
B38: Military | F38: 50.585 | G38: 54.74 | H38: 48.686 | I38: 53.787 | J38: 54.681 | K38: 55.61 | L38: 61.098 | M38: 58.347 | N38: 55.136 | O38: 61.304 | P38: 63.131 | Q38: 65.059 | R38: =SUM(H38:L38) -> 273.862 | S38: =SUM(H38:Q38) -> 576.839
B39: Other | F39: 6.243 | G39: 6.355 | H39: 7.079 | I39: 7.458 | J39: 7.883 | K39: 8.398 | L39: 9.254 | M39: 9.268 | N39: 9.795 | O39: 10.271 | P39: 10.699 | Q39: 11.441 | R39: =SUM(H39:L39) -> 40.072 | S39: =SUM(H39:Q39) -> 91.546
F40: ___ | G40: ___ | H40: ___ | I40: ___ | J40: ___ | K40: ___ | L40: ___ | M40: ___ | N40: ___ | O40: ___ | P40: ___ | Q40: ___ | R40: ___ | S40: ___
D41: Subtotal | F41: =SUM(F37:F39) -> 138.387 | G41: =SUM(G37:G39) -> 144.432 | H41: =SUM(H37:H39) -> 142.502 | I41: =SUM(I37:I39) -> 150.769 | J41: =SUM(J37:J39) -> 154.85 | K41: =SUM(K37:K39) -> 158.826 | L41: =SUM(L37:L39) -> 168.056 | M41: =SUM(M37:M39) -> 168.428 | ... Q41: =SUM(Q37:Q39) -> 191.874 | R41: =SUM(H41:L41) -> 775.003 | S41: =SUM(H41:Q41) -> 1669.611
A43: Veteranse
B44: Income security | F44: 49.158 | G44: 59 | H44: 59.942 | I44: 58.746 | J44: 59.987 | K44: 61.117 | L44: 67.3 | M44: 63.662 | N44: 59.927 | O44: 66.503 | P44: 67.942 | Q44: 69.342 | R44: =SUM(H44:L44) -> 307.092 | S44: =SUM(H44:Q44) -> 634.468
B45: Other | F45: 9.109 | G45: 11.915 | H45: 11.279 | I45: 11.852 | J45: 12.602 | K45: 13.2 | L45: 14.108 | M45: 14.462 | N45: 15.025 | O45: 15.9 | P45: 16.71 | Q45: 17.564 | R45: =SUM(H45:L45) -> 63.041 | S45: =SUM(H45:Q45) -> 142.702
F46: __ | G46: __ | H46: __ | I46: __ | J46: __ | K46: __ | L46: __ | M46: __ | N46: __ | O46: __ | P46: __ | Q46: __ | R46: __ | S46: __
D47: Subtotal | F47: =SUM(F44:F45) -> 58.267 | G47: =SUM(G44:G45) -> 70.915 | H47: =SUM(H44:H45) -> 71.221 | I47: =SUM(I44:I45) -> 70.598 | J47: =SUM(J44:J45) -> 72.589 | K47: =SUM(K44:K45) -> 74.317 | L47: =SUM(L44:L45) -> 81.408 | M47: =SUM(M44:M45) -> 78.124 | ... Q47: =SUM(Q44:Q45) -> 86.906 | R47: =SUM(H47:L47) -> 370.133 | S47: =SUM(H47:Q47) -> 777.17
A49: Other Programs
B50: TARP | F50: -109.627 | G50: -39.258 | H50: 15.636 | I50: 2.87 | J50: 1.841 | K50: 1.155 | L50: 0.743 | M50: 0.45 | N50: 0.033 | O50: 0.021 | P50: 0.015 | Q50: 0.015 | R50: =SUM(H50:L50) -> 22.245 | S50: =SUM(H50:Q50) -> 22.779
B51: Fannie Mae and Freddie Macf | F51: 40.458 | G51: 5.2 | H51: 7.3 | I51: 6.2 | J51: 3.9 | K51: 4.1 | L51: 4.1 | M51: 4.4 | N51: 4.9 | O51: 5.3 | P51: 5.5 | Q51: 5.6 | R51: =SUM(H51:L51) -> 25.6 | S51: =SUM(H51:Q51) -> 51.3
B52: Deposit insurance | F52: -32.066 | G52: -6.279 | H52: 4.291 | I52: 2.948 | J52: -10.413 | K52: -12.22 | L52: -14.342 | M52: -17.276 | N52: -19.867 | O52: -10.911 | P52: -10.692 | Q52: -11.752 | R52: =SUM(H52:L52) -> -29.736 | S52: =SUM(H52:Q52) -> -100.234
B53: Higher education | F53: -12.348 | G53: -30.298 | H53: -4.187 | I53: -8.394 | J53: -8.038 | K53: -7.982 | L53: -2.59 | M53: 2.28 | N53: 4.847 | O53: 4.933 | P53: 4.794 | Q53: 4.416 | R53: =SUM(H53:L53) -> -31.191 | S53: =SUM(H53:Q53) -> -9.921
B54: Agriculture | F54: 15.063 | G54: 14.792 | H54: 12.737 | I54: 18.756 | J54: 15.912 | K54: 15.352 | L54: 15.468 | M54: 15.244 | N54: 15.323 | O54: 15.38 | P54: 15.513 | Q54: 15.633 | R54: =SUM(H54:L54) -> 78.225 | S54: =SUM(H54:Q54) -> 155.318
B55: Other | F55: 49.518 | G55: 72.669 | H55: 59.754 | I55: 54.969 | J55: 52.904 | K55: 51.13 | L55: 50.89 | M55: 48.587 | N55: 48.771 | O55: 47.747 | P55: 45.993 | Q55: 45.752 | R55: =SUM(H55:L55) -> 269.647 | S55: =SUM(H55:Q55) -> 506.497
F56: __ | G56: __ | H56: __ | I56: __ | J56: __ | K56: __ | L56: __ | M56: __ | N56: __ | O56: __ | P56: __ | Q56: __ | R56: __ | S56: __
D57: Subtotal | F57: =SUM(F50:F55) -> -49.002 | G57: =SUM(G50:G55) -> 16.826 | H57: =SUM(H50:H55) -> 95.531 | I57: =SUM(I50:I55) -> 77.349 | J57: =SUM(J50:J55) -> 56.106 | K57: =SUM(K50:K55) -> 51.535 | L57: =SUM(L50:L55) -> 54.269 | M57: =SUM(M50:M55) -> 53.685 | ... Q57: =SUM(Q50:Q55) -> 59.664 | R57: =SUM(H57:L57) -> 334.79 | S57: =SUM(H57:Q57) -> 625.739
R61: Total
F62: Actual, | R62: 2012- | S62: 2012-
F63: 2010 | G63: 2011 | H63: 2012 | I63: 2013 | J63: 2014 | K63: 2015 | L63: 2016 | M63: 2017 | N63: 2018 | O63: 2019 | P63: 2020 | Q63: 2021 | R63: 2016 | S63: 2021
A65: Offsetting Receipts
B66: Medicareg | F66: -74.009 | G66: -78.858 | H66: -83.869 | I66: -85.739 | J66: -90.116 | K66: -96.863 | L66: -104.894 | M66: -113.773 | N66: -122.703 | O66: -132.053 | P66: -137.991 | Q66: -147.702 | R66: =SUM(H66:L66) -> -461.481 | S66: =SUM(H66:Q66) -> -1115.703
B67: Federal share of federal
C68: employees' retirement | F68: -61.425 | G68: -63.87 | H68: -64.648 | I68: -65.446 | J68: -67.469 | K68: -70.072 | L68: -72.981 | M68: -75.976 | N68: -80.135 | O68: -83.507 | P68: -86.919 | Q68: -90.436 | R68: =SUM(H68:L68) -> -340.616 | S68: =SUM(H68:Q68) -> -757.589
B69: Other | F69: -47.983 | G69: -48.096 | H69: -54.57 | I69: -61.846 | J69: -64.79 | K69: -69.833 | L69: -69.138 | M69: -71.624 | N69: -74.641 | O69: -77.295 | P69: -77.385 | Q69: -78.906 | R69: =SUM(H69:L69) -> -320.177 | S69: =SUM(H69:Q69) -> -700.028
F70: ___ | G70: ___ | H70: ___ | I70: ___ | J70: ___ | K70: ___ | L70: ___ | M70: ___ | N70: ___ | O70: ___ | P70: ___ | Q70: ___ | R70: ___ | S70: ___
D71: Subtotal | F71: =SUM(F66:F69) -> -183.417 | G71: =SUM(G66:G69) -> -190.824 | H71: =SUM(H66:H69) -> -203.087 | I71: =SUM(I66:I69) -> -213.031 | J71: =SUM(J66:J69) -> -222.375 | K71: =SUM(K66:K69) -> -236.768 | L71: =SUM(L66:L69) -> -247.013 | M71: =SUM(M66:M69) -> -261.373 | ... Q71: =SUM(Q66:Q69) -> -317.044 | R71: =SUM(H71:L71) -> -1122.274 | S71: =SUM(H71:Q71) -> -2573.32
E73: Total Mandatory
E74: Spending | F74: =SUM(F9,F22,F34,F41,F47,F57,F71) -> 1912.9 | G74: =SUM(G9,G22,G34,G41,G47,G57,G71) -> 2022.658 | H74: =SUM(H9,H22,H34,H41,H47,H57,H71) -> 2055.752 | I74: =SUM(I9,I22,I34,I41,I47,I57,I71) -> 2129.161 | J74: =SUM(J9,J22,J34,J41,J47,J57,J71) -> 2211.338 | K74: =SUM(K9,K22,K34,K41,K47,K57,K71) -> 2339.86 | L74: =SUM(L9,L22,L34,L41,L47,L57,L71) -> 2510.617 | M74: =SUM(M9,M22,M34,M41,M47,M57,M71) -> 2615.89 | ... Q74: =SUM(Q9,Q22,Q34,Q41,Q47,Q57,Q71) -> 3282.044 | R74: =SUM(H74:L74) -> 11246.728 | S74: =SUM(H74:Q74) -> 25878.794
A76: Memorandum:
A77: Mandatory Spending Excluding
A78: Offsetting Receipts | F78: =F74 - F71 -> 2096.317 | G78: =G74 - G71 -> 2213.482 | H78: =H74 - H71 -> 2258.839 | I78: =I74 - I71 -> 2342.192 | J78: =J74 - J71 -> 2433.713 | K78: =K74 - K71 -> 2576.628 | L78: =L74 - L71 -> 2757.63 | M78: =M74 - M71 -> 2877.263 | ... Q78: =Q74 - Q71 -> 3599.088 | R78: =SUM(H78:L78) -> 12369.002 | S78: =SUM(H78:Q78) -> 28452.114
A80: Medicare Spending Net of
A81: Offsetting Receipts | F81: =F12 + F66 -> 446.477 | G81: =G12 + G66 -> 476.576 | H81: =H12 + H66 -> 471.452 | I81: =I12 + I66 -> 512.09 | J81: =J12 + J66 -> 541.504 | K81: =K12 + K66 -> 565.215 | L81: =L12 + L66 -> 612.696 | M81: =M12 + M66 -> 632.697 | ... Q81: =Q12 + Q66 -> 818.438 | R81: =SUM(H81:L81) -> 2702.957 | S81: =SUM(H81:Q81) -> 6285.376
A84: Source: Congressional Budget Office.
A86: Notes:Projections over the 2012–2021 period do not include the effect of any potential changes that may occur as a result of provisions related to the Joint Select Committee on Deficit Reduction, created by the Budget Control Act of 2011 (Public Law 112-25).
C88: Data on spending for benefit programs in this table generally exclude administrative costs, which are discretionary.
C90: MERHCF = Department of Defense Medicare-Eligible Retiree Health Care Fund (including TRICARE for Life); SNAP = Supplemental Nutrition Assistance Program; TARP = Troubled Asset Relief Program; * = between zero and $500 million.
A92: a. | B92: Excludes offsetting receipts (funds collected by government agencies from other government accounts or from the public in businesslike or market-oriented transactions that are recorded as offsets to outlays).
A94: b. | B94: Includes Temporary Assistance for Needy Families and various programs that involve payments to states for child support enforcement and family support, child care entitlements, and research to benefit children.
A97: c. | B97: Also includes outlays for the first-time homebuyer credit, the American Opportunity Tax Credit, and other tax credits.
A99: d. | B99: Includes Civil Service, Foreign Service, Coast Guard, and other smaller retirement programs as well as annuitants’ health care benefits.
A101: e. | B101: Income security includes veterans’ compensation, pensions, and life insurance programs. Other benefits are primarily education subsidies.
A104: f. | B104: The amounts recorded for 2010 and 2011 reflect cash transfers from the Treasury to Fannie Mae and Freddie Mac. The amounts shown for 2012 through 2021 reflect CBO’s estimate of the subsidy cost of new loans and guarantees made by those two entities in each year, adjusted for market risk.
A107: g. | B107: Includes Medicare premiums and amounts paid by states from savings on Medicaid prescription drug costs.

Sheet CBO alternatives
A2: Table 1-8
A3: Budgetary Effects of Selected Policy Alternatives Not Included in CBO’s Baseline
A4: (Billions of dollars)
O7: Total
O8: 2012- | P8: 2012-
D9: 2011 | E9: 2012 | F9: 2013 | G9: 2014 | H9: 2015 | I9: 2016 | J9: 2017 | K9: 2018 | L9: 2019 | M9: 2020 | N9: 2021 | O9: 2016 | P9: 2021
D11: Policy Alternatives That Affect Discretionary Outlays
A12: Reduce the Number of Troops
A13: Deployed for Certain Types of Overseas
A14: Military Operations to 45,000 by 2015a
B15: Effect on the deficitb | D15: 0 | E15: 18.343 | F15: 52.991 | G15: 85.612 | H15: 112.317 | I15: 128.991 | J15: 136.274 | K15: 141.272 | L15: 145.508 | M15: 148.323 | N15: 152.205 | O15: 398.254 | P15: 1121.836
B16: Debt service | D16: 0 | E16: 0.2054416 | F16: 0.8034245 | G16: 2.1709232 | H16: 4.7757753 | I16: 11.024582 | J16: 19.107472 | K16: 27.462969 | L16: 36.151132 | M16: 45.315598 | N16: 54.976326 | O16: 18.980147 | P16: 201.99364
A18: Increase Discretionary Appropriations
A19: at the Rate of Growth of Nominal GDPc
B20: Effect on the deficitb | D20: 0 | E20: -38.810409 | F20: -75.96776 | G20: -114.70377 | H20: -168.81639 | I20: -221.72932 | J20: -268.84023 | K20: -312.91556 | L20: -356.94098 | M20: -401.64452 | N20: -447.25091 | O20: -620.02765 | P20: -2407.6199
B21: Debt service | D21: 0 | E21: -0.43467658 | F21: -1.341999 | G21: -3.2321805 | H21: -7.0342077 | I21: -17.01269 | J21: -31.383429 | K21: -48.121124 | L21: -67.281938 | M21: -89.294923 | N21: -114.29529 | O21: -29.055754 | P21: -379.43246
A23: Increase Discretionary Appropriations
A24: at the Rate of Inflationd
B25: Effect on the deficitb | D25: 0 | E25: -26.935 | F25: -49.422 | G25: -61.779 | H25: -69.782 | I25: -77.077 | J25: -83.634 | K25: -90.524 | L25: -97.767 | M25: -106.111 | N25: -114.761 | O25: -284.995 | P25: -777.792
B26: Debt service | D26: 0 | E26: -0.301672 | F26: -0.8986898 | G26: -1.9848295 | H26: -3.8431497 | I26: -7.9587467 | J26: -13.193677 | K26: -18.641255 | L26: -24.465198 | M26: -30.875782 | N26: -37.89535 | O26: -14.987088 | P26: -140.05835
A28: Freeze Discretionary Appropriations
A29: at the Level of the Cap for 2013
B30: Effect on the deficitb | D30: 0 | E30: 0 | F30: 0 | G30: 10.883613 | H30: 27.341247 | I30: 46.492793 | J30: 68.374911 | K30: 92.143205 | L30: 117.09577 | M30: 142.53276 | N30: 168.16364 | O30: 84.717654 | P30: 673.02794
B31: Debt service | D31: 0 | E31: 0 | F31: 0 | G31: 0.12407319 | H31: 0.57244531 | I31: 2.2319833 | J31: 5.2424113 | K31: 9.5155261 | L31: 15.087576 | M31: 22.086104 | N31: 30.596882 | O31: 2.9285018 | P31: 85.457001
D33: Policy Alternative That Affects Mandatory Outlays
A34: Maintain Medicare's Payment Rates
A35: for Physicians at the 2011 Levele
B36: Effect on the deficitb | D36: 0 | E36: -12.024 | F36: -19.086 | G36: -22.881 | H36: -26.055 | I36: -28.839 | J36: -31.286 | K36: -33.884 | L36: -37.354 | M36: -41.062 | N36: -45.086 | O36: -108.885 | P36: -297.557
B37: Debt service | D37: 0 | E37: -0.1346688 | F37: -0.3717162 | G37: -0.7827852 | H37: -1.4868591 | I37: -3.043374 | J37: -5.0178922 | K37: -7.0703013 | L37: -9.2807361 | M37: -11.743637 | N37: -14.467536 | O37: -5.8194033 | P37: -53.399506
D39: Policy Alternatives That Affect the Tax Codef
A40: Extend Certain Income Tax and Estate
A41: and Gift Tax Provisions Scheduled to
A42: Expire on December 31, 2012g
B43: Effect on the deficitb | D43: 0 | E43: -2.319 | F43: -107.57646 | G43: -234.159 | H43: -266.454 | I43: -280.011 | J43: -292.237 | K43: -303.488 | L43: -313.3 | M43: -324.925 | N43: -336.61 | O43: -890.51946 | P43: -2461.0795
B44: Debt service | D44: 0 | E44: -0.0259728 | F44: -1.1002557 | G44: -4.5051305 | H44: -10.742609 | I44: -24.744776 | J44: -42.386688 | K44: -60.409157 | L44: -79.203922 | M44: -99.163585 | N44: -120.45233 | O44: -41.118744 | P44: -442.73442
A46: Index the AMT for Inflationh
B47: Effect on the deficitb | D47: 0 | E47: -9.016 | F47: -92.514 | G47: -39.477 | H47: -45.455 | I47: -53.387 | J47: -62.539 | K47: -74.009 | L47: -88.137 | M47: -103.784 | N47: -121.326 | O47: -239.849 | P47: -689.644
B48: Debt service | D48: 0 | E48: -0.1009792 | F48: -1.0529318 | G48: -2.147392 | H48: -3.5740875 | I48: -6.7145824 | J48: -10.798025 | K48: -15.139009 | L48: -20.206425 | M48: -26.155768 | N48: -33.07709 | O48: -13.589973 | P48: -118.96629
A50: Extend Certain Income Tax and Estate
A51: and Gift Tax Provisions Scheduled to
A52: Expire on December 31, 2012, and
A53: Index the AMT for Inflationi
B54: Effect on the deficitb | D54: 0 | E54: -11.335 | F54: -237.50746 | G54: -340.074 | H54: -385.307 | I54: -414.363 | J54: -443.606 | K54: -475.636 | L54: -509.441 | M54: -546.422 | N54: -585.56 | O54: -1388.5865 | P54: -3949.2515
B55: Debt service | D55: 0 | E55: -0.126952 | F55: -2.5236158 | G55: -8.0347796 | H55: -17.469234 | I55: -38.622281 | J55: -65.577445 | K55: -93.528994 | L55: -123.54309 | M55: -156.28391 | N55: -192.05856 | O55: -66.776863 | P55: -697.76887
A57: Extend Other Expiring Tax Provisionsj
B58: Effect on the deficitb | D58: 0 | E58: -12.50574 | F58: -76.895397 | G58: -113.26057 | H58: -100.1658 | I58: -87.406479 | J58: -79.895576 | K58: -75.213836 | L58: -71.606104 | M58: -71.287959 | N58: -73.104453 | O58: -390.23399 | P58: -761.34191
B59: Debt service | D59: 0 | E59: -0.14006429 | F59: -0.95135168 | G59: -2.7866706 | H59: -5.6202583 | I59: -11.021083 | J59: -17.046268 | K59: -22.421166 | L59: -27.610022 | M59: -32.867639 | N59: -38.321887 | O59: -20.519428 | P59: -158.78641
O64: Total
O65: 2012- | P65: 2012-
D66: 2011 | E66: 2012 | F66: 2013 | G66: 2014 | H66: 2015 | I66: 2016 | J66: 2017 | K66: 2018 | L66: 2019 | M66: 2020 | N66: 2021 | O66: 2016 | P66: 2021
A68: Memorandum:
A69: Total Outlays for Operations in
A70: Afghanistan and Iraq and for Similar
A71: Activities in CBO's Baseline | D71: 165.377 | E71: 165.506 | F71: 166.44 | G71: 166.256 | H71: 166.802 | I71: 169.644 | J71: 171.873 | K71: 174.295 | L71: 178.508 | M71: 182.323 | N71: 186.205 | O71: 834.648 | P71: 1727.852
A73: Total Deficit in CBO's Baseline | D73: -1283.5619 | E73: -973.21592 | F73: -510.48831 | G73: -265.08962 | H73: -204.631 | I73: -278.48606 | J73: -230.50909 | K73: -210.6971 | L73: -258.73007 | M73: -276.52106 | N73: -278.70933 | O73: -2231.9109 | P73: -3487.0776
A76: Sources: Congressional Budget Office; Joint Committee on Taxation.
A78: Notes: Positive numbers indicate a reduction in the deficit.
A80: * = between -$500 million and $500 million; GDP = gross domestic product; AMT = alternative minimum tax.
A82: a. | C82: This alternative does not extrapolate the $159 billion in budget authority for military operations and associated costs in Afghanistan and Iraq provided for 2011. However, it incorporates the assumption that future funding for operations in Afghanistan, Iraq, or elsewhere would total $118 billion in 2012, $82 billion in 2013, $54 billion in 2014, and about $35 billion a year from 2015 on—for a total of $493 billion over the 2012–2021 period.
A87: b. | C87: Excluding debt service.
A89: c. | C89: Under this alternative, appropriations for 2011 for operations in Afghanistan and Iraq are assumed to grow at the rate of inflation from their 2011 level.
A92: d. | C92: Under this alternative, discretionary funding related to federal personnel is inflated using the employment cost index for wages and salaries. All other discretionary funding is adjusted using the GDP price index. These estimates are relative to CBO’s August 2011 baseline, which incorporates the establishment of caps by the Budget Control Act of 2011 (Public Law 112-25).
A97: e. | C97: The estimates reflect the budgetary impact of this alternative relative to CBO’s March 2011 baseline rather than its August 2011 baseline. It is unlikely that the estimated budgetary impact would change significantly if it were updated and measured relative to the August baseline.
A101: f. | C101: The estimates are from CBO and the staff of the Joint Committee on Taxation and are preliminary.
A103: g. | C103: This alternative incorporates the assumption that legislative action extends title I of the Tax Relief, Unemployment Insurance Reauthorization, and Job Creation Act of 2010 (P.L. 111-312, which extended for 2011 and 2012 income tax provisions enacted in 2001, 2003, and 2009) and title III of that act (which modified estate and gift taxation for 2010 through 2012). It does not incorporate the assumption that the AMT is indexed for inflation; the effects of that alternative are shown separately.
A109: h. | C109: This alternative incorporates the assumption that the exemption amount for the AMT (which was increased through the end of 2011) is extended at its higher amount and, together with the AMT tax brackets, is indexed for inflation after 2011. In addition, the treatment of nonrefundable personal credits (which also was continued through the end of 2011) is assumed to be extended.
A114: i. | C114: The combination of extending certain income tax provisions scheduled to expire on December 31, 2012, and indexing the AMT for inflation reduces revenues by more than the sum of those alternatives considered alone. The total shown here includes an additional revenue loss of $799 billion over the 2013–2021 period that results from the interaction of the two policies.
A119: j. | C119: These estimates include the impact of extending about 80 expiring provisions. Many of those credits are set to expire at the end of 2011, and many have been extended previously, such as the research and experimentation tax credit. The additional first-year depreciation deduction of 50 percent for business equipment is set to expire at the end of 2012.

Sheet LTBO
A2: Supplemental data
A4: CBO's Long-Term Budget Outlook (June 2011)
A6: Figure 1-1. Primary Spending and Revenues, by Category, Under CBO’s Long-Term Budget Scenarios
A7: (Percentage of gross domestic product)
B9: Extended-Baseline Scenario | H9: Alternative Fiscal Scenario
A10: Fiscal Year | B10: Social Security | C10: Medicare, Medicaid, CHIP, and Exchange Subsidies | D10: Other Noninterest Spending | E10: Total Primary Spending | F10: Revenues | H10: Social Security | I10: Medicare, Medicaid, CHIP, and Exchange Subsidies | J10: Other Noninterest Spending | K10: Total Primary Spending | L10: Revenues
A12: 2000 | B12: 4.1 | C12: 3.4 | D12: 8.4 | E12: 15.9 | F12: 20.6 | H12: 4.1 | I12: 3.4 | J12: 8.4 | K12: 15.9 | L12: 20.6
A13: 2001 | B13: 4.2 | C13: 3.6 | D13: 8.4 | E13: 16.2 | F13: 19.5 | H13: 4.2 | I13: 3.6 | J13: 8.4 | K13: 16.2 | L13: 19.5
A14: 2002 | B14: 4.3 | C14: 3.8 | D14: 9.4 | E14: 17.5 | F14: 17.6 | H14: 4.3 | I14: 3.8 | J14: 9.4 | K14: 17.5 | L14: 17.6
A15: 2003 | B15: 4.3 | C15: 4 | D15: 10 | E15: 18.3 | F15: 16.2 | H15: 4.3 | I15: 4 | J15: 10 | K15: 18.3 | L15: 16.2
A16: 2004 | B16: 4.2 | C16: 4.1 | D16: 10 | E16: 18.3 | F16: 16.1 | H16: 4.2 | I16: 4.1 | J16: 10 | K16: 18.3 | L16: 16.1
A17: 2005 | B17: 4.2 | C17: 4.1 | D17: 10.1 | E17: 18.4 | F17: 17.3 | H17: 4.2 | I17: 4.1 | J17: 10.1 | K17: 18.4 | L17: 17.3
A18: 2006 | B18: 4.1 | C18: 4.2 | D18: 10.1 | E18: 18.4 | F18: 18.2 | H18: 4.1 | I18: 4.2 | J18: 10.1 | K18: 18.4 | L18: 18.2
A19: 2007 | B19: 4.2 | C19: 4.5 | D19: 9.2 | E19: 17.9 | F19: 18.5 | H19: 4.2 | I19: 4.5 | J19: 9.2 | K19: 17.9 | L19: 18.5
A20: 2008 | B20: 4.3 | C20: 4.6 | D20: 10.1 | E20: 19 | F20: 17.5 | H20: 4.3 | I20: 4.6 | J20: 10.1 | K20: 19 | L20: 17.5
A21: 2009 | B21: 4.8 | C21: 5.3 | D21: 13.5 | E21: 23.6 | F21: 14.9 | H21: 4.8 | I21: 5.3 | J21: 13.5 | K21: 23.6 | L21: 14.9
A22: 2010 | B22: 4.8 | C22: 5.5 | D22: 12.2 | E22: 22.5 | F22: 14.9 | H22: 4.8 | I22: 5.5 | J22: 12.2 | K22: 22.5 | L22: 14.9
A23: 2011 | B23: 4.8 | C23: 5.6 | D23: 12.3 | E23: 22.7 | F23: 14.8 | H23: 4.8 | I23: 5.6 | J23: 12.3 | K23: 22.7 | L23: 14.8
... A47: 2035 | B47: 6.1 | C47: 9.4 | D47: 7.8 | E47: 23.3 | F47: 23.2 | H47: 6.1 | I47: 10.3 | J47: 8.5 | K47: 25 | L47: 18.4
E49: 2021–35 revenue growth rate | F49: =(F47/F33) ^ (1/14) - 1 -> 0.0078304483

Sheet LTBO extended baseline
A2: Supplemental data
A4: CBO's Long-Term Budget Outlook (June 2011)
A6: Summary Data for the Extended-Baseline Scenario
A7: (Percentage of gross domestic product)
C9: Outlays | K9: Memorandum:
A10: Fiscal Year | B10: Revenues | C10: Social Security | D10: Medicare, Medicaid, CHIP, and Exchange Subsidiesa | E10: Other Noninterest Spendingb | F10: Total Noninterest Spending | G10: Net Interest | H10: Total Spending | I10: Debt | K10: Medicare Offsetting Receiptsc
A12: 2011 | B12: 14.8 | C12: 4.8 | D12: 5.6 | E12: 12.3 | F12: 22.7 | G12: 1.4 | H12: 24.1 | I12: 69 | K12: -0.5
A13: 2012 | B13: 16.3 | C13: 4.8 | D13: 5.3 | E13: 11.4 | F13: 21.6 | G13: 1.6 | H13: 23.2 | I13: 73 | K13: -0.5
A14: 2013 | B14: 18.8 | C14: 4.9 | D14: 5.4 | E14: 10.8 | F14: 21.1 | G14: 2 | H14: 23 | I14: 75 | K14: -0.5
A15: 2014 | B15: 19.9 | C15: 4.9 | D15: 5.7 | E15: 10.1 | F15: 20.6 | G15: 2.3 | H15: 22.9 | I15: 75 | K15: -0.5
A16: 2015 | B16: 20 | C16: 4.9 | D16: 5.9 | E16: 9.7 | F16: 20.4 | G16: 2.5 | H16: 23 | I16: 74 | K16: -0.5
A17: 2016 | B17: 20 | C17: 4.9 | D17: 6.2 | E17: 9.4 | F17: 20.5 | G17: 2.8 | H17: 23.3 | I17: 75 | K17: -0.6
A18: 2017 | B18: 20.3 | C18: 5 | D18: 6.3 | E18: 9 | F18: 20.3 | G18: 3 | H18: 23.3 | I18: 75 | K18: -0.6
A19: 2018 | B19: 20.4 | C19: 5.1 | D19: 6.3 | E19: 8.7 | F19: 20.1 | G19: 3.1 | H19: 23.2 | I19: 75 | K19: -0.6
A20: 2019 | B20: 20.5 | C20: 5.1 | D20: 6.5 | E20: 8.6 | F20: 20.3 | G20: 3.2 | H20: 23.6 | I20: 75 | K20: -0.6
A21: 2020 | B21: 20.6 | C21: 5.2 | D21: 6.7 | E21: 8.5 | F21: 20.4 | G21: 3.3 | H21: 23.7 | I21: 75 | K21: -0.6
A22: 2021 | B22: 20.8 | C22: 5.3 | D22: 6.9 | E22: 8.3 | F22: 20.5 | G22: 3.4 | H22: 23.9 | I22: 76 | K22: -0.6
A23: 2022 | B23: 21 | C23: 5.4 | D23: 7 | E23: 8.2 | F23: 20.7 | G23: 3.5 | H23: 24.1 | I23: 76 | K23: -0.6
... A86: 2085 | B86: 30.6 | C86: 6.4 | D86: 17.2 | E86: 6.7 | F86: 30.4 | G86: 3.7 | H86: 34.1 | I86: 75 | K86: -1.9
B87: =(B86/B22) ^ (1/64) - 1 -> 0.0060502138
A88: a. Outlays for Medicare, Medicaid, CHIP, and exchange subsidies represent gross Medicare spending, federal outlays for Medicaid and CHIP, and outlays for health insurance subsidies provided through the exchanges established by the March 2010 health care legislation. (Net spending for Medicare equals gross Medicare spending less Medicare offsetting receipts.)
A92: b. Other noninterest spending includes Medicare offsetting receipts, which reduce total outlays.
A94: c. Medicare offsetting receipts, which reduce total outlays, consist of Medicare premiums, certain payments by states to Medicare, and amounts paid to providers and recovered.

Sheet LTBO alternative scenario
A2: Supplemental data
A4: CBO's Long-Term Budget Outlook (June 2011)
A6: Summary Data for the Alternative Fiscal Scenario
A7: (Percentage of gross domestic product)
C9: Outlays | K9: Memorandum:
A10: Fiscal Year | B10: Revenues | C10: Social Security | D10: Medicare, Medicaid, CHIP, and Exchange Subsidiesa | E10: Other Noninterest Spendingb | F10: Total Noninterest | G10: Net Interest | H10: Total Spending | I10: Debt | K10: Medicare Offsetting Receiptsc
A12: 2011 | B12: 14.8 | C12: 4.8 | D12: 5.6 | E12: 12.3 | F12: 22.7 | G12: 1.4 | H12: 24.1 | I12: 69 | K12: -0.5
A13: 2012 | B13: 16.2 | C13: 4.8 | D13: 5.4 | E13: 11.5 | F13: 21.7 | G13: 1.7 | H13: 23.4 | I13: 74 | K13: -0.5
A14: 2013 | B14: 17 | C14: 4.9 | D14: 5.5 | E14: 10.8 | F14: 21.2 | G14: 2 | H14: 23.2 | I14: 77 | K14: -0.6
A15: 2014 | B15: 17.5 | C15: 4.9 | D15: 5.8 | E15: 10.1 | F15: 20.8 | G15: 2.4 | H15: 23.1 | I15: 80 | K15: -0.6
A16: 2015 | B16: 17.6 | C16: 4.9 | D16: 6.1 | E16: 9.7 | F16: 20.7 | G16: 2.7 | H16: 23.4 | I16: 82 | K16: -0.6
A17: 2016 | B17: 17.6 | C17: 4.9 | D17: 6.3 | E17: 9.6 | F17: 20.8 | G17: 3.1 | H17: 23.9 | I17: 85 | K17: -0.6
A18: 2017 | B18: 18 | C18: 5 | D18: 6.5 | E18: 9.4 | F18: 20.8 | G18: 3.4 | H18: 24.2 | I18: 87 | K18: -0.6
A19: 2018 | B19: 18.1 | C19: 5.1 | D19: 6.6 | E19: 9.2 | F19: 20.7 | G19: 3.7 | H19: 24.4 | I19: 90 | K19: -0.6
A20: 2019 | B20: 18.2 | C20: 5.1 | D20: 6.7 | E20: 9.2 | F20: 21.1 | G20: 3.9 | H20: 25 | I20: 94 | K20: -0.7
A21: 2020 | B21: 18.3 | C21: 5.2 | D21: 6.9 | E21: 9.1 | F21: 21.3 | G21: 4.2 | H21: 25.5 | I21: 97 | K21: -0.7
A22: 2021 | B22: 18.4 | C22: 5.3 | D22: 7.1 | E22: 9.1 | F22: 21.5 | G22: 4.4 | H22: 25.9 | I22: 101 | K22: -0.7
A23: 2022 | B23: 18.4 | C23: 5.4 | D23: 7.4 | E23: 9 | F23: 21.8 | G23: 4.6 | H23: 26.4 | I23: 105 | K23: -0.7
... A37: 2036 | B37: 18.4 | C37: 6.1 | D37: 10.6 | E37: 8.5 | F37: 25.2 | G37: 9.3 | H37: 34.5 | I37: 195 | K37: -1.1
A38: 2037 | B38: 18.4 | C38: 6.1 | D38: 10.8 | E38: 8.5 | F38: 25.3 | G38: 9.7 | H38: 35.1 | I38: (Greater | K38: -1.1
A39: 2038 | B39: 18.4 | C39: 6.1 | D39: 11 | E39: 8.4 | F39: 25.5 | G39: 10.1 | H39: 35.6 | I39: than 200 | K39: -1.1
A40: 2039 | B40: 18.4 | C40: 6.1 | D40: 11.2 | E40: 8.4 | F40: 25.6 | G40: 10.6 | H40: 36.2 | I40: percent | K40: -1.2
A41: 2040 | B41: 18.4 | C41: 6 | D41: 11.4 | E41: 8.4 | F41: 25.8 | G41: 11.1 | H41: 36.8 | I41: in 2037 | K41: -1.2
A42: 2041 | B42: 18.4 | C42: 6 | D42: 11.5 | E42: 8.3 | F42: 25.9 | G42: 11.5 | H42: 37.4 | I42: and later) | K42: -1.2
A43: 2042 | B43: 18.4 | C43: 6 | D43: 11.7 | E43: 8.3 | F43: 26 | G43: 12 | H43: 38 | K43: -1.2
A44: 2043 | B44: 18.4 | C44: 6 | D44: 11.9 | E44: 8.3 | F44: 26.1 | G44: 12.4 | H44: 38.5 | K44: -1.2
A45: 2044 | B45: 18.4 | C45: 5.9 | D45: 12.1 | E45: 8.3 | F45: 26.2 | G45: 12.8 | H45: 39 | K45: -1.3
A46: 2045 | B46: 18.4 | C46: 5.9 | D46: 12.2 | E46: 8.2 | F46: 26.3 | G46: 13.2 | H46: 39.6 | K46: -1.3
A47: 2046 | B47: 18.4 | C47: 5.9 | D47: 12.4 | E47: 8.2 | F47: 26.5 | G47: 13.7 | H47: 40.2 | K47: -1.3
A48: 2047 | B48: 18.4 | C48: 5.9 | D48: 12.6 | E48: 8.2 | F48: 26.6 | G48: 14.1 | H48: 40.7 | K48: -1.3
A49: 2048 | B49: 18.4 | C49: 5.9 | D49: 12.7 | E49: 8.2 | F49: 26.7 | G49: 14.7 | H49: 41.4 | K49: -1.3
A50: 2049 | B50: 18.4 | C50: 5.9 | D50: 12.9 | E50: 8.1 | F50: 26.9 | G50: 15.2 | H50: 42.1 | K50: -1.4
A51: 2050 | B51: 18.4 | C51: 5.9 | D51: 13 | E51: 8.1 | F51: 27 | G51: 15.8 | H51: 42.8 | K51: -1.4
A52: 2051 | B52: 18.4 | C52: 5.9 | D52: 13.2 | E52: 8.1 | F52: 27.2 | G52: 16.3 | H52: 43.5 | K52: -1.4
A53: 2052 | B53: 18.4 | C53: 5.9 | D53: 13.4 | E53: 8 | F53: 27.3 | G53: 17 | H53: 44.3 | K53: -1.4
A54: 2053 | B54: 18.4 | C54: 5.9 | D54: 13.5 | E54: 8 | F54: 27.5 | G54: 17.6 | H54: 45.1 | K54: -1.4
... A86: 2085 | B86: 18.4 | C86: 6.4 | D86: 19.4 | E86: 7.1 | F86: 32.9 | G86: 43 | H86: 75.9 | K86: -2.2
A88: a. Outlays for Medicare, Medicaid, CHIP, and exchange subsidies represent gross Medicare spending, federal outlays for Medicaid and CHIP, and outlays for health insurance subsidies provided through the exchanges established by the March 2010 health care legislation. (Net spending for Medicare equals gross Medicare spending less Medicare offsetting receipts.)
A92: b. Other noninterest spending includes Medicare offsetting receipts, which reduce total outlays.
A94: c. Medicare offsetting receipts, which reduce total outlays, consist of Medicare premiums, certain payments by states to Medicare, and amounts paid to providers and recovered.

Sheet LTBO economic variables
A2: Supplemental data
A4: CBO's Long-Term Budget Outlook (June 2011)
A6: Economic Variables Underlying the Long-Term Budget Projections
A8: Fiscal Year | B8: Real Wage Growth for Workers Covered by Social Security (Percent) | C8: Growth in Consumer Price Index (Percent) | D8: Nominal Wage Growth for Workers Covered by Social Security (Percent) | E8: Average Real Annual Interest Rate (Percent) | F8: Average Annual Unemployment Rate (Percent) | G8: Real GDP (Fiscal Year, in 2011 dollars)
A10: 2011 | B10: 2.1 | C10: 1.5 | D10: 3.6 | E10: 1.8 | F10: 9.4 | G10: 15000
A11: 2012 | B11: 1 | C11: 1.2 | D11: 2.2 | E11: 2.6 | F11: 8.4 | G11: 15500
A12: 2013 | B12: 1.7 | C12: 1.5 | D12: 3.2 | E12: 2.7 | F12: 7.6 | G12: 16000
A13: 2014 | B13: 2.4 | C13: 1.8 | D13: 4.2 | E13: 2.7 | F13: 6.8 | G13: 16500
A14: 2015 | B14: 1.6 | C14: 2 | D14: 3.5 | E14: 3 | F14: 5.9 | G14: 17100
A15: 2016 | B15: 1.4 | C15: 2.2 | D15: 3.6 | E15: 3.1 | F15: 5.3 | G15: 17700
A16: 2017 | B16: 1.4 | C16: 2.4 | D16: 3.8 | E16: 3 | F16: 5.3 | G16: 18200
A17: 2018 | B17: 2 | C17: 2.4 | D17: 4.4 | E17: 3.1 | F17: 5.3 | G17: 18600
A18: 2019 | B18: 1.9 | C18: 2.3 | D18: 4.2 | E18: 3.1 | F18: 5.2 | G18: 19000
A19: 2020 | B19: 1.4 | C19: 2.3 | D19: 3.8 | E19: 3.1 | F19: 5.2 | G19: 19500
A20: 2021 | B20: 1.3 | C20: 2.3 | D20: 3.7 | E20: 3.1 | F20: 5.2 | G20: 19900
A21: 2022 | B21: 1.2 | C21: 2.4 | D21: 3.5 | E21: 3 | F21: 5.2 | G21: 20400
... A33: 2034 | B33: 1.5 | C33: 2.5 | D33: 4 | E33: 3 | F33: 5 | G33: 26100
A34: 2035 | B34: 1.5 | C34: 2.5 | D34: 4 | E34: 3 | F34: 5 | G34: 26700 | H34: =(G34 / G20) ^ ( 1/14) - 1 -> 0.021217955 | I34: Real 2021-35 GDP growth rate
A35: 2036 | B35: 1.5 | C35: 2.5 | D35: 4 | E35: 3 | F35: 5 | G35: 27300
A36: 2037 | B36: 1.5 | C36: 2.5 | D36: 4 | E36: 3 | F36: 5 | G36: 27800
A37: 2038 | B37: 1.5 | C37: 2.5 | D37: 4 | E37: 3 | F37: 5 | G37: 28400
A38: 2039 | B38: 1.6 | C38: 2.5 | D38: 4.1 | E38: 3 | F38: 5 | G38: 29100
A39: 2040 | B39: 1.4 | C39: 2.5 | D39: 3.9 | E39: 3 | F39: 5 | G39: 29700
A40: 2041 | B40: 1.6 | C40: 2.5 | D40: 4.1 | E40: 3 | F40: 5 | G40: 30400
A41: 2042 | B41: 1.5 | C41: 2.5 | D41: 4 | E41: 3 | F41: 5 | G41: 31100
A42: 2043 | B42: 1.5 | C42: 2.5 | D42: 4 | E42: 3 | F42: 5 | G42: 31800
A43: 2044 | B43: 1.5 | C43: 2.5 | D43: 4 | E43: 3 | F43: 5 | G43: 32500
A44: 2045 | B44: 1.6 | C44: 2.5 | D44: 4.1 | E44: 3 | F44: 5 | G44: 33300
A45: 2046 | B45: 1.5 | C45: 2.5 | D45: 4 | E45: 3 | F45: 5 | G45: 34000
A46: 2047 | B46: 1.5 | C46: 2.5 | D46: 4 | E46: 3 | F46: 5 | G46: 34800
... A84: 2085 | B84: 1.4 | C84: 2.5 | D84: 3.9 | E84: 3 | F84: 5 | G84: 79300
A86: Note: The average annual interest rate is the rate on 10-year government debt. The average effective interest rate on all federal debt is 0.3 percentage points lower.

Sheet new extended
A1: Billions of Dollars
F2: Actual,
F3: 2010 | G3: 2011 | H3: 2012 | I3: 2013 | J3: 2014 | K3: 2015 | L3: 2016 | M3: 2017 | N3: 2018 | O3: 2019 | P3: 2020 | Q3: 2021 | R3: 2022 | S3: 2023 | T3: 2024 | U3: 2025 | V3: 2026 | W3: 2027 | X3: 2028 | Y3: 2029 | Z3: 2030 | AA3: 2031 | AB3: 2032 | AC3: 2033 | AD3: 2034 | AE3: 2035
A4: Revenues
C5: Total Revenues | F5: ='CBO baseline'!F13 -> 2162.7241 | G5: ='CBO baseline'!G13 -> 2313.8351 | H5: ='CBO baseline'!H13 -> 2635.3801 | I5: ='CBO baseline'!I13 -> 3069.106 | J5: ='CBO baseline'!J13 -> 3423.1684 | K5: ='CBO baseline'!K13 -> 3665.2916 | L5: ='CBO baseline'!L13 -> 3846.8717 | M5: ='CBO baseline'!M13 -> 4087.4636 | ... Q5: ='CBO baseline'!Q13 -> 4969.2071
A7: Outlays
C8: Social Security | F8: ='CBO mandatory spending'!F9 -> 700.752 | G8: ='CBO mandatory spending'!G9 -> 725.591 | H8: ='CBO mandatory spending'!H9 -> 768.676 | I8: ='CBO mandatory spending'!I9 -> 811.821 | J8: ='CBO mandatory spending'!J9 -> 853.288 | K8: ='CBO mandatory spending'!K9 -> 896.746 | L8: ='CBO mandatory spending'!L9 -> 945.469 | M8: ='CBO mandatory spending'!M9 -> 1001.387 | ... Q8: ='CBO mandatory spending'!Q9 -> 1276.081
D9: Medicare (gross) | F9: ='CBO mandatory spending'!F12 -> 520.486 | G9: ='CBO mandatory spending'!G12 -> 555.434 | H9: ='CBO mandatory spending'!H12 -> 555.321 | I9: ='CBO mandatory spending'!I12 -> 597.829 | J9: ='CBO mandatory spending'!J12 -> 631.62 | K9: ='CBO mandatory spending'!K12 -> 662.078 | L9: ='CBO mandatory spending'!L12 -> 717.59 | M9: ='CBO mandatory spending'!M12 -> 746.47 | ... Q9: ='CBO mandatory spending'!Q12 -> 966.14
D10: Medicare offsets | F10: ='CBO mandatory spending'!F66 -> -74.009 | G10: ='CBO mandatory spending'!G66 -> -78.858 | H10: ='CBO mandatory spending'!H66 -> -83.869 | I10: ='CBO mandatory spending'!I66 -> -85.739 | J10: ='CBO mandatory spending'!J66 -> -90.116 | K10: ='CBO mandatory spending'!K66 -> -96.863 | L10: ='CBO mandatory spending'!L66 -> -104.894 | M10: ='CBO mandatory spending'!M66 -> -113.773 | ... Q10: ='CBO mandatory spending'!Q66 -> -147.702
C11: Medicare (net) | F11: =SUM(F9:F10) -> 446.477 | G11: =SUM(G9:G10) -> 476.576 | H11: =SUM(H9:H10) -> 471.452 | I11: =SUM(I9:I10) -> 512.09 | J11: =SUM(J9:J10) -> 541.504 | K11: =SUM(K9:K10) -> 565.215 | L11: =SUM(L9:L10) -> 612.696 | M11: =SUM(M9:M10) -> 632.697 | ... Q11: =SUM(Q9:Q10) -> 818.438
C12: Medicaid | F12: ='CBO mandatory spending'!F13 -> 272.771 | G12: ='CBO mandatory spending'!G13 -> 274.399 | H12: ='CBO mandatory spending'!H13 -> 259.436 | I12: ='CBO mandatory spending'!I13 -> 275.935 | J12: ='CBO mandatory spending'!J13 -> 324.531 | K12: ='CBO mandatory spending'!K13 -> 364.213 | L12: ='CBO mandatory spending'!L13 -> 403.677 | M12: ='CBO mandatory spending'!M13 -> 430.294 | ... Q12: ='CBO mandatory spending'!Q13 -> 561.365
C13: CHIP and exchange subsidies | F13: =SUM('CBO mandatory spending'!F16,'CBO mandatory spending'!F19) -> 7.888 | G13: =SUM('CBO mandatory spending'!G16,'CBO mandatory spending'!G19) -> 8.658 | H13: =SUM('CBO mandatory spending'!H16,'CBO mandatory spending'!H19) -> 9.433 | I13: =SUM('CBO mandatory spending'!I16,'CBO mandatory spending'!I19) -> 10.096 | J13: =SUM('CBO mandatory spending'!J16,'CBO mandatory spending'!J19) -> 25.185 | K13: =SUM('CBO mandatory spending'!K16,'CBO mandatory spending'!K19) -> 44.124 | L13: =SUM('CBO mandatory spending'!L16,'CBO mandatory spending'!L19) -> 66.013 | M13: =SUM('CBO mandatory spending'!M16,'CBO mandatory spending'!M19) -> 78.435 | ... Q13: =SUM('CBO mandatory spending'!Q16,'CBO mandatory spending'!Q19) -> 102.074
C14: Other healthcare | F14: =SUM('CBO mandatory spending'!F17,'CBO mandatory spending'!F20) -> 9.284 | G14: =SUM('CBO mandatory spending'!G17,'CBO mandatory spending'!G20) -> 13.573 | H14: =SUM('CBO mandatory spending'!H17,'CBO mandatory spending'!H20) -> 16.525 | I14: =SUM('CBO mandatory spending'!I17,'CBO mandatory spending'!I20) -> 17.038 | J14: =SUM('CBO mandatory spending'!J17,'CBO mandatory spending'!J20) -> 24 | K14: =SUM('CBO mandatory spending'!K17,'CBO mandatory spending'!K20) -> 37.702 | L14: =SUM('CBO mandatory spending'!L17,'CBO mandatory spending'!L20) -> 36.001 | M14: =SUM('CBO mandatory spending'!M17,'CBO mandatory spending'!M20) -> 38.787 | ... Q14: =SUM('CBO mandatory spending'!Q17,'CBO mandatory spending'!Q20) -> 54.246
C15: Other mandatory | F15: =SUM('CBO mandatory spending'!F34,'CBO mandatory spending'!F41,'CBO mandatory spending'!F47,'CBO mandatory spending'!F57,'CBO mandatory spending'!F68,'CBO mandatory spending'!F69) -> 475.728 | G15: =SUM('CBO mandatory spending'!G34,'CBO mandatory spending'!G41,'CBO mandatory spending'!G47,'CBO mandatory spending'!G57,'CBO mandatory spending'!G68,'CBO mandatory spending'!G69) -> 523.861 | H15: =SUM('CBO mandatory spending'!H34,'CBO mandatory spending'!H41,'CBO mandatory spending'!H47,'CBO mandatory spending'!H57,'CBO mandatory spending'!H68,'CBO mandatory spending'!H69) -> 530.23 | I15: =SUM('CBO mandatory spending'!I34,'CBO mandatory spending'!I41,'CBO mandatory spending'!I47,'CBO mandatory spending'!I57,'CBO mandatory spending'!I68,'CBO mandatory spending'!I69) -> 502.181 | J15: =SUM('CBO mandatory spending'!J34,'CBO mandatory spending'!J41,'CBO mandatory spending'!J47,'CBO mandatory spending'!J57,'CBO mandatory spending'!J68,'CBO mandatory spending'!J69) -> 442.83 | K15: =SUM('CBO mandatory spending'!K34,'CBO mandatory spending'!K41,'CBO mandatory spending'!K47,'CBO mandatory spending'!K57,'CBO mandatory spending'!K68,'CBO mandatory spending'!K69) -> 431.86 | L15: =SUM('CBO mandatory spending'!L34,'CBO mandatory spending'!L41,'CBO mandatory spending'!L47,'CBO mandatory spending'!L57,'CBO mandatory spending'!L68,'CBO mandatory spending'!L69) -> 446.761 | M15: =SUM('CBO mandatory spending'!M34,'CBO mandatory spending'!M41,'CBO mandatory spending'!M47,'CBO mandatory spending'!M57,'CBO mandatory spending'!M68,'CBO mandatory spending'!M69) -> 434.29 | ... Q15: =SUM('CBO mandatory spending'!Q34,'CBO mandatory spending'!Q41,'CBO mandatory spending'!Q47,'CBO mandatory spending'!Q57,'CBO mandatory spending'!Q68,'CBO mandatory spending'!Q69) -> 469.84
B16: Mandatory spending | F16: =SUM(F8,F11:F15) -> 1912.9 | G16: =SUM(G8,G11:G15) -> 2022.658 | H16: =SUM(H8,H11:H15) -> 2055.752 | I16: =SUM(I8,I11:I15) -> 2129.161 | J16: =SUM(J8,J11:J15) -> 2211.338 | K16: =SUM(K8,K11:K15) -> 2339.86 | L16: =SUM(L8,L11:L15) -> 2510.617 | M16: =SUM(M8,M11:M15) -> 2615.89 | ... Q16: =SUM(Q8,Q11:Q15) -> 3282.044
B17: Discretionary spending | F17: ='CBO baseline'!F19 -> 1347.149 | G17: ='CBO baseline'!G19 -> 1353.437 | H17: ='CBO baseline'!H19 -> 1315.082 | I17: ='CBO baseline'!I19 -> 1299.84 | J17: ='CBO baseline'!J19 -> 1300.733 | K17: ='CBO baseline'!K19 -> 1311.302 | L17: ='CBO baseline'!L19 -> 1332.114 | M17: ='CBO baseline'!M19 -> 1349.821 | ... Q17: ='CBO baseline'!Q19 -> 1464.158
B18: Net interest | F18: ='CBO baseline'!F20 -> 196.194 | G18: ='CBO baseline'!G20 -> 221.302 | H18: ='CBO baseline'!H20 -> 237.762 | I18: ='CBO baseline'!I20 -> 263.14 | J18: ='CBO baseline'!J20 -> 290.762 | K18: ='CBO baseline'!K20 -> 336.378 | L18: ='CBO baseline'!L20 -> 406.563 | M18: ='CBO baseline'!M20 -> 483.776 | ... Q18: ='CBO baseline'!Q20 -> 663.129
F19: _____ | G19: _____ | H19: _____ | I19: _____ | J19: _____ | K19: _____ | L19: _____ | M19: _____ | N19: _____ | O19: _____ | P19: _____ | Q19: _____
C20: Total Outlays | F20: =SUM(F16:F18) -> 3456.243 | G20: =SUM(G16:G18) -> 3597.397 | H20: =SUM(H16:H18) -> 3608.596 | I20: =SUM(I16:I18) -> 3692.141 | J20: =SUM(J16:J18) -> 3802.833 | K20: =SUM(K16:K18) -> 3987.54 | L20: =SUM(L16:L18) -> 4249.294 | M20: =SUM(M16:M18) -> 4449.487 | ... Q20: =SUM(Q16:Q18) -> 5409.331
A22: Balance ex-Joint Select Committee | F22: =F5 - F20 -> -1293.5189 | G22: =G5 - G20 -> -1283.5619 | H22: =H5 - H20 -> -973.21592 | I22: =I5 - I20 -> -623.035 | J22: =J5 - J20 -> -379.66458 | K22: =K5 - K20 -> -322.24836 | L22: =L5 - L20 -> -402.42227 | M22: =M5 - M20 -> -362.02345 | ... Q22: =Q5 - Q20 -> -440.12395
A24: Joint Select Committee
B25: Policy changes | F25: 0 | G25: 0 | H25: 0 | I25: 111.4434 | J25: 111.4434 | K25: 111.4434 | L25: 111.4434 | M25: 111.4434 | N25: 111.4434 | O25: 111.4434 | P25: 111.4434 | Q25: 111.4434
B26: Debt service | F26: 0 | G26: 0 | H26: 0 | I26: 1.1032897 | J26: 3.1315595 | K26: 6.1739644 | L26: 12.492805 | M26: 20.070956 | N26: 27.281344 | O26: 34.61432 | P26: 42.170183 | Q26: 49.971221
F27: _ | G27: _ | H27: _ | I27: ___ | J27: ___ | K27: ___ | L27: ___ | M27: ___ | N27: ___ | O27: ___ | P27: ___ | Q27: ___
C28: Total Effects | F28: =SUM(F25:F26) -> 0 | G28: =SUM(G25:G26) -> 0 | H28: =SUM(H25:H26) -> 0 | I28: =SUM(I25:I26) -> 112.54669 | J28: =SUM(J25:J26) -> 114.57496 | K28: =SUM(K25:K26) -> 117.61736 | L28: =SUM(L25:L26) -> 123.93621 | M28: =SUM(M25:M26) -> 131.51436 | ... Q28: =SUM(Q25:Q26) -> 161.41462
A30: Total Balance | F30: =SUM(F22,F28) -> -1293.5189 | G30: =SUM(G22,G28) -> -1283.5619 | H30: =SUM(H22,H28) -> -973.21592 | I30: =SUM(I22,I28) -> -510.48831 | J30: =SUM(J22,J28) -> -265.08962 | K30: =SUM(K22,K28) -> -204.631 | L30: =SUM(L22,L28) -> -278.48606 | M30: =SUM(M22,M28) -> -230.50909 | ... Q30: =SUM(Q22,Q28) -> -278.70933
A31: Memo: Primary Balance | F31: =F30 + F32 -> -1097.3249 | G31: =G30 + G32 -> -1062.2599 | H31: =H30 + H32 -> -735.45392 | I31: =I30 + I32 -> -248.4516 | J31: =J30 + J32 -> 22.540821 | K31: =K30 + K32 -> 125.57304 | L31: =L30 + L32 -> 115.58413 | M31: =M30 + M32 -> 233.19595 | ... Q31: =Q30 + Q32 -> 334.44845
A32: Memo: Net Interest | F32: =F18 - F26 -> 196.194 | G32: =G18 - G26 -> 221.302 | H32: =H18 - H26 -> 237.762 | I32: =I18 - I26 -> 262.03671 | J32: =J18 - J26 -> 287.63044 | K32: =K18 - K26 -> 330.20404 | L32: =L18 - L26 -> 394.07019 | M32: =M18 - M26 -> 463.70504 | ... Q32: =Q18 - Q26 -> 613.15778
A34: Other Means of Financing (Increase in Debt) | E34: BEOU, Table 1-7 | G34: -138.39 | H34: 15.598904 | I34: 109.97229 | J34: 109.60915 | K34: 109.99747 | L34: 98.61321 | M34: 98.763367 | N34: 93.540917 | O34: 88.170841 | P34: 83.895115 | Q34: 81.741363
A36: End of Year Public Debt | F36: ='CBO baseline'!F41 -> 9018.941 | G36: =F36 - G30 + G34 -> 10164.113 | H36: =G36 - H30 + H34 -> 11152.928 | I36: =H36 - I30 + I34 -> 11773.388 | J36: =I36 - J30 + J34 -> 12148.087 | K36: =J36 - K30 + K34 -> 12462.716 | L36: =K36 - L30 + L34 -> 12839.815 | M36: =L36 - M30 + M34 -> 13169.087 | N36: =M36 - N30 + N34 -> 13473.325 | ... Q36: =P36 - Q30 + Q34 -> 14541.093
A38: As Percentage of GDP
A40: GDP ($ Billions) | F40: ='CBO baseline'!F89 -> 14511.875 | G40: ='CBO baseline'!G89 -> 15095.075 | H40: ='CBO baseline'!H89 -> 15663.455 | I40: ='CBO baseline'!I89 -> 16181.564 | J40: ='CBO baseline'!J89 -> 16974.234 | K40: ='CBO baseline'!K89 -> 18132.445 | L40: ='CBO baseline'!L89 -> 19109.848 | M40: ='CBO baseline'!M89 -> 20027.825 | ... Q40: ='CBO baseline'!Q89 -> 23829.883
A42: Revenues
C43: Total Revenues | F43: =100 * F5/F$40 -> 14.903134 | G43: =100 * G5/G$40 -> 15.328411 | H43: =100 * H5/H$40 -> 16.825024 | I43: =100 * I5/I$40 -> 18.966683 | J43: =100 * J5/J$40 -> 20.166851 | K43: =100 * K5/K$40 -> 20.213995 | L43: =100 * L5/L$40 -> 20.13031 | M43: =100 * M5/M$40 -> 20.408924 | ... Q43: =100 * Q5/Q$40 -> 20.852839 | R43: =Q43 * (1 + LTBO!$F$49) -> 21.016126 | S43: =R43 * (1 + LTBO!$F$49) -> 21.180692 | T43: =S43 * (1 + LTBO!$F$49) -> 21.346546 | U43: =T43 * (1 + LTBO!$F$49) -> 21.513699 | V43: =U43 * (1 + LTBO!$F$49) -> 21.682161 | W43: =V43 * (1 + LTBO!$F$49) -> 21.851942 | X43: =W43 * (1 + LTBO!$F$49) -> 22.023053 | Y43: =X43 * (1 + LTBO!$F$49) -> 22.195503 | ... AE43: =AD43 * (1 + LTBO!$F$49) -> 23.258936
A45: Outlays
C46: Social Security | F46: =100 * F8/F$40 -> 4.8288178 | G46: =100 * G8/G$40 -> 4.8068062 | H46: =100 * H8/H$40 -> 4.9074486 | I46: =100 * I8/I$40 -> 5.01695 | J46: =100 * J8/J$40 -> 5.0269603 | K46: =100 * K8/K$40 -> 4.9455327 | L46: =100 * L8/L$40 -> 4.9475484 | M46: =100 * M8/M$40 -> 4.9999788 | ... Q46: =100 * Q8/Q$40 -> 5.3549614
D47: Medicare (gross) | F47: =100 * F9/F$40 -> 3.5866213 | G47: =100 * G9/G$40 -> 3.679571 | H47: =100 * H9/H$40 -> 3.545329 | I47: =100 * I9/I$40 -> 3.6945068 | J47: =100 * J9/J$40 -> 3.7210516 | K47: =100 * K9/K$40 -> 3.6513443 | L47: =100 * L9/L$40 -> 3.7550795 | M47: =100 * M9/M$40 -> 3.7271646 | ... Q47: =100 * Q9/Q$40 -> 4.0543213
D48: Medicare offsets | F48: =100 * F10/F$40 -> -0.50998923 | G48: =100 * G10/G$40 -> -0.5224088 | H48: =100 * H10/H$40 -> -0.53544382 | I48: =100 * I10/I$40 -> -0.52985606 | J48: =100 * J10/J$40 -> -0.53089878 | K48: =100 * K10/K$40 -> -0.53419712 | L48: =100 * L10/L$40 -> -0.54890022 | M48: =100 * M10/M$40 -> -0.56807466 | ... Q48: =100 * Q10/Q$40 -> -0.61981841
C49: Medicare (net) | F49: =100 * F11/F$40 -> 3.0766321 | G49: =100 * G11/G$40 -> 3.1571622 | H49: =100 * H11/H$40 -> 3.0098852 | I49: =100 * I11/I$40 -> 3.1646507 | J49: =100 * J11/J$40 -> 3.1901528 | K49: =100 * K11/K$40 -> 3.1171472 | L49: =100 * L11/L$40 -> 3.2061793 | M49: =100 * M11/M$40 -> 3.1590899 | ... Q49: =100 * Q11/Q$40 -> 3.4345029
C50: Medicaid | F50: =100 * F12/F$40 -> 1.87964 | G50: =100 * G12/G$40 -> 1.8178048 | H50: =100 * H12/H$40 -> 1.656314 | I50: =100 * I12/I$40 -> 1.705243 | J50: =100 * J12/J$40 -> 1.9119037 | K50: =100 * K12/K$40 -> 2.008626 | L50: =100 * L12/L$40 -> 2.1124029 | M50: =100 * M12/M$40 -> 2.1484809 | ... Q50: =100 * Q12/Q$40 -> 2.3557187
C51: CHIP and exchange subsidies | F51: =100 * F13/F$40 -> 0.054355485 | G51: =100 * G13/G$40 -> 0.057356455 | H51: =100 * H13/H$40 -> 0.060222985 | I51: =100 * I13/I$40 -> 0.06239199 | J51: =100 * J13/J$40 -> 0.14837194 | K51: =100 * K13/K$40 -> 0.2433428 | L51: =100 * L13/L$40 -> 0.34543968 | M51: =100 * M13/M$40 -> 0.39163014 | ... Q51: =100 * Q13/Q$40 -> 0.42834454
C52: Other healthcare | F52: =100 * F14/F$40 -> 0.063975193 | G52: =100 * G14/G$40 -> 0.089916744 | H52: =100 * H14/H$40 -> 0.10550035 | I52: =100 * I14/I$40 -> 0.10529266 | J52: =100 * J14/J$40 -> 0.14139077 | K52: =100 * K14/K$40 -> 0.20792563 | L52: =100 * L14/L$40 -> 0.18838977 | M52: =100 * M14/M$40 -> 0.19366556 | ... Q52: =100 * Q14/Q$40 -> 0.22763855
C53: Other mandatory | F53: =100 * F15/F$40 -> 3.278198 | G53: =100 * G15/G$40 -> 3.47041 | H53: =100 * H15/H$40 -> 3.3851408 | I53: =100 * I15/I$40 -> 3.1034144 | J53: =100 * J15/J$40 -> 2.6088365 | K53: =100 * K15/K$40 -> 2.3816975 | L53: =100 * L15/L$40 -> 2.3378574 | M53: =100 * M15/M$40 -> 2.1684332 | ... Q53: =100 * Q15/Q$40 -> 1.9716421
B54: Mandatory spending | F54: =100 * F16/F$40 -> 13.181619 | G54: =100 * G16/G$40 -> 13.399456 | H54: =100 * H16/H$40 -> 13.124512 | I54: =100 * I16/I$40 -> 13.157943 | J54: =100 * J16/J$40 -> 13.027616 | K54: =100 * K16/K$40 -> 12.904272 | L54: =100 * L16/L$40 -> 13.137817 | M54: =100 * M16/M$40 -> 13.061278 | ... Q54: =100 * Q16/Q$40 -> 13.772808
B55: Discretionary spending | F55: =100 * F17/F$40 -> 9.2830802 | G55: =100 * G17/G$40 -> 8.9660832 | H55: =100 * H17/H$40 -> 8.3958617 | I55: =100 * I17/I$40 -> 8.0328451 | J55: =100 * J17/J$40 -> 7.6629851 | K55: =100 * K17/K$40 -> 7.2317991 | L55: =100 * L17/L$40 -> 6.9708245 | M55: =100 * M17/M$40 -> 6.7397283 | ... Q55: =100 * Q17/Q$40 -> 6.1442099
B56: Net interest | F56: =100 * F18/F$40 -> 1.3519549 | G56: =100 * G18/G$40 -> 1.4660543 | H56: =100 * H18/H$40 -> 1.517941 | I56: =100 * I18/I$40 -> 1.6261716 | J56: =100 * J18/J$40 -> 1.712961 | K56: =100 * K18/K$40 -> 1.8551166 | L56: =100 * L18/L$40 -> 2.1275051 | M56: =100 * M18/M$40 -> 2.4155194 | ... Q56: =100 * Q18/Q$40 -> 2.7827624
F57: ____ | G57: ____ | H57: ____ | I57: ____ | J57: ____ | K57: ____ | L57: ____ | M57: ____ | N57: ____ | O57: ____ | P57: ____ | Q57: ____
C58: Total Outlays | F58: =100 * F20/F$40 -> 23.816654 | G58: =100 * G20/G$40 -> 23.831594 | H58: =100 * H20/H$40 -> 23.038315 | I58: =100 * I20/I$40 -> 22.816959 | J58: =100 * J20/J$40 -> 22.403562 | K58: =100 * K20/K$40 -> 21.991187 | L58: =100 * L20/L$40 -> 22.236147 | M58: =100 * M20/M$40 -> 22.216526 | ... Q58: =100 * Q20/Q$40 -> 22.69978 | R58: =SUM(R61:R64) -> 23.130807 | S58: =SUM(S61:S64) -> 23.301224 | T58: =SUM(T61:T64) -> 23.573246 | U58: =SUM(U61:U64) -> 23.85191 | V58: =SUM(V61:V64) -> 23.937195 | W58: =SUM(W61:W64) -> 24.218894 | X58: =SUM(X61:X64) -> 24.507101 | Y58: =SUM(Y61:Y64) -> 24.601791 | ... AE58: =SUM(AE61:AE64) -> 26.001474
A60: LTBO Outlay Categories
B61: Social Security | F61: =F46 -> 4.8288178 | G61: =G46 -> 4.8068062 | H61: =H46 -> 4.9074486 | I61: =I46 -> 5.01695 | J61: =J46 -> 5.0269603 | K61: =K46 -> 4.9455327 | L61: =L46 -> 4.9475484 | M61: =M46 -> 4.9999788 | ... Q61: =Q46 -> 5.3549614 | R61: 5.4 | S61: 5.5 | T61: 5.6 | U61: 5.7 | V61: 5.7 | W61: 5.8 | X61: 5.9 | Y61: 5.9 | Z61: 6 | AA61: 6 | AB61: 6 | AC61: 6.1 | AD61: 6.1 | AE61: 6.1
B62: Medicare, Medicaid, CHIP, exchange subsidies | F62: =SUM(F47,F50,F51) -> 5.5206167 | G62: =SUM(G47,G50,G51) -> 5.5547322 | H62: =SUM(H47,H50,H51) -> 5.261866 | I62: =SUM(I47,I50,I51) -> 5.4621418 | J62: =SUM(J47,J50,J51) -> 5.7813272 | K62: =SUM(K47,K50,K51) -> 5.903313 | L62: =SUM(L47,L50,L51) -> 6.2129221 | M62: =SUM(M47,M50,M51) -> 6.2672756 | ... Q62: =SUM(Q47,Q50,Q51) -> 6.8383845 | R62: 6.9 | S62: 7 | T62: 7.2 | U62: 7.4 | V62: 7.5 | W62: 7.7 | X62: 7.9 | Y62: 8 | Z62: 8.2 | AA62: 8.4 | AB62: 8.6 | AC62: 8.8 | AD62: 9 | AE62: 9.2
B63: Other noninterest spending | F63: =SUM(F48,F52,F53,F55) -> 12.115264 | G63: =SUM(G48,G52,G53,G55) -> 12.004001 | H63: =SUM(H48,H52,H53,H55) -> 11.351059 | I63: =SUM(I48,I52,I53,I55) -> 10.711696 | J63: =SUM(J48,J52,J53,J55) -> 9.8823135 | K63: =SUM(K48,K52,K53,K55) -> 9.2872251 | L63: =SUM(L48,L52,L53,L55) -> 8.9481714 | M63: =SUM(M48,M52,M53,M55) -> 8.5337524 | ... Q63: =SUM(Q48,Q52,Q53,Q55) -> 7.7236721 | R63: =$Q63 -> 7.7236721 | S63: =$Q63 -> 7.7236721 | T63: =$Q63 -> 7.7236721 | U63: =$Q63 -> 7.7236721 | V63: =$Q63 -> 7.7236721 | W63: =$Q63 -> 7.7236721 | X63: =$Q63 -> 7.7236721 | Y63: =$Q63 -> 7.7236721 | ... AE63: =$Q63 -> 7.7236721
B64: Net interest | F64: =F56 -> 1.3519549 | G64: =G56 -> 1.4660543 | H64: =H56 -> 1.517941 | I64: =I56 -> 1.6261716 | J64: =J56 -> 1.712961 | K64: =K56 -> 1.8551166 | L64: =L56 -> 2.1275051 | M64: =M56 -> 2.4155194 | ... Q64: =Q56 -> 2.7827624 | R64: =(5.2% * Q80) / (1 + 'LTBO economic variables'!$H$34) -> 3.1071345 | S64: =(5.2% * R80) / (1 + 'LTBO economic variables'!$H$34) -> 3.0775517 | T64: =(5.2% * S80) / (1 + 'LTBO economic variables'!$H$34) -> 3.0495737 | U64: =(5.2% * T80) / (1 + 'LTBO economic variables'!$H$34) -> 3.0282377 | V64: =(5.2% * U80) / (1 + 'LTBO economic variables'!$H$34) -> 3.0135224 | W64: =(5.2% * V80) / (1 + 'LTBO economic variables'!$H$34) -> 2.9952217 | X64: =(5.2% * W80) / (1 + 'LTBO economic variables'!$H$34) -> 2.9834284 | Y64: =(5.2% * X80) / (1 + 'LTBO economic variables'!$H$34) -> 2.9781185 | ... AE64: =(5.2% * AD80) / (1 + 'LTBO economic variables'!$H$34) -> 2.9778015
A66: Balance ex-Joint Select Committee | F66: =100 * F22/F$40 -> -8.9135201 | G66: =100 * G22/G$40 -> -8.503183 | H66: =100 * H22/H$40 -> -6.2132903 | I66: =100 * I22/I$40 -> -3.8502766 | J66: =100 * J22/J$40 -> -2.2367111 | K66: =100 * K22/K$40 -> -1.777192 | L66: =100 * L22/L$40 -> -2.105837 | M66: =100 * M22/M$40 -> -1.8076024 | ... Q66: =100 * Q22/Q$40 -> -1.8469413 | R66: =R43 - R58 -> -2.1146805 | S66: =S43 - S58 -> -2.120532 | T66: =T43 - T58 -> -2.2266997 | U66: =U43 - U58 -> -2.3382107 | V66: =V43 - V58 -> -2.2550334 | W66: =W43 - W58 -> -2.3669518 | X66: =X43 - X58 -> -2.4840479 | Y66: =Y43 - Y58 -> -2.4062876 | ... AE66: =AE43 - AE58 -> -2.7425378
A68: Joint Select Committee | R68: Assumes JSC has no impact after 2021 (conservative)
B69: Policy changes | F69: =100 * F25/F$40 -> 0 | G69: =100 * G25/G$40 -> 0 | H69: =100 * H25/H$40 -> 0 | I69: =100 * I25/I$40 -> 0.68870597 | J69: =100 * J25/J$40 -> 0.65654451 | K69: =100 * K25/K$40 -> 0.61460768 | L69: =100 * L25/L$40 -> 0.5831726 | M69: =100 * M25/M$40 -> 0.55644285 | ... Q69: =100 * Q25/Q$40 -> 0.4676624
B70: Debt service | F70: =100 * F26/F$40 -> 0 | G70: =100 * G26/G$40 -> 0 | H70: =100 * H26/H$40 -> 0 | I70: =100 * I26/I$40 -> 0.0068181891 | J70: =100 * J26/J$40 -> 0.018448901 | K70: =100 * K26/K$40 -> 0.034049265 | L70: =100 * L26/L$40 -> 0.065373648 | M70: =100 * M26/M$40 -> 0.10021536 | ... Q70: =100 * Q26/Q$40 -> 0.20969982
F71: ____ | G71: ____ | H71: ____ | I71: ____ | J71: ____ | K71: ____ | L71: ____ | M71: ____ | N71: ____ | O71: ____ | P71: ____ | Q71: ____
C72: Total Effects | F72: =100 * F28/F$40 -> 0 | G72: =100 * G28/G$40 -> 0 | H72: =100 * H28/H$40 -> 0 | I72: =100 * I28/I$40 -> 0.69552416 | J72: =100 * J28/J$40 -> 0.67499341 | K72: =100 * K28/K$40 -> 0.64865694 | L72: =100 * L28/L$40 -> 0.64854625 | M72: =100 * M28/M$40 -> 0.6566582 | ... Q72: =100 * Q28/Q$40 -> 0.67736222
A74: Total Balance | F74: =100 * F30/F$40 -> -8.9135201 | G74: =100 * G30/G$40 -> -8.503183 | H74: =100 * H30/H$40 -> -6.2132903 | I74: =100 * I30/I$40 -> -3.1547525 | J74: =100 * J30/J$40 -> -1.5617177 | K74: =100 * K30/K$40 -> -1.128535 | L74: =100 * L30/L$40 -> -1.4572908 | M74: =100 * M30/M$40 -> -1.1509442 | ... Q74: =100 * Q30/Q$40 -> -1.1695791 | R74: =R66 -> -2.1146805 | S74: =S66 -> -2.120532 | T74: =T66 -> -2.2266997 | U74: =U66 -> -2.3382107 | V74: =V66 -> -2.2550334 | W74: =W66 -> -2.3669518 | X74: =X66 -> -2.4840479 | Y74: =Y66 -> -2.4062876 | ... AE74: =AE66 -> -2.7425378
A75: Memo: Primary Balance | F75: =100 * F31/F$40 -> -7.5615652 | G75: =100 * G31/G$40 -> -7.0371287 | H75: =100 * H31/H$40 -> -4.6953493 | I75: =100 * I31/I$40 -> -1.5353991 | J75: =100 * J31/J$40 -> 0.13279433 | K75: =100 * K31/K$40 -> 0.69253231 | L75: =100 * L31/L$40 -> 0.60484066 | M75: =100 * M31/M$40 -> 1.1643598 | ... Q75: =100 * Q31/Q$40 -> 1.4034834 | R75: =R74 + R64 -> 0.99245399 | S75: =S74 + S64 -> 0.95701968 | T75: =T74 + T64 -> 0.82287399 | U75: =U74 + U64 -> 0.69002702 | V75: =V74 + V64 -> 0.75848892 | W75: =W74 + W64 -> 0.62826996 | X75: =X74 + X64 -> 0.49938047 | Y75: =Y74 + Y64 -> 0.57183084 | ... AE75: =AE74 + AE64 -> 0.23526373
A76: Memo: Net Interest | F76: =100 * F32/F$40 -> 1.3519549 | G76: =100 * G32/G$40 -> 1.4660543 | H76: =100 * H32/H$40 -> 1.517941 | I76: =100 * I32/I$40 -> 1.6193534 | J76: =100 * J32/J$40 -> 1.6945121 | K76: =100 * K32/K$40 -> 1.8210673 | L76: =100 * L32/L$40 -> 2.0621314 | M76: =100 * M32/M$40 -> 2.315304 | ... Q76: =100 * Q32/Q$40 -> 2.5730625 | R76: =R64 -> 3.1071345 | S76: =S64 -> 3.0775517 | T76: =T64 -> 3.0495737 | U76: =U64 -> 3.0282377 | V76: =V64 -> 3.0135224 | W76: =W64 -> 2.9952217 | X76: =X64 -> 2.9834284 | Y76: =Y64 -> 2.9781185 | ... AE76: =AE64 -> 2.9778015
A78: Other Means of Financing (Increase in Debt) | F78: =100 * F34/F$40 -> 0 | G78: =100 * G34/G$40 -> -0.91678908 | H78: =100 * H34/H$40 -> 0.099587889 | I78: =100 * I34/I$40 -> 0.67961472 | J78: =100 * J34/J$40 -> 0.64573845 | K78: =100 * K34/K$40 -> 0.60663339 | L78: =100 * L34/L$40 -> 0.51603345 | M78: =100 * M34/M$40 -> 0.49313076 | ... Q78: =100 * Q34/Q$40 -> 0.34302042
A80: End of Year Public Debt | F80: =100 * F36/F$40 -> 62.148695 | G80: =100 * G36/G$40 -> 67.333967 | H80: =100 * H36/H$40 -> 71.203498 | I80: =100 * I36/I$40 -> 72.758035 | J80: =100 * J36/J$40 -> 71.567808 | K80: =100 * K36/K$40 -> 68.731577 | L80: =100 * L36/L$40 -> 67.189517 | M80: =100 * M36/M$40 -> 65.753956 | ... Q80: =100 * Q36/Q$40 -> 61.020414 | R80: =Q80 / (1 + 2.5% + 'LTBO economic variables'!$H$34) - R74 -> 60.439444 | S80: =R80 / (1 + 2.5% + 'LTBO economic variables'!$H$34) - S74 -> 59.889989 | T80: =S80 / (1 + 2.5% + 'LTBO economic variables'!$H$34) - T74 -> 59.470976 | U80: =T80 / (1 + 2.5% + 'LTBO economic variables'!$H$34) - U74 -> 59.181984 | V80: =U80 / (1 + 2.5% + 'LTBO economic variables'!$H$34) - V74 -> 58.822581 | W80: =V80 / (1 + 2.5% + 'LTBO economic variables'!$H$34) - W74 -> 58.590973 | X80: =W80 / (1 + 2.5% + 'LTBO economic variables'!$H$34) - X74 -> 58.486693 | Y80: =X80 / (1 + 2.5% + 'LTBO economic variables'!$H$34) - Y74 -> 58.30926 | ... AE80: =AD80 / (1 + 2.5% + 'LTBO economic variables'!$H$34) - AE74 -> 58.639561

Sheet realistic (no tax cuts)
A1: Billions of Dollars
F2: Actual,
F3: 2010 | G3: 2011 | H3: 2012 | I3: 2013 | J3: 2014 | K3: 2015 | L3: 2016 | M3: 2017 | N3: 2018 | O3: 2019 | P3: 2020 | Q3: 2021 | R3: 2022 | S3: 2023 | T3: 2024 | U3: 2025 | V3: 2026 | W3: 2027 | X3: 2028 | Y3: 2029 | Z3: 2030 | AA3: 2031 | AB3: 2032 | AC3: 2033 | AD3: 2034 | AE3: 2035
A4: Revenues
C5: Total Revenues | F5: ='CBO baseline'!F13 -> 2162.7241 | G5: ='CBO baseline'!G13 -> 2313.8351 | H5: ='CBO baseline'!H13 -> 2635.3801 | I5: ='CBO baseline'!I13 -> 3069.106 | J5: ='CBO baseline'!J13 -> 3423.1684 | K5: ='CBO baseline'!K13 -> 3665.2916 | L5: ='CBO baseline'!L13 -> 3846.8717 | M5: ='CBO baseline'!M13 -> 4087.4636 | ... Q5: ='CBO baseline'!Q13 -> 4969.2071
D6: AMT Patch | G6: ='CBO alternatives'!D47 -> 0 | H6: ='CBO alternatives'!E47 -> -9.016 | I6: ='CBO alternatives'!F47 -> -92.514 | J6: ='CBO alternatives'!G47 -> -39.477 | K6: ='CBO alternatives'!H47 -> -45.455 | L6: ='CBO alternatives'!I47 -> -53.387 | M6: ='CBO alternatives'!J47 -> -62.539 | N6: ='CBO alternatives'!K47 -> -74.009 | ... Q6: ='CBO alternatives'!N47 -> -121.326
D7: Adjusted Total Revenues | F7: =SUM(F5:F6) -> 2162.7241 | G7: =SUM(G5:G6) -> 2313.8351 | H7: =SUM(H5:H6) -> 2626.3641 | I7: =SUM(I5:I6) -> 2976.592 | J7: =SUM(J5:J6) -> 3383.6914 | K7: =SUM(K5:K6) -> 3619.8366 | L7: =SUM(L5:L6) -> 3793.4847 | M7: =SUM(M5:M6) -> 4024.9246 | ... Q7: =SUM(Q5:Q6) -> 4847.8811
A9: Outlays
C10: Social Security | F10: ='CBO mandatory spending'!F9 -> 700.752 | G10: ='CBO mandatory spending'!G9 -> 725.591 | H10: ='CBO mandatory spending'!H9 -> 768.676 | I10: ='CBO mandatory spending'!I9 -> 811.821 | J10: ='CBO mandatory spending'!J9 -> 853.288 | K10: ='CBO mandatory spending'!K9 -> 896.746 | L10: ='CBO mandatory spending'!L9 -> 945.469 | M10: ='CBO mandatory spending'!M9 -> 1001.387 | ... Q10: ='CBO mandatory spending'!Q9 -> 1276.081
D11: Medicare (gross) | F11: ='CBO mandatory spending'!F12 -> 520.486 | G11: ='CBO mandatory spending'!G12 -> 555.434 | H11: ='CBO mandatory spending'!H12 -> 555.321 | I11: ='CBO mandatory spending'!I12 -> 597.829 | J11: ='CBO mandatory spending'!J12 -> 631.62 | K11: ='CBO mandatory spending'!K12 -> 662.078 | L11: ='CBO mandatory spending'!L12 -> 717.59 | M11: ='CBO mandatory spending'!M12 -> 746.47 | ... Q11: ='CBO mandatory spending'!Q12 -> 966.14
D12: Doc Fix | G12: =-'CBO alternatives'!D36 -> 0 | H12: =-'CBO alternatives'!E36 -> 12.024 | I12: =-'CBO alternatives'!F36 -> 19.086 | J12: =-'CBO alternatives'!G36 -> 22.881 | K12: =-'CBO alternatives'!H36 -> 26.055 | L12: =-'CBO alternatives'!I36 -> 28.839 | M12: =-'CBO alternatives'!J36 -> 31.286 | N12: =-'CBO alternatives'!K36 -> 33.884 | ... Q12: =-'CBO alternatives'!N36 -> 45.086
D13: Adjusted Medicare (gross) | F13: =SUM(F11:F12) -> 520.486 | G13: =SUM(G11:G12) -> 555.434 | H13: =SUM(H11:H12) -> 567.345 | I13: =SUM(I11:I12) -> 616.915 | J13: =SUM(J11:J12) -> 654.501 | K13: =SUM(K11:K12) -> 688.133 | L13: =SUM(L11:L12) -> 746.429 | M13: =SUM(M11:M12) -> 777.756 | ... Q13: =SUM(Q11:Q12) -> 1011.226
D14: Medicare offsets | F14: ='CBO mandatory spending'!F66 -> -74.009 | G14: ='CBO mandatory spending'!G66 -> -78.858 | H14: ='CBO mandatory spending'!H66 -> -83.869 | I14: ='CBO mandatory spending'!I66 -> -85.739 | J14: ='CBO mandatory spending'!J66 -> -90.116 | K14: ='CBO mandatory spending'!K66 -> -96.863 | L14: ='CBO mandatory spending'!L66 -> -104.894 | M14: ='CBO mandatory spending'!M66 -> -113.773 | ... Q14: ='CBO mandatory spending'!Q66 -> -147.702
C15: Medicare (net) | F15: =SUM(F13:F14) -> 446.477 | G15: =SUM(G13:G14) -> 476.576 | H15: =SUM(H13:H14) -> 483.476 | I15: =SUM(I13:I14) -> 531.176 | J15: =SUM(J13:J14) -> 564.385 | K15: =SUM(K13:K14) -> 591.27 | L15: =SUM(L13:L14) -> 641.535 | M15: =SUM(M13:M14) -> 663.983 | ... Q15: =SUM(Q13:Q14) -> 863.524
C16: Medicaid | F16: ='CBO mandatory spending'!F13 -> 272.771 | G16: ='CBO mandatory spending'!G13 -> 274.399 | H16: ='CBO mandatory spending'!H13 -> 259.436 | I16: ='CBO mandatory spending'!I13 -> 275.935 | J16: ='CBO mandatory spending'!J13 -> 324.531 | K16: ='CBO mandatory spending'!K13 -> 364.213 | L16: ='CBO mandatory spending'!L13 -> 403.677 | M16: ='CBO mandatory spending'!M13 -> 430.294 | ... Q16: ='CBO mandatory spending'!Q13 -> 561.365
C17: CHIP and exchange subsidies | F17: =SUM('CBO mandatory spending'!F16,'CBO mandatory spending'!F19) -> 7.888 | G17: =SUM('CBO mandatory spending'!G16,'CBO mandatory spending'!G19) -> 8.658 | H17: =SUM('CBO mandatory spending'!H16,'CBO mandatory spending'!H19) -> 9.433 | I17: =SUM('CBO mandatory spending'!I16,'CBO mandatory spending'!I19) -> 10.096 | J17: =SUM('CBO mandatory spending'!J16,'CBO mandatory spending'!J19) -> 25.185 | K17: =SUM('CBO mandatory spending'!K16,'CBO mandatory spending'!K19) -> 44.124 | L17: =SUM('CBO mandatory spending'!L16,'CBO mandatory spending'!L19) -> 66.013 | M17: =SUM('CBO mandatory spending'!M16,'CBO mandatory spending'!M19) -> 78.435 | ... Q17: =SUM('CBO mandatory spending'!Q16,'CBO mandatory spending'!Q19) -> 102.074
C18: Other healthcare | F18: =SUM('CBO mandatory spending'!F17,'CBO mandatory spending'!F20) -> 9.284 | G18: =SUM('CBO mandatory spending'!G17,'CBO mandatory spending'!G20) -> 13.573 | H18: =SUM('CBO mandatory spending'!H17,'CBO mandatory spending'!H20) -> 16.525 | I18: =SUM('CBO mandatory spending'!I17,'CBO mandatory spending'!I20) -> 17.038 | J18: =SUM('CBO mandatory spending'!J17,'CBO mandatory spending'!J20) -> 24 | K18: =SUM('CBO mandatory spending'!K17,'CBO mandatory spending'!K20) -> 37.702 | L18: =SUM('CBO mandatory spending'!L17,'CBO mandatory spending'!L20) -> 36.001 | M18: =SUM('CBO mandatory spending'!M17,'CBO mandatory spending'!M20) -> 38.787 | ... Q18: =SUM('CBO mandatory spending'!Q17,'CBO mandatory spending'!Q20) -> 54.246
C19: Other mandatory | F19: =SUM('CBO mandatory spending'!F34,'CBO mandatory spending'!F41,'CBO mandatory spending'!F47,'CBO mandatory spending'!F57,'CBO mandatory spending'!F68,'CBO mandatory spending'!F69) -> 475.728 | G19: =SUM('CBO mandatory spending'!G34,'CBO mandatory spending'!G41,'CBO mandatory spending'!G47,'CBO mandatory spending'!G57,'CBO mandatory spending'!G68,'CBO mandatory spending'!G69) -> 523.861 | H19: =SUM('CBO mandatory spending'!H34,'CBO mandatory spending'!H41,'CBO mandatory spending'!H47,'CBO mandatory spending'!H57,'CBO mandatory spending'!H68,'CBO mandatory spending'!H69) -> 530.23 | I19: =SUM('CBO mandatory spending'!I34,'CBO mandatory spending'!I41,'CBO mandatory spending'!I47,'CBO mandatory spending'!I57,'CBO mandatory spending'!I68,'CBO mandatory spending'!I69) -> 502.181 | J19: =SUM('CBO mandatory spending'!J34,'CBO mandatory spending'!J41,'CBO mandatory spending'!J47,'CBO mandatory spending'!J57,'CBO mandatory spending'!J68,'CBO mandatory spending'!J69) -> 442.83 | K19: =SUM('CBO mandatory spending'!K34,'CBO mandatory spending'!K41,'CBO mandatory spending'!K47,'CBO mandatory spending'!K57,'CBO mandatory spending'!K68,'CBO mandatory spending'!K69) -> 431.86 | L19: =SUM('CBO mandatory spending'!L34,'CBO mandatory spending'!L41,'CBO mandatory spending'!L47,'CBO mandatory spending'!L57,'CBO mandatory spending'!L68,'CBO mandatory spending'!L69) -> 446.761 | M19: =SUM('CBO mandatory spending'!M34,'CBO mandatory spending'!M41,'CBO mandatory spending'!M47,'CBO mandatory spending'!M57,'CBO mandatory spending'!M68,'CBO mandatory spending'!M69) -> 434.29 | ... Q19: =SUM('CBO mandatory spending'!Q34,'CBO mandatory spending'!Q41,'CBO mandatory spending'!Q47,'CBO mandatory spending'!Q57,'CBO mandatory spending'!Q68,'CBO mandatory spending'!Q69) -> 469.84
B20: Mandatory spending | F20: =SUM(F10,F15:F19) -> 1912.9 | G20: =SUM(G10,G15:G19) -> 2022.658 | H20: =SUM(H10,H15:H19) -> 2067.776 | I20: =SUM(I10,I15:I19) -> 2148.247 | J20: =SUM(J10,J15:J19) -> 2234.219 | K20: =SUM(K10,K15:K19) -> 2365.915 | L20: =SUM(L10,L15:L19) -> 2539.456 | M20: =SUM(M10,M15:M19) -> 2647.176 | ... Q20: =SUM(Q10,Q15:Q19) -> 3327.13
B21: Discretionary spending | F21: ='CBO baseline'!F19 -> 1347.149 | G21: ='CBO baseline'!G19 -> 1353.437 | H21: ='CBO baseline'!H19 -> 1315.082 | I21: ='CBO baseline'!I19 -> 1299.84 | J21: ='CBO baseline'!J19 -> 1300.733 | K21: ='CBO baseline'!K19 -> 1311.302 | L21: ='CBO baseline'!L19 -> 1332.114 | M21: ='CBO baseline'!M19 -> 1349.821 | ... Q21: ='CBO baseline'!Q19 -> 1464.158
C22: Overseas Contingency Operations | G22: =-'CBO alternatives'!D15 -> 0 | H22: =-'CBO alternatives'!E15 -> -18.343 | I22: =-'CBO alternatives'!F15 -> -52.991 | J22: =-'CBO alternatives'!G15 -> -85.612 | K22: =-'CBO alternatives'!H15 -> -112.317 | L22: =-'CBO alternatives'!I15 -> -128.991 | M22: =-'CBO alternatives'!J15 -> -136.274 | N22: =-'CBO alternatives'!K15 -> -141.272 | ... Q22: =-'CBO alternatives'!N15 -> -152.205
C23: Adjusted discretionary spending | F23: =SUM(F21:F22) -> 1347.149 | G23: =SUM(G21:G22) -> 1353.437 | H23: =SUM(H21:H22) -> 1296.739 | I23: =SUM(I21:I22) -> 1246.849 | J23: =SUM(J21:J22) -> 1215.121 | K23: =SUM(K21:K22) -> 1198.985 | L23: =SUM(L21:L22) -> 1203.123 | M23: =SUM(M21:M22) -> 1213.547 | ... Q23: =SUM(Q21:Q22) -> 1311.953
B24: Net interest | F24: ='CBO baseline'!F20 -> 196.194 | G24: ='CBO baseline'!G20 -> 221.302 | H24: ='CBO baseline'!H20 -> 237.762 | I24: ='CBO baseline'!I20 -> 263.14 | J24: ='CBO baseline'!J20 -> 290.762 | K24: ='CBO baseline'!K20 -> 336.378 | L24: ='CBO baseline'!L20 -> 406.563 | M24: ='CBO baseline'!M20 -> 483.776 | ... Q24: ='CBO baseline'!Q20 -> 663.129
C25: AMT Patch | G25: =-'CBO alternatives'!D48 -> 0 | H25: =-'CBO alternatives'!E48 -> 0.1009792 | I25: =-'CBO alternatives'!F48 -> 1.0529318 | J25: =-'CBO alternatives'!G48 -> 2.147392 | K25: =-'CBO alternatives'!H48 -> 3.5740875 | L25: =-'CBO alternatives'!I48 -> 6.7145824 | M25: =-'CBO alternatives'!J48 -> 10.798025 | N25: =-'CBO alternatives'!K48 -> 15.139009 | ... Q25: =-'CBO alternatives'!N48 -> 33.07709
C26: Doc Fix | G26: =-'CBO alternatives'!D37 -> 0 | H26: =-'CBO alternatives'!E37 -> 0.1346688 | I26: =-'CBO alternatives'!F37 -> 0.3717162 | J26: =-'CBO alternatives'!G37 -> 0.7827852 | K26: =-'CBO alternatives'!H37 -> 1.4868591 | L26: =-'CBO alternatives'!I37 -> 3.043374 | M26: =-'CBO alternatives'!J37 -> 5.0178922 | N26: =-'CBO alternatives'!K37 -> 7.0703013 | ... Q26: =-'CBO alternatives'!N37 -> 14.467536
C27: Overseas Contingency Operations | G27: =-'CBO alternatives'!D16 -> 0 | H27: =-'CBO alternatives'!E16 -> -0.2054416 | I27: =-'CBO alternatives'!F16 -> -0.8034245 | J27: =-'CBO alternatives'!G16 -> -2.1709232 | K27: =-'CBO alternatives'!H16 -> -4.7757753 | L27: =-'CBO alternatives'!I16 -> -11.024582 | M27: =-'CBO alternatives'!J16 -> -19.107472 | N27: =-'CBO alternatives'!K16 -> -27.462969 | ... Q27: =-'CBO alternatives'!N16 -> -54.976326
C28: Adjusted net interest | F28: =SUM(F24:F27) -> 196.194 | G28: =SUM(G24:G27) -> 221.302 | H28: =SUM(H24:H27) -> 237.79221 | I28: =SUM(I24:I27) -> 263.76122 | J28: =SUM(J24:J27) -> 291.52125 | K28: =SUM(K24:K27) -> 336.66317 | L28: =SUM(L24:L27) -> 405.29637 | M28: =SUM(M24:M27) -> 480.48445 | ... Q28: =SUM(Q24:Q27) -> 655.6973
F29: _____ | G29: _____ | H29: _____ | I29: _____ | J29: _____ | K29: _____ | L29: _____ | M29: _____ | N29: _____ | O29: _____ | P29: _____ | Q29: _____
C30: Total Outlays | F30: =SUM(F20,F23,F28) -> 3456.243 | G30: =SUM(G20,G23,G28) -> 3597.397 | H30: =SUM(H20,H23,H28) -> 3602.3072 | I30: =SUM(I20,I23,I28) -> 3658.8572 | J30: =SUM(J20,J23,J28) -> 3740.8613 | K30: =SUM(K20,K23,K28) -> 3901.5632 | L30: =SUM(L20,L23,L28) -> 4147.8754 | M30: =SUM(M20,M23,M28) -> 4341.2074 | ... Q30: =SUM(Q20,Q23,Q28) -> 5294.7803
A32: Balance ex-Joint Select Committee | F32: =F7 - F30 -> -1293.5189 | G32: =G7 - G30 -> -1283.5619 | H32: =H7 - H30 -> -975.94313 | I32: =I7 - I30 -> -682.26522 | J32: =J7 - J30 -> -357.16983 | K32: =K7 - K30 -> -281.72653 | L32: =L7 - L30 -> -354.39064 | M32: =M7 - M30 -> -316.28289 | ... Q32: =Q7 - Q30 -> -446.89925
A34: Joint Select Committee
B35: Policy changes | F35: 0 | G35: 0 | H35: 0 | I35: 111.4434 | J35: 111.4434 | K35: 111.4434 | L35: 111.4434 | M35: 111.4434 | N35: 111.4434 | O35: 111.4434 | P35: 111.4434 | Q35: 111.4434
B36: Debt service | F36: 0 | G36: 0 | H36: 0 | I36: 1.1032897 | J36: 3.1315595 | K36: 6.1739644 | L36: 12.492805 | M36: 20.070956 | N36: 27.281344 | O36: 34.61432 | P36: 42.170183 | Q36: 49.971221
F37: _ | G37: _ | H37: _ | I37: ___ | J37: ___ | K37: ___ | L37: ___ | M37: ___ | N37: ___ | O37: ___ | P37: ___ | Q37: ___
C38: Total Effects | F38: =SUM(F35:F36) -> 0 | G38: =SUM(G35:G36) -> 0 | H38: =SUM(H35:H36) -> 0 | I38: =SUM(I35:I36) -> 112.54669 | J38: =SUM(J35:J36) -> 114.57496 | K38: =SUM(K35:K36) -> 117.61736 | L38: =SUM(L35:L36) -> 123.93621 | M38: =SUM(M35:M36) -> 131.51436 | ... Q38: =SUM(Q35:Q36) -> 161.41462
A40: Total Balance | F40: =SUM(F32,F38) -> -1293.5189 | G40: =SUM(G32,G38) -> -1283.5619 | H40: =SUM(H32,H38) -> -975.94313 | I40: =SUM(I32,I38) -> -569.71853 | J40: =SUM(J32,J38) -> -242.59487 | K40: =SUM(K32,K38) -> -164.10917 | L40: =SUM(L32,L38) -> -230.45444 | M40: =SUM(M32,M38) -> -184.76854 | ... Q40: =SUM(Q32,Q38) -> -285.48463
A41: Memo: Primary Balance | F41: =F40 + F42 -> -1097.3249 | G41: =G40 + G42 -> -1062.2599 | H41: =H40 + H42 -> -738.18113 | I41: =I40 + I42 -> -307.68182 | J41: =J40 + J42 -> 45.035567 | K41: =K40 + K42 -> 166.09487 | L41: =L40 + L42 -> 163.61576 | M41: =M40 + M42 -> 278.93651 | ... Q41: =Q40 + Q42 -> 327.67315
A42: Memo: Net Interest | F42: =F24 - F36 -> 196.194 | G42: =G24 - G36 -> 221.302 | H42: =H24 - H36 -> 237.762 | I42: =I24 - I36 -> 262.03671 | J42: =J24 - J36 -> 287.63044 | K42: =K24 - K36 -> 330.20404 | L42: =L24 - L36 -> 394.07019 | M42: =M24 - M36 -> 463.70504 | ... Q42: =Q24 - Q36 -> 613.15778
A44: Other Means of Financing (Increase in Debt) | E44: BEOU, Table 1-7 | G44: -138.39 | H44: 15.598904 | I44: 109.97229 | J44: 109.60915 | K44: 109.99747 | L44: 98.61321 | M44: 98.763367 | N44: 93.540917 | O44: 88.170841 | P44: 83.895115 | Q44: 81.741363
A46: End of Year Public Debt | F46: ='CBO baseline'!F41 -> 9018.941 | G46: =F46 - G40 + G44 -> 10164.113 | H46: =G46 - H40 + H44 -> 11155.655 | I46: =H46 - I40 + I44 -> 11835.346 | J46: =I46 - J40 + J44 -> 12187.55 | K46: =J46 - K40 + K44 -> 12461.656 | L46: =K46 - L40 + L44 -> 12790.724 | M46: =L46 - M40 + M44 -> 13074.256 | N46: =M46 - N40 + N44 -> 13339.861 | ... Q46: =P46 - Q40 + Q44 -> 14376.83
A48: As Percentage of GDP
A50: GDP ($ Billions) | F50: ='CBO baseline'!F89 -> 14511.875 | G50: ='CBO baseline'!G89 -> 15095.075 | H50: ='CBO baseline'!H89 -> 15663.455 | I50: ='CBO baseline'!I89 -> 16181.564 | J50: ='CBO baseline'!J89 -> 16974.234 | K50: ='CBO baseline'!K89 -> 18132.445 | L50: ='CBO baseline'!L89 -> 19109.848 | M50: ='CBO baseline'!M89 -> 20027.825 | ... Q50: ='CBO baseline'!Q89 -> 23829.883
A52: Revenues
C53: Total Revenues | F53: =100 * F7/F$50 -> 14.903134 | G53: =100 * G7/G$50 -> 15.328411 | H53: =100 * H7/H$50 -> 16.767464 | I53: =100 * I7/I$50 -> 18.394958 | J53: =100 * J7/J$50 -> 19.934281 | K53: =100 * K7/K$50 -> 19.963312 | L53: =100 * L7/L$50 -> 19.850941 | M53: =100 * M7/M$50 -> 20.096663 | ... Q53: =100 * Q7/Q$50 -> 20.343705 | R53: =Q53 * (1 + LTBO!$F$49) -> 20.503006 | S53: =R53 * (1 + LTBO!$F$49) -> 20.663553 | T53: =S53 * (1 + LTBO!$F$49) -> 20.825358 | U53: =T53 * (1 + LTBO!$F$49) -> 20.98843 | V53: =U53 * (1 + LTBO!$F$49) -> 21.152779 | W53: =V53 * (1 + LTBO!$F$49) -> 21.318415 | X53: =W53 * (1 + LTBO!$F$49) -> 21.485347 | Y53: =X53 * (1 + LTBO!$F$49) -> 21.653587 | ... AE53: =AD53 * (1 + LTBO!$F$49) -> 22.691056
A55: Outlays
C56: Social Security | F56: =100 * F10/F$50 -> 4.8288178 | G56: =100 * G10/G$50 -> 4.8068062 | H56: =100 * H10/H$50 -> 4.9074486 | I56: =100 * I10/I$50 -> 5.01695 | J56: =100 * J10/J$50 -> 5.0269603 | K56: =100 * K10/K$50 -> 4.9455327 | L56: =100 * L10/L$50 -> 4.9475484 | M56: =100 * M10/M$50 -> 4.9999788 | ... Q56: =100 * Q10/Q$50 -> 5.3549614
D57: Medicare (gross) | F57: =100 * F13/F$50 -> 3.5866213 | G57: =100 * G13/G$50 -> 3.679571 | H57: =100 * H13/H$50 -> 3.6220936 | I57: =100 * I13/I$50 -> 3.8124558 | J57: =100 * J13/J$50 -> 3.85585 | K57: =100 * K13/K$50 -> 3.795037 | L57: =100 * L13/L$50 -> 3.9059912 | M57: =100 * M13/M$50 -> 3.8833772 | ... Q57: =100 * Q13/Q$50 -> 4.2435207
D58: Medicare offsets | F58: =100 * F14/F$50 -> -0.50998923 | G58: =100 * G14/G$50 -> -0.5224088 | H58: =100 * H14/H$50 -> -0.53544382 | I58: =100 * I14/I$50 -> -0.52985606 | J58: =100 * J14/J$50 -> -0.53089878 | K58: =100 * K14/K$50 -> -0.53419712 | L58: =100 * L14/L$50 -> -0.54890022 | M58: =100 * M14/M$50 -> -0.56807466 | ... Q58: =100 * Q14/Q$50 -> -0.61981841
C59: Medicare (net) | F59: =100 * F15/F$50 -> 3.0766321 | G59: =100 * G15/G$50 -> 3.1571622 | H59: =100 * H15/H$50 -> 3.0866498 | I59: =100 * I15/I$50 -> 3.2825998 | J59: =100 * J15/J$50 -> 3.3249513 | K59: =100 * K15/K$50 -> 3.2608399 | L59: =100 * L15/L$50 -> 3.357091 | M59: =100 * M15/M$50 -> 3.3153026 | ... Q59: =100 * Q15/Q$50 -> 3.6237023
C60: Medicaid | F60: =100 * F16/F$50 -> 1.87964 | G60: =100 * G16/G$50 -> 1.8178048 | H60: =100 * H16/H$50 -> 1.656314 | I60: =100 * I16/I$50 -> 1.705243 | J60: =100 * J16/J$50 -> 1.9119037 | K60: =100 * K16/K$50 -> 2.008626 | L60: =100 * L16/L$50 -> 2.1124029 | M60: =100 * M16/M$50 -> 2.1484809 | ... Q60: =100 * Q16/Q$50 -> 2.3557187
C61: CHIP and exchange subsidies | F61: =100 * F17/F$50 -> 0.054355485 | G61: =100 * G17/G$50 -> 0.057356455 | H61: =100 * H17/H$50 -> 0.060222985 | I61: =100 * I17/I$50 -> 0.06239199 | J61: =100 * J17/J$50 -> 0.14837194 | K61: =100 * K17/K$50 -> 0.2433428 | L61: =100 * L17/L$50 -> 0.34543968 | M61: =100 * M17/M$50 -> 0.39163014 | ... Q61: =100 * Q17/Q$50 -> 0.42834454
C62: Other healthcare | F62: =100 * F18/F$50 -> 0.063975193 | G62: =100 * G18/G$50 -> 0.089916744 | H62: =100 * H18/H$50 -> 0.10550035 | I62: =100 * I18/I$50 -> 0.10529266 | J62: =100 * J18/J$50 -> 0.14139077 | K62: =100 * K18/K$50 -> 0.20792563 | L62: =100 * L18/L$50 -> 0.18838977 | M62: =100 * M18/M$50 -> 0.19366556 | ... Q62: =100 * Q18/Q$50 -> 0.22763855
C63: Other mandatory | F63: =100 * F19/F$50 -> 3.278198 | G63: =100 * G19/G$50 -> 3.47041 | H63: =100 * H19/H$50 -> 3.3851408 | I63: =100 * I19/I$50 -> 3.1034144 | J63: =100 * J19/J$50 -> 2.6088365 | K63: =100 * K19/K$50 -> 2.3816975 | L63: =100 * L19/L$50 -> 2.3378574 | M63: =100 * M19/M$50 -> 2.1684332 | ... Q63: =100 * Q19/Q$50 -> 1.9716421
B64: Mandatory spending | F64: =100 * F20/F$50 -> 13.181619 | G64: =100 * G20/G$50 -> 13.399456 | H64: =100 * H20/H$50 -> 13.201277 | I64: =100 * I20/I$50 -> 13.275892 | J64: =100 * J20/J$50 -> 13.162414 | K64: =100 * K20/K$50 -> 13.047964 | L64: =100 * L20/L$50 -> 13.288729 | M64: =100 * M20/M$50 -> 13.217491 | ... Q64: =100 * Q20/Q$50 -> 13.962008
B65: Discretionary spending | F65: =100 * F23/F$50 -> 9.2830802 | G65: =100 * G23/G$50 -> 8.9660832 | H65: =100 * H23/H$50 -> 8.2787547 | I65: =100 * I23/I$50 -> 7.7053674 | J65: =100 * J23/J$50 -> 7.1586206 | K65: =100 * K23/K$50 -> 6.6123735 | L65: =100 * L23/L$50 -> 6.295827 | M65: =100 * M23/M$50 -> 6.059305 | ... Q65: =100 * Q23/Q$50 -> 5.505495
B66: Net interest | F66: =100 * F28/F$50 -> 1.3519549 | G66: =100 * G28/G$50 -> 1.4660543 | H66: =100 * H28/H$50 -> 1.5181338 | I66: =100 * I28/I$50 -> 1.6300106 | J66: =100 * J28/J$50 -> 1.717434 | K66: =100 * K28/K$50 -> 1.8566893 | L66: =100 * L28/L$50 -> 2.120877 | M66: =100 * M28/M$50 -> 2.3990845 | ... Q66: =100 * Q28/Q$50 -> 2.7515759
F67: ____ | G67: ____ | H67: ____ | I67: ____ | J67: ____ | K67: ____ | L67: ____ | M67: ____ | N67: ____ | O67: ____ | P67: ____ | Q67: ____
C68: Total Outlays | F68: =100 * F30/F$50 -> 23.816654 | G68: =100 * G30/G$50 -> 23.831594 | H68: =100 * H30/H$50 -> 22.998165 | I68: =100 * I30/I$50 -> 22.61127 | J68: =100 * J30/J$50 -> 22.038469 | K68: =100 * K30/K$50 -> 21.517027 | L68: =100 * L30/L$50 -> 21.705433 | M68: =100 * M30/M$50 -> 21.675881 | ... Q68: =100 * Q30/Q$50 -> 22.219078 | R68: =SUM(R71:R74) -> 22.956992 | S68: =SUM(S71:S74) -> 23.246237 | T68: =SUM(T71:T74) -> 23.542511 | U68: =SUM(U71:U74) -> 23.845796 | V68: =SUM(V71:V74) -> 24.156075 | W68: =SUM(W71:W74) -> 24.473332 | X68: =SUM(X71:X74) -> 24.797546 | Y68: =SUM(Y71:Y74) -> 25.128699 | ... AE68: =SUM(AE71:AE74) -> 26.939715
A70: LTBO Outlay Categories
B71: Social Security | F71: =F56 -> 4.8288178 | G71: =G56 -> 4.8068062 | H71: =H56 -> 4.9074486 | I71: =I56 -> 5.01695 | J71: =J56 -> 5.0269603 | K71: =K56 -> 4.9455327 | L71: =L56 -> 4.9475484 | M71: =M56 -> 4.9999788 | ... Q71: =Q56 -> 5.3549614 | R71: 5.4 | S71: 5.5 | T71: 5.6 | U71: 5.7 | V71: 5.7 | W71: 5.8 | X71: 5.9 | Y71: 5.9 | Z71: 6 | AA71: 6 | AB71: 6 | AC71: 6.1 | AD71: 6.1 | AE71: 6.1
B72: Medicare, Medicaid, CHIP, exchange subsidies | F72: =SUM(F57,F60,F61) -> 5.5206167 | G72: =SUM(G57,G60,G61) -> 5.5547322 | H72: =SUM(H57,H60,H61) -> 5.3386307 | I72: =SUM(I57,I60,I61) -> 5.5800909 | J72: =SUM(J57,J60,J61) -> 5.9161257 | K72: =SUM(K57,K60,K61) -> 6.0470057 | L72: =SUM(L57,L60,L61) -> 6.3638338 | M72: =SUM(M57,M60,M61) -> 6.4234883 | ... Q72: =SUM(Q57,Q60,Q61) -> 7.0275839 | R72: 7.4 | S72: 7.6 | T72: 7.8 | U72: 8 | V72: 8.3 | W72: 8.5 | X72: 8.7 | Y72: 9 | Z72: 9.2 | AA72: 9.5 | AB72: 9.7 | AC72: 9.9 | AD72: 10.1 | AE72: 10.3
B73: Other noninterest spending | F73: =SUM(F58,F62, F63,F65) -> 12.115264 | G73: =SUM(G58,G62, G63,G65) -> 12.004001 | H73: =SUM(H58,H62, H63,H65) -> 11.233952 | I73: =SUM(I58,I62, I63,I65) -> 10.384218 | J73: =SUM(J58,J62, J63,J65) -> 9.3779491 | K73: =SUM(K58,K62, K63,K65) -> 8.6677996 | L73: =SUM(L58,L62, L63,L65) -> 8.2731739 | M73: =SUM(M58,M62, M63,M65) -> 7.853329 | ... Q73: =SUM(Q58,Q62, Q63,Q65) -> 7.0849573 | R73: =$Q73 -> 7.0849573 | S73: =$Q73 -> 7.0849573 | T73: =$Q73 -> 7.0849573 | U73: =$Q73 -> 7.0849573 | V73: =$Q73 -> 7.0849573 | W73: =$Q73 -> 7.0849573 | X73: =$Q73 -> 7.0849573 | Y73: =$Q73 -> 7.0849573 | ... AE73: =$Q73 -> 7.0849573
B74: Net interest | F74: =F66 -> 1.3519549 | G74: =G66 -> 1.4660543 | H74: =H66 -> 1.5181338 | I74: =I66 -> 1.6300106 | J74: =J66 -> 1.717434 | K74: =K66 -> 1.8566893 | L74: =L66 -> 2.120877 | M74: =M66 -> 2.3990845 | ... Q74: =Q66 -> 2.7515759 | R74: =(5.2% * Q90) / (1 + 'LTBO economic variables'!$H$34) -> 3.0720349 | S74: =(5.2% * R90) / (1 + 'LTBO economic variables'!$H$34) -> 3.06128 | T74: =(5.2% * S90) / (1 + 'LTBO economic variables'!$H$34) -> 3.0575534 | U74: =(5.2% * T90) / (1 + 'LTBO economic variables'!$H$34) -> 3.0608386 | V74: =(5.2% * U90) / (1 + 'LTBO economic variables'!$H$34) -> 3.0711182 | W74: =(5.2% * V90) / (1 + 'LTBO economic variables'!$H$34) -> 3.0883744 | X74: =(5.2% * W90) / (1 + 'LTBO economic variables'!$H$34) -> 3.1125888 | Y74: =(5.2% * X90) / (1 + 'LTBO economic variables'!$H$34) -> 3.1437422 | ... AE74: =(5.2% * AD90) / (1 + 'LTBO economic variables'!$H$34) -> 3.4547576
A76: Balance ex-Joint Select Committee | F76: =100 * F32/F$50 -> -8.9135201 | G76: =100 * G32/G$50 -> -8.503183 | H76: =100 * H32/H$50 -> -6.2307016 | I76: =100 * I32/I$50 -> -4.2163119 | J76: =100 * J32/J$50 -> -2.1041883 | K76: =100 * K32/K$50 -> -1.5537151 | L76: =100 * L32/L$50 -> -1.8544922 | M76: =100 * M32/M$50 -> -1.5792174 | ... Q76: =100 * Q32/Q$50 -> -1.8753733 | R76: =R53 - R68 -> -2.4539866 | S76: =S53 - S68 -> -2.582684 | T76: =T53 - T68 -> -2.7171526 | U76: =U53 - U68 -> -2.8573658 | V76: =V53 - V68 -> -3.0032966 | W76: =W53 - W68 -> -3.1549171 | X76: =X53 - X68 -> -3.3121988 | Y76: =Y53 - Y68 -> -3.4751123 | ... AE76: =AE53 - AE68 -> -4.2486591
A78: Joint Select Committee | R78: Assumes JSC has no impact after 2021 (conservative)
B79: Policy changes | F79: =100 * F35/F$50 -> 0 | G79: =100 * G35/G$50 -> 0 | H79: =100 * H35/H$50 -> 0 | I79: =100 * I35/I$50 -> 0.68870597 | J79: =100 * J35/J$50 -> 0.65654451 | K79: =100 * K35/K$50 -> 0.61460768 | L79: =100 * L35/L$50 -> 0.5831726 | M79: =100 * M35/M$50 -> 0.55644285 | ... Q79: =100 * Q35/Q$50 -> 0.4676624
B80: Debt service | F80: =100 * F36/F$50 -> 0 | G80: =100 * G36/G$50 -> 0 | H80: =100 * H36/H$50 -> 0 | I80: =100 * I36/I$50 -> 0.0068181891 | J80: =100 * J36/J$50 -> 0.018448901 | K80: =100 * K36/K$50 -> 0.034049265 | L80: =100 * L36/L$50 -> 0.065373648 | M80: =100 * M36/M$50 -> 0.10021536 | ... Q80: =100 * Q36/Q$50 -> 0.20969982
F81: ____ | G81: ____ | H81: ____ | I81: ____ | J81: ____ | K81: ____ | L81: ____ | M81: ____ | N81: ____ | O81: ____ | P81: ____ | Q81: ____
C82: Total Effects | F82: =100 * F38/F$50 -> 0 | G82: =100 * G38/G$50 -> 0 | H82: =100 * H38/H$50 -> 0 | I82: =100 * I38/I$50 -> 0.69552416 | J82: =100 * J38/J$50 -> 0.67499341 | K82: =100 * K38/K$50 -> 0.64865694 | L82: =100 * L38/L$50 -> 0.64854625 | M82: =100 * M38/M$50 -> 0.6566582 | ... Q82: =100 * Q38/Q$50 -> 0.67736222
A84: Total Balance | F84: =100 * F40/F$50 -> -8.9135201 | G84: =100 * G40/G$50 -> -8.503183 | H84: =100 * H40/H$50 -> -6.2307016 | I84: =100 * I40/I$50 -> -3.5207877 | J84: =100 * J40/J$50 -> -1.4291948 | K84: =100 * K40/K$50 -> -0.90505812 | L84: =100 * L40/L$50 -> -1.2059459 | M84: =100 * M40/M$50 -> -0.92255918 | ... Q84: =100 * Q40/Q$50 -> -1.198011 | R84: =R76 -> -2.4539866 | S84: =S76 -> -2.582684 | T84: =T76 -> -2.7171526 | U84: =U76 -> -2.8573658 | V84: =V76 -> -3.0032966 | W84: =W76 -> -3.1549171 | X84: =X76 -> -3.3121988 | Y84: =Y76 -> -3.4751123 | ... AE84: =AE76 -> -4.2486591
A85: Memo: Primary Balance | F85: =100 * F41/F$50 -> -7.5615652 | G85: =100 * G41/G$50 -> -7.0371287 | H85: =100 * H41/H$50 -> -4.7127606 | I85: =100 * I41/I$50 -> -1.9014343 | J85: =100 * J41/J$50 -> 0.26531723 | K85: =100 * K41/K$50 -> 0.91600922 | L85: =100 * L41/L$50 -> 0.85618554 | M85: =100 * M41/M$50 -> 1.3927449 | ... Q85: =100 * Q41/Q$50 -> 1.3750515 | R85: =R84 + R74 -> 0.61804824 | S85: =S84 + S74 -> 0.47859597 | T85: =T84 + T74 -> 0.34040085 | U85: =U84 + U74 -> 0.20347274 | V85: =V84 + V74 -> 0.067821557 | W85: =W84 + W74 -> -0.066542702 | X85: =X84 + X74 -> -0.19960996 | Y85: =Y84 + Y74 -> -0.33137006 | ... AE85: =AE84 + AE74 -> -0.79390149
A86: Memo: Net Interest | F86: =100 * F42/F$50 -> 1.3519549 | G86: =100 * G42/G$50 -> 1.4660543 | H86: =100 * H42/H$50 -> 1.517941 | I86: =100 * I42/I$50 -> 1.6193534 | J86: =100 * J42/J$50 -> 1.6945121 | K86: =100 * K42/K$50 -> 1.8210673 | L86: =100 * L42/L$50 -> 2.0621314 | M86: =100 * M42/M$50 -> 2.315304 | ... Q86: =100 * Q42/Q$50 -> 2.5730625 | R86: =R74 -> 3.0720349 | S86: =S74 -> 3.06128 | T86: =T74 -> 3.0575534 | U86: =U74 -> 3.0608386 | V86: =V74 -> 3.0711182 | W86: =W74 -> 3.0883744 | X86: =X74 -> 3.1125888 | Y86: =Y74 -> 3.1437422 | ... AE86: =AE74 -> 3.4547576
A88: Other Means of Financing (Increase in Debt) | F88: =100 * F44/F$50 -> 0 | G88: =100 * G44/G$50 -> -0.91678908 | H88: =100 * H44/H$50 -> 0.099587889 | I88: =100 * I44/I$50 -> 0.67961472 | J88: =100 * J44/J$50 -> 0.64573845 | K88: =100 * K44/K$50 -> 0.60663339 | L88: =100 * L44/L$50 -> 0.51603345 | M88: =100 * M44/M$50 -> 0.49313076 | ... Q88: =100 * Q44/Q$50 -> 0.34302042
A90: End of Year Public Debt | F90: =100 * F46/F$50 -> 62.148695 | G90: =100 * G46/G$50 -> 67.333967 | H90: =100 * H46/H$50 -> 71.220909 | I90: =100 * I46/I$50 -> 73.140924 | J90: =100 * J46/J$50 -> 71.800294 | K90: =100 * K46/K$50 -> 68.725736 | L90: =100 * L46/L$50 -> 66.932629 | M90: =100 * M46/M$50 -> 65.280458 | ... Q90: =100 * Q46/Q$50 -> 60.3311 | R90: =Q90 / (1 + 2.5% + 'LTBO economic variables'!$H$34) - R84 -> 60.119886 | S90: =R90 / (1 + 2.5% + 'LTBO economic variables'!$H$34) - S84 -> 60.046701 | T90: =S90 / (1 + 2.5% + 'LTBO economic variables'!$H$34) - T84 -> 60.111217 | U90: =T90 / (1 + 2.5% + 'LTBO economic variables'!$H$34) - U84 -> 60.313097 | V90: =U90 / (1 + 2.5% + 'LTBO economic variables'!$H$34) - V84 -> 60.651989 | W90: =V90 / (1 + 2.5% + 'LTBO economic variables'!$H$34) - W84 -> 61.12753 | X90: =W90 / (1 + 2.5% + 'LTBO economic variables'!$H$34) - X84 -> 61.739346 | Y90: =X90 / (1 + 2.5% + 'LTBO economic variables'!$H$34) - Y84 -> 62.487047 | ... AE90: =AD90 / (1 + 2.5% + 'LTBO economic variables'!$H$34) - AE84 -> 69.098738

Sheet realistic (tax cuts)
A1: Billions of Dollars
F2: Actual,
F3: 2010 | G3: 2011 | H3: 2012 | I3: 2013 | J3: 2014 | K3: 2015 | L3: 2016 | M3: 2017 | N3: 2018 | O3: 2019 | P3: 2020 | Q3: 2021 | R3: 2022 | S3: 2023 | T3: 2024 | U3: 2025 | V3: 2026 | W3: 2027 | X3: 2028 | Y3: 2029 | Z3: 2030 | AA3: 2031 | AB3: 2032 | AC3: 2033 | AD3: 2034 | AE3: 2035
A4: Revenues
C5: Total Revenues | F5: ='CBO baseline'!F13 -> 2162.7241 | G5: ='CBO baseline'!G13 -> 2313.8351 | H5: ='CBO baseline'!H13 -> 2635.3801 | I5: ='CBO baseline'!I13 -> 3069.106 | J5: ='CBO baseline'!J13 -> 3423.1684 | K5: ='CBO baseline'!K13 -> 3665.2916 | L5: ='CBO baseline'!L13 -> 3846.8717 | M5: ='CBO baseline'!M13 -> 4087.4636 | ... Q5: ='CBO baseline'!Q13 -> 4969.2071
D6: Income/estate cuts + AMT patch | G6: ='CBO alternatives'!D54 -> 0 | H6: ='CBO alternatives'!E54 -> -11.335 | I6: ='CBO alternatives'!F54 -> -237.50746 | J6: ='CBO alternatives'!G54 -> -340.074 | K6: ='CBO alternatives'!H54 -> -385.307 | L6: ='CBO alternatives'!I54 -> -414.363 | M6: ='CBO alternatives'!J54 -> -443.606 | N6: ='CBO alternatives'!K54 -> -475.636 | ... Q6: ='CBO alternatives'!N54 -> -585.56
D7: Adjusted Total Revenues | F7: =SUM(F5:F6) -> 2162.7241 | G7: =SUM(G5:G6) -> 2313.8351 | H7: =SUM(H5:H6) -> 2624.0451 | I7: =SUM(I5:I6) -> 2831.5985 | J7: =SUM(J5:J6) -> 3083.0944 | K7: =SUM(K5:K6) -> 3279.9846 | L7: =SUM(L5:L6) -> 3432.5087 | M7: =SUM(M5:M6) -> 3643.8576 | ... Q7: =SUM(Q5:Q6) -> 4383.6471
A9: Outlays
C10: Social Security | F10: ='CBO mandatory spending'!F9 -> 700.752 | G10: ='CBO mandatory spending'!G9 -> 725.591 | H10: ='CBO mandatory spending'!H9 -> 768.676 | I10: ='CBO mandatory spending'!I9 -> 811.821 | J10: ='CBO mandatory spending'!J9 -> 853.288 | K10: ='CBO mandatory spending'!K9 -> 896.746 | L10: ='CBO mandatory spending'!L9 -> 945.469 | M10: ='CBO mandatory spending'!M9 -> 1001.387 | ... Q10: ='CBO mandatory spending'!Q9 -> 1276.081
D11: Medicare (gross) | F11: ='CBO mandatory spending'!F12 -> 520.486 | G11: ='CBO mandatory spending'!G12 -> 555.434 | H11: ='CBO mandatory spending'!H12 -> 555.321 | I11: ='CBO mandatory spending'!I12 -> 597.829 | J11: ='CBO mandatory spending'!J12 -> 631.62 | K11: ='CBO mandatory spending'!K12 -> 662.078 | L11: ='CBO mandatory spending'!L12 -> 717.59 | M11: ='CBO mandatory spending'!M12 -> 746.47 | ... Q11: ='CBO mandatory spending'!Q12 -> 966.14
D12: Doc Fix | G12: =-'CBO alternatives'!D36 -> 0 | H12: =-'CBO alternatives'!E36 -> 12.024 | I12: =-'CBO alternatives'!F36 -> 19.086 | J12: =-'CBO alternatives'!G36 -> 22.881 | K12: =-'CBO alternatives'!H36 -> 26.055 | L12: =-'CBO alternatives'!I36 -> 28.839 | M12: =-'CBO alternatives'!J36 -> 31.286 | N12: =-'CBO alternatives'!K36 -> 33.884 | ... Q12: =-'CBO alternatives'!N36 -> 45.086
D13: Adjusted Medicare (gross) | F13: =SUM(F11:F12) -> 520.486 | G13: =SUM(G11:G12) -> 555.434 | H13: =SUM(H11:H12) -> 567.345 | I13: =SUM(I11:I12) -> 616.915 | J13: =SUM(J11:J12) -> 654.501 | K13: =SUM(K11:K12) -> 688.133 | L13: =SUM(L11:L12) -> 746.429 | M13: =SUM(M11:M12) -> 777.756 | ... Q13: =SUM(Q11:Q12) -> 1011.226
D14: Medicare offsets | F14: ='CBO mandatory spending'!F66 -> -74.009 | G14: ='CBO mandatory spending'!G66 -> -78.858 | H14: ='CBO mandatory spending'!H66 -> -83.869 | I14: ='CBO mandatory spending'!I66 -> -85.739 | J14: ='CBO mandatory spending'!J66 -> -90.116 | K14: ='CBO mandatory spending'!K66 -> -96.863 | L14: ='CBO mandatory spending'!L66 -> -104.894 | M14: ='CBO mandatory spending'!M66 -> -113.773 | ... Q14: ='CBO mandatory spending'!Q66 -> -147.702
C15: Medicare (net) | F15: =SUM(F13:F14) -> 446.477 | G15: =SUM(G13:G14) -> 476.576 | H15: =SUM(H13:H14) -> 483.476 | I15: =SUM(I13:I14) -> 531.176 | J15: =SUM(J13:J14) -> 564.385 | K15: =SUM(K13:K14) -> 591.27 | L15: =SUM(L13:L14) -> 641.535 | M15: =SUM(M13:M14) -> 663.983 | ... Q15: =SUM(Q13:Q14) -> 863.524
C16: Medicaid | F16: ='CBO mandatory spending'!F13 -> 272.771 | G16: ='CBO mandatory spending'!G13 -> 274.399 | H16: ='CBO mandatory spending'!H13 -> 259.436 | I16: ='CBO mandatory spending'!I13 -> 275.935 | J16: ='CBO mandatory spending'!J13 -> 324.531 | K16: ='CBO mandatory spending'!K13 -> 364.213 | L16: ='CBO mandatory spending'!L13 -> 403.677 | M16: ='CBO mandatory spending'!M13 -> 430.294 | ... Q16: ='CBO mandatory spending'!Q13 -> 561.365
C17: CHIP and exchange subsidies | F17: =SUM('CBO mandatory spending'!F16,'CBO mandatory spending'!F19) -> 7.888 | G17: =SUM('CBO mandatory spending'!G16,'CBO mandatory spending'!G19) -> 8.658 | H17: =SUM('CBO mandatory spending'!H16,'CBO mandatory spending'!H19) -> 9.433 | I17: =SUM('CBO mandatory spending'!I16,'CBO mandatory spending'!I19) -> 10.096 | J17: =SUM('CBO mandatory spending'!J16,'CBO mandatory spending'!J19) -> 25.185 | K17: =SUM('CBO mandatory spending'!K16,'CBO mandatory spending'!K19) -> 44.124 | L17: =SUM('CBO mandatory spending'!L16,'CBO mandatory spending'!L19) -> 66.013 | M17: =SUM('CBO mandatory spending'!M16,'CBO mandatory spending'!M19) -> 78.435 | ... Q17: =SUM('CBO mandatory spending'!Q16,'CBO mandatory spending'!Q19) -> 102.074
C18: Other healthcare | F18: =SUM('CBO mandatory spending'!F17,'CBO mandatory spending'!F20) -> 9.284 | G18: =SUM('CBO mandatory spending'!G17,'CBO mandatory spending'!G20) -> 13.573 | H18: =SUM('CBO mandatory spending'!H17,'CBO mandatory spending'!H20) -> 16.525 | I18: =SUM('CBO mandatory spending'!I17,'CBO mandatory spending'!I20) -> 17.038 | J18: =SUM('CBO mandatory spending'!J17,'CBO mandatory spending'!J20) -> 24 | K18: =SUM('CBO mandatory spending'!K17,'CBO mandatory spending'!K20) -> 37.702 | L18: =SUM('CBO mandatory spending'!L17,'CBO mandatory spending'!L20) -> 36.001 | M18: =SUM('CBO mandatory spending'!M17,'CBO mandatory spending'!M20) -> 38.787 | ... Q18: =SUM('CBO mandatory spending'!Q17,'CBO mandatory spending'!Q20) -> 54.246
C19: Other mandatory | F19: =SUM('CBO mandatory spending'!F34,'CBO mandatory spending'!F41,'CBO mandatory spending'!F47,'CBO mandatory spending'!F57,'CBO mandatory spending'!F68,'CBO mandatory spending'!F69) -> 475.728 | G19: =SUM('CBO mandatory spending'!G34,'CBO mandatory spending'!G41,'CBO mandatory spending'!G47,'CBO mandatory spending'!G57,'CBO mandatory spending'!G68,'CBO mandatory spending'!G69) -> 523.861 | H19: =SUM('CBO mandatory spending'!H34,'CBO mandatory spending'!H41,'CBO mandatory spending'!H47,'CBO mandatory spending'!H57,'CBO mandatory spending'!H68,'CBO mandatory spending'!H69) -> 530.23 | I19: =SUM('CBO mandatory spending'!I34,'CBO mandatory spending'!I41,'CBO mandatory spending'!I47,'CBO mandatory spending'!I57,'CBO mandatory spending'!I68,'CBO mandatory spending'!I69) -> 502.181 | J19: =SUM('CBO mandatory spending'!J34,'CBO mandatory spending'!J41,'CBO mandatory spending'!J47,'CBO mandatory spending'!J57,'CBO mandatory spending'!J68,'CBO mandatory spending'!J69) -> 442.83 | K19: =SUM('CBO mandatory spending'!K34,'CBO mandatory spending'!K41,'CBO mandatory spending'!K47,'CBO mandatory spending'!K57,'CBO mandatory spending'!K68,'CBO mandatory spending'!K69) -> 431.86 | L19: =SUM('CBO mandatory spending'!L34,'CBO mandatory spending'!L41,'CBO mandatory spending'!L47,'CBO mandatory spending'!L57,'CBO mandatory spending'!L68,'CBO mandatory spending'!L69) -> 446.761 | M19: =SUM('CBO mandatory spending'!M34,'CBO mandatory spending'!M41,'CBO mandatory spending'!M47,'CBO mandatory spending'!M57,'CBO mandatory spending'!M68,'CBO mandatory spending'!M69) -> 434.29 | ... Q19: =SUM('CBO mandatory spending'!Q34,'CBO mandatory spending'!Q41,'CBO mandatory spending'!Q47,'CBO mandatory spending'!Q57,'CBO mandatory spending'!Q68,'CBO mandatory spending'!Q69) -> 469.84
B20: Mandatory spending | F20: =SUM(F10,F15:F19) -> 1912.9 | G20: =SUM(G10,G15:G19) -> 2022.658 | H20: =SUM(H10,H15:H19) -> 2067.776 | I20: =SUM(I10,I15:I19) -> 2148.247 | J20: =SUM(J10,J15:J19) -> 2234.219 | K20: =SUM(K10,K15:K19) -> 2365.915 | L20: =SUM(L10,L15:L19) -> 2539.456 | M20: =SUM(M10,M15:M19) -> 2647.176 | ... Q20: =SUM(Q10,Q15:Q19) -> 3327.13
B21: Discretionary spending | F21: ='CBO baseline'!F19 -> 1347.149 | G21: ='CBO baseline'!G19 -> 1353.437 | H21: ='CBO baseline'!H19 -> 1315.082 | I21: ='CBO baseline'!I19 -> 1299.84 | J21: ='CBO baseline'!J19 -> 1300.733 | K21: ='CBO baseline'!K19 -> 1311.302 | L21: ='CBO baseline'!L19 -> 1332.114 | M21: ='CBO baseline'!M19 -> 1349.821 | ... Q21: ='CBO baseline'!Q19 -> 1464.158
C22: Overseas Contingency Operations | G22: =-'CBO alternatives'!D15 -> 0 | H22: =-'CBO alternatives'!E15 -> -18.343 | I22: =-'CBO alternatives'!F15 -> -52.991 | J22: =-'CBO alternatives'!G15 -> -85.612 | K22: =-'CBO alternatives'!H15 -> -112.317 | L22: =-'CBO alternatives'!I15 -> -128.991 | M22: =-'CBO alternatives'!J15 -> -136.274 | N22: =-'CBO alternatives'!K15 -> -141.272 | ... Q22: =-'CBO alternatives'!N15 -> -152.205
C23: Adjusted discretionary spending | F23: =SUM(F21:F22) -> 1347.149 | G23: =SUM(G21:G22) -> 1353.437 | H23: =SUM(H21:H22) -> 1296.739 | I23: =SUM(I21:I22) -> 1246.849 | J23: =SUM(J21:J22) -> 1215.121 | K23: =SUM(K21:K22) -> 1198.985 | L23: =SUM(L21:L22) -> 1203.123 | M23: =SUM(M21:M22) -> 1213.547 | ... Q23: =SUM(Q21:Q22) -> 1311.953
B24: Net interest | F24: ='CBO baseline'!F20 -> 196.194 | G24: ='CBO baseline'!G20 -> 221.302 | H24: ='CBO baseline'!H20 -> 237.762 | I24: ='CBO baseline'!I20 -> 263.14 | J24: ='CBO baseline'!J20 -> 290.762 | K24: ='CBO baseline'!K20 -> 336.378 | L24: ='CBO baseline'!L20 -> 406.563 | M24: ='CBO baseline'!M20 -> 483.776 | ... Q24: ='CBO baseline'!Q20 -> 663.129
C25: Income/estate cuts + AMT patch | G25: =-'CBO alternatives'!D55 -> 0 | H25: =-'CBO alternatives'!E55 -> 0.126952 | I25: =-'CBO alternatives'!F55 -> 2.5236158 | J25: =-'CBO alternatives'!G55 -> 8.0347796 | K25: =-'CBO alternatives'!H55 -> 17.469234 | L25: =-'CBO alternatives'!I55 -> 38.622281 | M25: =-'CBO alternatives'!J55 -> 65.577445 | N25: =-'CBO alternatives'!K55 -> 93.528994 | ... Q25: =-'CBO alternatives'!N55 -> 192.05856
C26: Doc Fix | G26: =-'CBO alternatives'!D37 -> 0 | H26: =-'CBO alternatives'!E37 -> 0.1346688 | I26: =-'CBO alternatives'!F37 -> 0.3717162 | J26: =-'CBO alternatives'!G37 -> 0.7827852 | K26: =-'CBO alternatives'!H37 -> 1.4868591 | L26: =-'CBO alternatives'!I37 -> 3.043374 | M26: =-'CBO alternatives'!J37 -> 5.0178922 | N26: =-'CBO alternatives'!K37 -> 7.0703013 | ... Q26: =-'CBO alternatives'!N37 -> 14.467536
C27: Overseas Contingency Operations | G27: =-'CBO alternatives'!D16 -> 0 | H27: =-'CBO alternatives'!E16 -> -0.2054416 | I27: =-'CBO alternatives'!F16 -> -0.8034245 | J27: =-'CBO alternatives'!G16 -> -2.1709232 | K27: =-'CBO alternatives'!H16 -> -4.7757753 | L27: =-'CBO alternatives'!I16 -> -11.024582 | M27: =-'CBO alternatives'!J16 -> -19.107472 | N27: =-'CBO alternatives'!K16 -> -27.462969 | ... Q27: =-'CBO alternatives'!N16 -> -54.976326
C28: Adjusted net interest | F28: =SUM(F24:F27) -> 196.194 | G28: =SUM(G24:G27) -> 221.302 | H28: =SUM(H24:H27) -> 237.81818 | I28: =SUM(I24:I27) -> 265.23191 | J28: =SUM(J24:J27) -> 297.40864 | K28: =SUM(K24:K27) -> 350.55832 | L28: =SUM(L24:L27) -> 437.20407 | M28: =SUM(M24:M27) -> 535.26387 | ... Q28: =SUM(Q24:Q27) -> 814.67877
F29: _____ | G29: _____ | H29: _____ | I29: _____ | J29: _____ | K29: _____ | L29: _____ | M29: _____ | N29: _____ | O29: _____ | P29: _____ | Q29: _____
C30: Total Outlays | F30: =SUM(F20,F23,F28) -> 3456.243 | G30: =SUM(G20,G23,G28) -> 3597.397 | H30: =SUM(H20,H23,H28) -> 3602.3332 | I30: =SUM(I20,I23,I28) -> 3660.3279 | J30: =SUM(J20,J23,J28) -> 3746.7486 | K30: =SUM(K20,K23,K28) -> 3915.4583 | L30: =SUM(L20,L23,L28) -> 4179.7831 | M30: =SUM(M20,M23,M28) -> 4395.9869 | ... Q30: =SUM(Q20,Q23,Q28) -> 5453.7618
A32: Balance ex-Joint Select Committee | F32: =F7 - F30 -> -1293.5189 | G32: =G7 - G30 -> -1283.5619 | H32: =H7 - H30 -> -978.2881 | I32: =I7 - I30 -> -828.72936 | J32: =J7 - J30 -> -663.65422 | K32: =K7 - K30 -> -635.47368 | L32: =L7 - L30 -> -747.27434 | M32: =M7 - M30 -> -752.12931 | ... Q32: =Q7 - Q30 -> -1070.1147
A34: Joint Select Committee
B35: Policy changes | F35: 0 | G35: 0 | H35: 0 | I35: 111.4434 | J35: 111.4434 | K35: 111.4434 | L35: 111.4434 | M35: 111.4434 | N35: 111.4434 | O35: 111.4434 | P35: 111.4434 | Q35: 111.4434
B36: Debt service | F36: 0 | G36: 0 | H36: 0 | I36: 1.1032897 | J36: 3.1315595 | K36: 6.1739644 | L36: 12.492805 | M36: 20.070956 | N36: 27.281344 | O36: 34.61432 | P36: 42.170183 | Q36: 49.971221
F37: _ | G37: _ | H37: _ | I37: ___ | J37: ___ | K37: ___ | L37: ___ | M37: ___ | N37: ___ | O37: ___ | P37: ___ | Q37: ___
C38: Total Effects | F38: =SUM(F35:F36) -> 0 | G38: =SUM(G35:G36) -> 0 | H38: =SUM(H35:H36) -> 0 | I38: =SUM(I35:I36) -> 112.54669 | J38: =SUM(J35:J36) -> 114.57496 | K38: =SUM(K35:K36) -> 117.61736 | L38: =SUM(L35:L36) -> 123.93621 | M38: =SUM(M35:M36) -> 131.51436 | ... Q38: =SUM(Q35:Q36) -> 161.41462
A40: Total Balance | F40: =SUM(F32,F38) -> -1293.5189 | G40: =SUM(G32,G38) -> -1283.5619 | H40: =SUM(H32,H38) -> -978.2881 | I40: =SUM(I32,I38) -> -716.18267 | J40: =SUM(J32,J38) -> -549.07926 | K40: =SUM(K32,K38) -> -517.85631 | L40: =SUM(L32,L38) -> -623.33813 | M40: =SUM(M32,M38) -> -620.61496 | ... Q40: =SUM(Q32,Q38) -> -908.7001
A41: Memo: Primary Balance | F41: =F40 + F42 -> -1097.3249 | G41: =G40 + G42 -> -1062.2599 | H41: =H40 + H42 -> -740.5261 | I41: =I40 + I42 -> -454.14596 | J41: =J40 + J42 -> -261.44882 | K41: =K40 + K42 -> -187.65228 | L41: =L40 + L42 -> -229.26794 | M41: =M40 + M42 -> -156.90991 | ... Q41: =Q40 + Q42 -> -295.54232
A42: Memo: Net Interest | F42: =F24 - F36 -> 196.194 | G42: =G24 - G36 -> 221.302 | H42: =H24 - H36 -> 237.762 | I42: =I24 - I36 -> 262.03671 | J42: =J24 - J36 -> 287.63044 | K42: =K24 - K36 -> 330.20404 | L42: =L24 - L36 -> 394.07019 | M42: =M24 - M36 -> 463.70504 | ... Q42: =Q24 - Q36 -> 613.15778
A44: Other Means of Financing (Increase in Debt) | E44: BEOU, Table 1-7 | G44: -138.39 | H44: 15.598904 | I44: 109.97229 | J44: 109.60915 | K44: 109.99747 | L44: 98.61321 | M44: 98.763367 | N44: 93.540917 | O44: 88.170841 | P44: 83.895115 | Q44: 81.741363
A46: End of Year Public Debt | F46: ='CBO baseline'!F41 -> 9018.941 | G46: =F46 - G40 + G44 -> 10164.113 | H46: =G46 - H40 + H44 -> 11158 | I46: =H46 - I40 + I44 -> 11984.155 | J46: =I46 - J40 + J44 -> 12642.843 | K46: =J46 - K40 + K44 -> 13270.697 | L46: =K46 - L40 + L44 -> 13992.648 | M46: =L46 - M40 + M44 -> 14712.027 | N46: =M46 - N40 + N44 -> 15457.649 | ... Q46: =P46 - Q40 + Q44 -> 18215.24
A48: As Percentage of GDP
A50: GDP ($ Billions) | F50: ='CBO baseline'!F89 -> 14511.875 | G50: ='CBO baseline'!G89 -> 15095.075 | H50: ='CBO baseline'!H89 -> 15663.455 | I50: ='CBO baseline'!I89 -> 16181.564 | J50: ='CBO baseline'!J89 -> 16974.234 | K50: ='CBO baseline'!K89 -> 18132.445 | L50: ='CBO baseline'!L89 -> 19109.848 | M50: ='CBO baseline'!M89 -> 20027.825 | ... Q50: ='CBO baseline'!Q89 -> 23829.883
A52: Revenues
C53: Total Revenues | F53: =100 * F7/F$50 -> 14.903134 | G53: =100 * G7/G$50 -> 15.328411 | H53: =100 * H7/H$50 -> 16.752658 | I53: =100 * I7/I$50 -> 17.498917 | J53: =100 * J7/J$50 -> 18.163379 | K53: =100 * K7/K$50 -> 18.089037 | L53: =100 * L7/L$50 -> 17.961988 | M53: =100 * M7/M$50 -> 18.193975 | ... Q53: =100 * Q7/Q$50 -> 18.395588 | R53: =Q53 * (1 + LTBO!$F$49) -> 18.539634 | S53: =R53 * (1 + LTBO!$F$49) -> 18.684808 | T53: =S53 * (1 + LTBO!$F$49) -> 18.831118 | U53: =T53 * (1 + LTBO!$F$49) -> 18.978574 | V53: =U53 * (1 + LTBO!$F$49) -> 19.127185 | W53: =V53 * (1 + LTBO!$F$49) -> 19.276959 | X53: =W53 * (1 + LTBO!$F$49) -> 19.427906 | Y53: =X53 * (1 + LTBO!$F$49) -> 19.580036 | ... AE53: =AD53 * (1 + LTBO!$F$49) -> 20.518156
A55: Outlays
C56: Social Security | F56: =100 * F10/F$50 -> 4.8288178 | G56: =100 * G10/G$50 -> 4.8068062 | H56: =100 * H10/H$50 -> 4.9074486 | I56: =100 * I10/I$50 -> 5.01695 | J56: =100 * J10/J$50 -> 5.0269603 | K56: =100 * K10/K$50 -> 4.9455327 | L56: =100 * L10/L$50 -> 4.9475484 | M56: =100 * M10/M$50 -> 4.9999788 | ... Q56: =100 * Q10/Q$50 -> 5.3549614
D57: Medicare (gross) | F57: =100 * F13/F$50 -> 3.5866213 | G57: =100 * G13/G$50 -> 3.679571 | H57: =100 * H13/H$50 -> 3.6220936 | I57: =100 * I13/I$50 -> 3.8124558 | J57: =100 * J13/J$50 -> 3.85585 | K57: =100 * K13/K$50 -> 3.795037 | L57: =100 * L13/L$50 -> 3.9059912 | M57: =100 * M13/M$50 -> 3.8833772 | ... Q57: =100 * Q13/Q$50 -> 4.2435207
D58: Medicare offsets | F58: =100 * F14/F$50 -> -0.50998923 | G58: =100 * G14/G$50 -> -0.5224088 | H58: =100 * H14/H$50 -> -0.53544382 | I58: =100 * I14/I$50 -> -0.52985606 | J58: =100 * J14/J$50 -> -0.53089878 | K58: =100 * K14/K$50 -> -0.53419712 | L58: =100 * L14/L$50 -> -0.54890022 | M58: =100 * M14/M$50 -> -0.56807466 | ... Q58: =100 * Q14/Q$50 -> -0.61981841
C59: Medicare (net) | F59: =100 * F15/F$50 -> 3.0766321 | G59: =100 * G15/G$50 -> 3.1571622 | H59: =100 * H15/H$50 -> 3.0866498 | I59: =100 * I15/I$50 -> 3.2825998 | J59: =100 * J15/J$50 -> 3.3249513 | K59: =100 * K15/K$50 -> 3.2608399 | L59: =100 * L15/L$50 -> 3.357091 | M59: =100 * M15/M$50 -> 3.3153026 | ... Q59: =100 * Q15/Q$50 -> 3.6237023
C60: Medicaid | F60: =100 * F16/F$50 -> 1.87964 | G60: =100 * G16/G$50 -> 1.8178048 | H60: =100 * H16/H$50 -> 1.656314 | I60: =100 * I16/I$50 -> 1.705243 | J60: =100 * J16/J$50 -> 1.9119037 | K60: =100 * K16/K$50 -> 2.008626 | L60: =100 * L16/L$50 -> 2.1124029 | M60: =100 * M16/M$50 -> 2.1484809 | ... Q60: =100 * Q16/Q$50 -> 2.3557187
C61: CHIP and exchange subsidies | F61: =100 * F17/F$50 -> 0.054355485 | G61: =100 * G17/G$50 -> 0.057356455 | H61: =100 * H17/H$50 -> 0.060222985 | I61: =100 * I17/I$50 -> 0.06239199 | J61: =100 * J17/J$50 -> 0.14837194 | K61: =100 * K17/K$50 -> 0.2433428 | L61: =100 * L17/L$50 -> 0.34543968 | M61: =100 * M17/M$50 -> 0.39163014 | ... Q61: =100 * Q17/Q$50 -> 0.42834454
C62: Other healthcare | F62: =100 * F18/F$50 -> 0.063975193 | G62: =100 * G18/G$50 -> 0.089916744 | H62: =100 * H18/H$50 -> 0.10550035 | I62: =100 * I18/I$50 -> 0.10529266 | J62: =100 * J18/J$50 -> 0.14139077 | K62: =100 * K18/K$50 -> 0.20792563 | L62: =100 * L18/L$50 -> 0.18838977 | M62: =100 * M18/M$50 -> 0.19366556 | ... Q62: =100 * Q18/Q$50 -> 0.22763855
C63: Other mandatory | F63: =100 * F19/F$50 -> 3.278198 | G63: =100 * G19/G$50 -> 3.47041 | H63: =100 * H19/H$50 -> 3.3851408 | I63: =100 * I19/I$50 -> 3.1034144 | J63: =100 * J19/J$50 -> 2.6088365 | K63: =100 * K19/K$50 -> 2.3816975 | L63: =100 * L19/L$50 -> 2.3378574 | M63: =100 * M19/M$50 -> 2.1684332 | ... Q63: =100 * Q19/Q$50 -> 1.9716421
B64: Mandatory spending | F64: =100 * F20/F$50 -> 13.181619 | G64: =100 * G20/G$50 -> 13.399456 | H64: =100 * H20/H$50 -> 13.201277 | I64: =100 * I20/I$50 -> 13.275892 | J64: =100 * J20/J$50 -> 13.162414 | K64: =100 * K20/K$50 -> 13.047964 | L64: =100 * L20/L$50 -> 13.288729 | M64: =100 * M20/M$50 -> 13.217491 | ... Q64: =100 * Q20/Q$50 -> 13.962008
B65: Discretionary spending | F65: =100 * F23/F$50 -> 9.2830802 | G65: =100 * G23/G$50 -> 8.9660832 | H65: =100 * H23/H$50 -> 8.2787547 | I65: =100 * I23/I$50 -> 7.7053674 | J65: =100 * J23/J$50 -> 7.1586206 | K65: =100 * K23/K$50 -> 6.6123735 | L65: =100 * L23/L$50 -> 6.295827 | M65: =100 * M23/M$50 -> 6.059305 | ... Q65: =100 * Q23/Q$50 -> 5.505495
B66: Net interest | F66: =100 * F28/F$50 -> 1.3519549 | G66: =100 * G28/G$50 -> 1.4660543 | H66: =100 * H28/H$50 -> 1.5182996 | I66: =100 * I28/I$50 -> 1.6390993 | J66: =100 * J28/J$50 -> 1.7521182 | K66: =100 * K28/K$50 -> 1.9333207 | L66: =100 * L28/L$50 -> 2.2878469 | M66: =100 * M28/M$50 -> 2.6726011 | ... Q66: =100 * Q28/Q$50 -> 3.4187276
F67: ____ | G67: ____ | H67: ____ | I67: ____ | J67: ____ | K67: ____ | L67: ____ | M67: ____ | N67: ____ | O67: ____ | P67: ____ | Q67: ____
C68: Total Outlays | F68: =100 * F30/F$50 -> 23.816654 | G68: =100 * G30/G$50 -> 23.831594 | H68: =100 * H30/H$50 -> 22.998331 | I68: =100 * I30/I$50 -> 22.620359 | J68: =100 * J30/J$50 -> 22.073153 | K68: =100 * K30/K$50 -> 21.593659 | L68: =100 * L30/L$50 -> 21.872403 | M68: =100 * M30/M$50 -> 21.949397 | ... Q68: =100 * Q30/Q$50 -> 22.88623 | R68: =SUM(R71:R74) -> 23.777182 | S68: =SUM(S71:S74) -> 24.171932 | T68: =SUM(T71:T74) -> 24.575205 | U68: =SUM(U71:U74) -> 24.987 | V68: =SUM(V71:V74) -> 25.407316 | W68: =SUM(W71:W74) -> 25.836152 | X68: =SUM(X71:X74) -> 26.273506 | Y68: =SUM(Y71:Y74) -> 26.719377 | ... AE68: =SUM(AE71:AE74) -> 29.252774
A70: LTBO Outlay Categories
B71: Social Security | F71: =F56 -> 4.8288178 | G71: =G56 -> 4.8068062 | H71: =H56 -> 4.9074486 | I71: =I56 -> 5.01695 | J71: =J56 -> 5.0269603 | K71: =K56 -> 4.9455327 | L71: =L56 -> 4.9475484 | M71: =M56 -> 4.9999788 | ... Q71: =Q56 -> 5.3549614 | R71: 5.4 | S71: 5.5 | T71: 5.6 | U71: 5.7 | V71: 5.7 | W71: 5.8 | X71: 5.9 | Y71: 5.9 | Z71: 6 | AA71: 6 | AB71: 6 | AC71: 6.1 | AD71: 6.1 | AE71: 6.1
B72: Medicare, Medicaid, CHIP, exchange subsidies | F72: =SUM(F57,F60,F61) -> 5.5206167 | G72: =SUM(G57,G60,G61) -> 5.5547322 | H72: =SUM(H57,H60,H61) -> 5.3386307 | I72: =SUM(I57,I60,I61) -> 5.5800909 | J72: =SUM(J57,J60,J61) -> 5.9161257 | K72: =SUM(K57,K60,K61) -> 6.0470057 | L72: =SUM(L57,L60,L61) -> 6.3638338 | M72: =SUM(M57,M60,M61) -> 6.4234883 | ... Q72: =SUM(Q57,Q60,Q61) -> 7.0275839 | R72: 7.4 | S72: 7.6 | T72: 7.8 | U72: 8 | V72: 8.3 | W72: 8.5 | X72: 8.7 | Y72: 9 | Z72: 9.2 | AA72: 9.5 | AB72: 9.7 | AC72: 9.9 | AD72: 10.1 | AE72: 10.3
B73: Other noninterest spending | F73: =SUM(F58,F62, F63,F65) -> 12.115264 | G73: =SUM(G58,G62, G63,G65) -> 12.004001 | H73: =SUM(H58,H62, H63,H65) -> 11.233952 | I73: =SUM(I58,I62, I63,I65) -> 10.384218 | J73: =SUM(J58,J62, J63,J65) -> 9.3779491 | K73: =SUM(K58,K62, K63,K65) -> 8.6677996 | L73: =SUM(L58,L62, L63,L65) -> 8.2731739 | M73: =SUM(M58,M62, M63,M65) -> 7.853329 | ... Q73: =SUM(Q58,Q62, Q63,Q65) -> 7.0849573 | R73: =$Q73 -> 7.0849573 | S73: =$Q73 -> 7.0849573 | T73: =$Q73 -> 7.0849573 | U73: =$Q73 -> 7.0849573 | V73: =$Q73 -> 7.0849573 | W73: =$Q73 -> 7.0849573 | X73: =$Q73 -> 7.0849573 | Y73: =$Q73 -> 7.0849573 | ... AE73: =$Q73 -> 7.0849573
B74: Net interest | F74: =F66 -> 1.3519549 | G74: =G66 -> 1.4660543 | H74: =H66 -> 1.5182996 | I74: =I66 -> 1.6390993 | J74: =J66 -> 1.7521182 | K74: =K66 -> 1.9333207 | L74: =L66 -> 2.2878469 | M74: =M66 -> 2.6726011 | ... Q74: =Q66 -> 3.4187276 | R74: =(5.2% * Q90) / (1 + 'LTBO economic variables'!$H$34) -> 3.8922247 | S74: =(5.2% * R90) / (1 + 'LTBO economic variables'!$H$34) -> 3.9869747 | T74: =(5.2% * S90) / (1 + 'LTBO economic variables'!$H$34) -> 4.0902474 | U74: =(5.2% * T90) / (1 + 'LTBO economic variables'!$H$34) -> 4.2020423 | V74: =(5.2% * U90) / (1 + 'LTBO economic variables'!$H$34) -> 4.3223585 | W74: =(5.2% * V90) / (1 + 'LTBO economic variables'!$H$34) -> 4.4511947 | X74: =(5.2% * W90) / (1 + 'LTBO economic variables'!$H$34) -> 4.5885492 | Y74: =(5.2% * X90) / (1 + 'LTBO economic variables'!$H$34) -> 4.7344196 | ... AE74: =(5.2% * AD90) / (1 + 'LTBO economic variables'!$H$34) -> 5.7678163
A76: Balance ex-Joint Select Committee | F76: =100 * F32/F$50 -> -8.9135201 | G76: =100 * G32/G$50 -> -8.503183 | H76: =100 * H32/H$50 -> -6.2456726 | I76: =100 * I32/I$50 -> -5.1214415 | J76: =100 * J32/J$50 -> -3.9097742 | K76: =100 * K32/K$50 -> -3.5046221 | L76: =100 * L32/L$50 -> -3.9104148 | M76: =100 * M32/M$50 -> -3.7554218 | ... Q76: =100 * Q32/Q$50 -> -4.490642 | R76: =R53 - R68 -> -5.2375481 | S76: =S53 - S68 -> -5.4871245 | T76: =T53 - T68 -> -5.7440867 | U76: =U53 - U68 -> -6.0084255 | V76: =V53 - V68 -> -6.280131 | W76: =W53 - W68 -> -6.5591928 | X76: =X53 - X68 -> -6.8456 | Y76: =Y53 - Y68 -> -7.1393412 | ... AE76: =AE53 - AE68 -> -8.7346175
A78: Joint Select Committee | R78: Assumes JSC has no impact after 2021 (conservative)
B79: Policy changes | F79: =100 * F35/F$50 -> 0 | G79: =100 * G35/G$50 -> 0 | H79: =100 * H35/H$50 -> 0 | I79: =100 * I35/I$50 -> 0.68870597 | J79: =100 * J35/J$50 -> 0.65654451 | K79: =100 * K35/K$50 -> 0.61460768 | L79: =100 * L35/L$50 -> 0.5831726 | M79: =100 * M35/M$50 -> 0.55644285 | ... Q79: =100 * Q35/Q$50 -> 0.4676624
B80: Debt service | F80: =100 * F36/F$50 -> 0 | G80: =100 * G36/G$50 -> 0 | H80: =100 * H36/H$50 -> 0 | I80: =100 * I36/I$50 -> 0.0068181891 | J80: =100 * J36/J$50 -> 0.018448901 | K80: =100 * K36/K$50 -> 0.034049265 | L80: =100 * L36/L$50 -> 0.065373648 | M80: =100 * M36/M$50 -> 0.10021536 | ... Q80: =100 * Q36/Q$50 -> 0.20969982
F81: ____ | G81: ____ | H81: ____ | I81: ____ | J81: ____ | K81: ____ | L81: ____ | M81: ____ | N81: ____ | O81: ____ | P81: ____ | Q81: ____
C82: Total Effects | F82: =100 * F38/F$50 -> 0 | G82: =100 * G38/G$50 -> 0 | H82: =100 * H38/H$50 -> 0 | I82: =100 * I38/I$50 -> 0.69552416 | J82: =100 * J38/J$50 -> 0.67499341 | K82: =100 * K38/K$50 -> 0.64865694 | L82: =100 * L38/L$50 -> 0.64854625 | M82: =100 * M38/M$50 -> 0.6566582 | ... Q82: =100 * Q38/Q$50 -> 0.67736222
A84: Total Balance | F84: =100 * F40/F$50 -> -8.9135201 | G84: =100 * G40/G$50 -> -8.503183 | H84: =100 * H40/H$50 -> -6.2456726 | I84: =100 * I40/I$50 -> -4.4259174 | J84: =100 * J40/J$50 -> -3.2347808 | K84: =100 * K40/K$50 -> -2.8559651 | L84: =100 * L40/L$50 -> -3.2618685 | M84: =100 * M40/M$50 -> -3.0987636 | ... Q84: =100 * Q40/Q$50 -> -3.8132798 | R84: =R76 -> -5.2375481 | S84: =S76 -> -5.4871245 | T84: =T76 -> -5.7440867 | U84: =U76 -> -6.0084255 | V84: =V76 -> -6.280131 | W84: =W76 -> -6.5591928 | X84: =X76 -> -6.8456 | Y84: =Y76 -> -7.1393412 | ... AE84: =AE76 -> -8.7346175
A85: Memo: Primary Balance | F85: =100 * F41/F$50 -> -7.5615652 | G85: =100 * G41/G$50 -> -7.0371287 | H85: =100 * H41/H$50 -> -4.7277316 | I85: =100 * I41/I$50 -> -2.806564 | J85: =100 * J41/J$50 -> -1.5402688 | K85: =100 * K41/K$50 -> -1.0348978 | L85: =100 * L41/L$50 -> -1.1997371 | M85: =100 * M41/M$50 -> -0.78345958 | ... Q85: =100 * Q41/Q$50 -> -1.2402173 | R85: =R84 + R74 -> -1.3453234 | S85: =S84 + S74 -> -1.5001498 | T85: =T84 + T74 -> -1.6538394 | U85: =U84 + U74 -> -1.8063833 | V85: =V84 + V74 -> -1.9577725 | W85: =W84 + W74 -> -2.1079981 | X85: =X84 + X74 -> -2.2570509 | Y85: =Y84 + Y74 -> -2.4049216 | ... AE85: =AE84 + AE74 -> -2.9668013
A86: Memo: Net Interest | F86: =100 * F42/F$50 -> 1.3519549 | G86: =100 * G42/G$50 -> 1.4660543 | H86: =100 * H42/H$50 -> 1.517941 | I86: =100 * I42/I$50 -> 1.6193534 | J86: =100 * J42/J$50 -> 1.6945121 | K86: =100 * K42/K$50 -> 1.8210673 | L86: =100 * L42/L$50 -> 2.0621314 | M86: =100 * M42/M$50 -> 2.315304 | ... Q86: =100 * Q42/Q$50 -> 2.5730625 | R86: =R74 -> 3.8922247 | S86: =S74 -> 3.9869747 | T86: =T74 -> 4.0902474 | U86: =U74 -> 4.2020423 | V86: =V74 -> 4.3223585 | W86: =W74 -> 4.4511947 | X86: =X74 -> 4.5885492 | Y86: =Y74 -> 4.7344196 | ... AE86: =AE74 -> 5.7678163
A88: Other Means of Financing (Increase in Debt) | F88: =100 * F44/F$50 -> 0 | G88: =100 * G44/G$50 -> -0.91678908 | H88: =100 * H44/H$50 -> 0.099587889 | I88: =100 * I44/I$50 -> 0.67961472 | J88: =100 * J44/J$50 -> 0.64573845 | K88: =100 * K44/K$50 -> 0.60663339 | L88: =100 * L44/L$50 -> 0.51603345 | M88: =100 * M44/M$50 -> 0.49313076 | ... Q88: =100 * Q44/Q$50 -> 0.34302042
A90: End of Year Public Debt | F90: =100 * F46/F$50 -> 62.148695 | G90: =100 * G46/G$50 -> 67.333967 | H90: =100 * H46/H$50 -> 71.23588 | I90: =100 * I46/I$50 -> 74.060545 | J90: =100 * J46/J$50 -> 74.482556 | K90: =100 * K46/K$50 -> 73.187576 | L90: =100 * L46/L$50 -> 73.222184 | M90: =100 * M46/M$50 -> 73.457935 | ... Q90: =100 * Q46/Q$50 -> 76.438649 | R90: =Q90 / (1 + 2.5% + 'LTBO economic variables'!$H$34) - R84 -> 78.299426 | S90: =R90 / (1 + 2.5% + 'LTBO economic variables'!$H$34) - S84 -> 80.327578 | T90: =S90 / (1 + 2.5% + 'LTBO economic variables'!$H$34) - T84 -> 82.523096 | U90: =T90 / (1 + 2.5% + 'LTBO economic variables'!$H$34) - U84 -> 84.885963 | V90: =U90 / (1 + 2.5% + 'LTBO economic variables'!$H$34) - V84 -> 87.416153 | W90: =V90 / (1 + 2.5% + 'LTBO economic variables'!$H$34) - W84 -> 90.113631 | X90: =W90 / (1 + 2.5% + 'LTBO economic variables'!$H$34) - X84 -> 92.978351 | Y90: =X90 / (1 + 2.5% + 'LTBO economic variables'!$H$34) - Y84 -> 96.01026 | ... AE90: =AD90 / (1 + 2.5% + 'LTBO economic variables'!$H$34) - AE84 -> 117.00367

Sheet new alternative
A1: Billions of Dollars
F2: Actual,
F3: 2010 | G3: 2011 | H3: 2012 | I3: 2013 | J3: 2014 | K3: 2015 | L3: 2016 | M3: 2017 | N3: 2018 | O3: 2019 | P3: 2020 | Q3: 2021 | R3: 2022 | S3: 2023 | T3: 2024 | U3: 2025 | V3: 2026 | W3: 2027 | X3: 2028 | Y3: 2029 | Z3: 2030 | AA3: 2031 | AB3: 2032 | AC3: 2033 | AD3: 2034 | AE3: 2035
A4: Revenues
C5: Total Revenues | F5: ='CBO baseline'!F13 -> 2162.7241 | G5: ='CBO baseline'!G13 -> 2313.8351 | H5: ='CBO baseline'!H13 -> 2635.3801 | I5: ='CBO baseline'!I13 -> 3069.106 | J5: ='CBO baseline'!J13 -> 3423.1684 | K5: ='CBO baseline'!K13 -> 3665.2916 | L5: ='CBO baseline'!L13 -> 3846.8717 | M5: ='CBO baseline'!M13 -> 4087.4636 | ... Q5: ='CBO baseline'!Q13 -> 4969.2071
D6: Income/estate cuts + AMT patch | G6: ='CBO alternatives'!D54 -> 0 | H6: ='CBO alternatives'!E54 -> -11.335 | I6: ='CBO alternatives'!F54 -> -237.50746 | J6: ='CBO alternatives'!G54 -> -340.074 | K6: ='CBO alternatives'!H54 -> -385.307 | L6: ='CBO alternatives'!I54 -> -414.363 | M6: ='CBO alternatives'!J54 -> -443.606 | N6: ='CBO alternatives'!K54 -> -475.636 | ... Q6: ='CBO alternatives'!N54 -> -585.56
D7: Other tax cuts | G7: ='CBO alternatives'!D58 -> 0 | H7: ='CBO alternatives'!E58 -> -12.50574 | I7: ='CBO alternatives'!F58 -> -76.895397 | J7: ='CBO alternatives'!G58 -> -113.26057 | K7: ='CBO alternatives'!H58 -> -100.1658 | L7: ='CBO alternatives'!I58 -> -87.406479 | M7: ='CBO alternatives'!J58 -> -79.895576 | N7: ='CBO alternatives'!K58 -> -75.213836 | ... Q7: ='CBO alternatives'!N58 -> -73.104453
D8: Adjusted Total Revenues | F8: =SUM(F5:F7) -> 2162.7241 | G8: =SUM(G5:G7) -> 2313.8351 | H8: =SUM(H5:H7) -> 2611.5393 | I8: =SUM(I5:I7) -> 2754.7031 | J8: =SUM(J5:J7) -> 2969.8339 | K8: =SUM(K5:K7) -> 3179.8188 | L8: =SUM(L5:L7) -> 3345.1023 | M8: =SUM(M5:M7) -> 3563.962 | ... Q8: =SUM(Q5:Q7) -> 4310.5426
A10: Outlays
C11: Social Security | F11: ='CBO mandatory spending'!F9 -> 700.752 | G11: ='CBO mandatory spending'!G9 -> 725.591 | H11: ='CBO mandatory spending'!H9 -> 768.676 | I11: ='CBO mandatory spending'!I9 -> 811.821 | J11: ='CBO mandatory spending'!J9 -> 853.288 | K11: ='CBO mandatory spending'!K9 -> 896.746 | L11: ='CBO mandatory spending'!L9 -> 945.469 | M11: ='CBO mandatory spending'!M9 -> 1001.387 | ... Q11: ='CBO mandatory spending'!Q9 -> 1276.081
D12: Medicare (gross) | F12: ='CBO mandatory spending'!F12 -> 520.486 | G12: ='CBO mandatory spending'!G12 -> 555.434 | H12: ='CBO mandatory spending'!H12 -> 555.321 | I12: ='CBO mandatory spending'!I12 -> 597.829 | J12: ='CBO mandatory spending'!J12 -> 631.62 | K12: ='CBO mandatory spending'!K12 -> 662.078 | L12: ='CBO mandatory spending'!L12 -> 717.59 | M12: ='CBO mandatory spending'!M12 -> 746.47 | ... Q12: ='CBO mandatory spending'!Q12 -> 966.14
D13: Doc Fix | G13: =-'CBO alternatives'!D36 -> 0 | H13: =-'CBO alternatives'!E36 -> 12.024 | I13: =-'CBO alternatives'!F36 -> 19.086 | J13: =-'CBO alternatives'!G36 -> 22.881 | K13: =-'CBO alternatives'!H36 -> 26.055 | L13: =-'CBO alternatives'!I36 -> 28.839 | M13: =-'CBO alternatives'!J36 -> 31.286 | N13: =-'CBO alternatives'!K36 -> 33.884 | ... Q13: =-'CBO alternatives'!N36 -> 45.086
D14: Adjusted Medicare (gross) | F14: =SUM(F12:F13) -> 520.486 | G14: =SUM(G12:G13) -> 555.434 | H14: =SUM(H12:H13) -> 567.345 | I14: =SUM(I12:I13) -> 616.915 | J14: =SUM(J12:J13) -> 654.501 | K14: =SUM(K12:K13) -> 688.133 | L14: =SUM(L12:L13) -> 746.429 | M14: =SUM(M12:M13) -> 777.756 | ... Q14: =SUM(Q12:Q13) -> 1011.226
D15: Medicare offsets | F15: ='CBO mandatory spending'!F66 -> -74.009 | G15: ='CBO mandatory spending'!G66 -> -78.858 | H15: ='CBO mandatory spending'!H66 -> -83.869 | I15: ='CBO mandatory spending'!I66 -> -85.739 | J15: ='CBO mandatory spending'!J66 -> -90.116 | K15: ='CBO mandatory spending'!K66 -> -96.863 | L15: ='CBO mandatory spending'!L66 -> -104.894 | M15: ='CBO mandatory spending'!M66 -> -113.773 | ... Q15: ='CBO mandatory spending'!Q66 -> -147.702
C16: Medicare (net) | F16: =SUM(F14:F15) -> 446.477 | G16: =SUM(G14:G15) -> 476.576 | H16: =SUM(H14:H15) -> 483.476 | I16: =SUM(I14:I15) -> 531.176 | J16: =SUM(J14:J15) -> 564.385 | K16: =SUM(K14:K15) -> 591.27 | L16: =SUM(L14:L15) -> 641.535 | M16: =SUM(M14:M15) -> 663.983 | ... Q16: =SUM(Q14:Q15) -> 863.524
C17: Medicaid | F17: ='CBO mandatory spending'!F13 -> 272.771 | G17: ='CBO mandatory spending'!G13 -> 274.399 | H17: ='CBO mandatory spending'!H13 -> 259.436 | I17: ='CBO mandatory spending'!I13 -> 275.935 | J17: ='CBO mandatory spending'!J13 -> 324.531 | K17: ='CBO mandatory spending'!K13 -> 364.213 | L17: ='CBO mandatory spending'!L13 -> 403.677 | M17: ='CBO mandatory spending'!M13 -> 430.294 | ... Q17: ='CBO mandatory spending'!Q13 -> 561.365
C18: CHIP and exchange subsidies | F18: =SUM('CBO mandatory spending'!F16,'CBO mandatory spending'!F19) -> 7.888 | G18: =SUM('CBO mandatory spending'!G16,'CBO mandatory spending'!G19) -> 8.658 | H18: =SUM('CBO mandatory spending'!H16,'CBO mandatory spending'!H19) -> 9.433 | I18: =SUM('CBO mandatory spending'!I16,'CBO mandatory spending'!I19) -> 10.096 | J18: =SUM('CBO mandatory spending'!J16,'CBO mandatory spending'!J19) -> 25.185 | K18: =SUM('CBO mandatory spending'!K16,'CBO mandatory spending'!K19) -> 44.124 | L18: =SUM('CBO mandatory spending'!L16,'CBO mandatory spending'!L19) -> 66.013 | M18: =SUM('CBO mandatory spending'!M16,'CBO mandatory spending'!M19) -> 78.435 | ... Q18: =SUM('CBO mandatory spending'!Q16,'CBO mandatory spending'!Q19) -> 102.074
C19: Other healthcare | F19: =SUM('CBO mandatory spending'!F17,'CBO mandatory spending'!F20) -> 9.284 | G19: =SUM('CBO mandatory spending'!G17,'CBO mandatory spending'!G20) -> 13.573 | H19: =SUM('CBO mandatory spending'!H17,'CBO mandatory spending'!H20) -> 16.525 | I19: =SUM('CBO mandatory spending'!I17,'CBO mandatory spending'!I20) -> 17.038 | J19: =SUM('CBO mandatory spending'!J17,'CBO mandatory spending'!J20) -> 24 | K19: =SUM('CBO mandatory spending'!K17,'CBO mandatory spending'!K20) -> 37.702 | L19: =SUM('CBO mandatory spending'!L17,'CBO mandatory spending'!L20) -> 36.001 | M19: =SUM('CBO mandatory spending'!M17,'CBO mandatory spending'!M20) -> 38.787 | ... Q19: =SUM('CBO mandatory spending'!Q17,'CBO mandatory spending'!Q20) -> 54.246
C20: Other mandatory | F20: =SUM('CBO mandatory spending'!F34,'CBO mandatory spending'!F41,'CBO mandatory spending'!F47,'CBO mandatory spending'!F57,'CBO mandatory spending'!F68,'CBO mandatory spending'!F69) -> 475.728 | G20: =SUM('CBO mandatory spending'!G34,'CBO mandatory spending'!G41,'CBO mandatory spending'!G47,'CBO mandatory spending'!G57,'CBO mandatory spending'!G68,'CBO mandatory spending'!G69) -> 523.861 | H20: =SUM('CBO mandatory spending'!H34,'CBO mandatory spending'!H41,'CBO mandatory spending'!H47,'CBO mandatory spending'!H57,'CBO mandatory spending'!H68,'CBO mandatory spending'!H69) -> 530.23 | I20: =SUM('CBO mandatory spending'!I34,'CBO mandatory spending'!I41,'CBO mandatory spending'!I47,'CBO mandatory spending'!I57,'CBO mandatory spending'!I68,'CBO mandatory spending'!I69) -> 502.181 | J20: =SUM('CBO mandatory spending'!J34,'CBO mandatory spending'!J41,'CBO mandatory spending'!J47,'CBO mandatory spending'!J57,'CBO mandatory spending'!J68,'CBO mandatory spending'!J69) -> 442.83 | K20: =SUM('CBO mandatory spending'!K34,'CBO mandatory spending'!K41,'CBO mandatory spending'!K47,'CBO mandatory spending'!K57,'CBO mandatory spending'!K68,'CBO mandatory spending'!K69) -> 431.86 | L20: =SUM('CBO mandatory spending'!L34,'CBO mandatory spending'!L41,'CBO mandatory spending'!L47,'CBO mandatory spending'!L57,'CBO mandatory spending'!L68,'CBO mandatory spending'!L69) -> 446.761 | M20: =SUM('CBO mandatory spending'!M34,'CBO mandatory spending'!M41,'CBO mandatory spending'!M47,'CBO mandatory spending'!M57,'CBO mandatory spending'!M68,'CBO mandatory spending'!M69) -> 434.29 | ... Q20: =SUM('CBO mandatory spending'!Q34,'CBO mandatory spending'!Q41,'CBO mandatory spending'!Q47,'CBO mandatory spending'!Q57,'CBO mandatory spending'!Q68,'CBO mandatory spending'!Q69) -> 469.84
B21: Mandatory spending | F21: =SUM(F11,F16:F20) -> 1912.9 | G21: =SUM(G11,G16:G20) -> 2022.658 | H21: =SUM(H11,H16:H20) -> 2067.776 | I21: =SUM(I11,I16:I20) -> 2148.247 | J21: =SUM(J11,J16:J20) -> 2234.219 | K21: =SUM(K11,K16:K20) -> 2365.915 | L21: =SUM(L11,L16:L20) -> 2539.456 | M21: =SUM(M11,M16:M20) -> 2647.176 | ... Q21: =SUM(Q11,Q16:Q20) -> 3327.13
B22: Discretionary spending | F22: ='CBO baseline'!F19 -> 1347.149 | G22: ='CBO baseline'!G19 -> 1353.437 | H22: ='CBO baseline'!H19 -> 1315.082 | I22: ='CBO baseline'!I19 -> 1299.84 | J22: ='CBO baseline'!J19 -> 1300.733 | K22: ='CBO baseline'!K19 -> 1311.302 | L22: ='CBO baseline'!L19 -> 1332.114 | M22: ='CBO baseline'!M19 -> 1349.821 | ... Q22: ='CBO baseline'!Q19 -> 1464.158
C23: Overseas Contingency Operations | G23: =-'CBO alternatives'!D15 -> 0 | H23: =-'CBO alternatives'!E15 -> -18.343 | I23: =-'CBO alternatives'!F15 -> -52.991 | J23: =-'CBO alternatives'!G15 -> -85.612 | K23: =-'CBO alternatives'!H15 -> -112.317 | L23: =-'CBO alternatives'!I15 -> -128.991 | M23: =-'CBO alternatives'!J15 -> -136.274 | N23: =-'CBO alternatives'!K15 -> -141.272 | ... Q23: =-'CBO alternatives'!N15 -> -152.205
C24: Adjusted discretionary spending | F24: =SUM(F22:F23) -> 1347.149 | G24: =SUM(G22:G23) -> 1353.437 | H24: =SUM(H22:H23) -> 1296.739 | I24: =SUM(I22:I23) -> 1246.849 | J24: =SUM(J22:J23) -> 1215.121 | K24: =SUM(K22:K23) -> 1198.985 | L24: =SUM(L22:L23) -> 1203.123 | M24: =SUM(M22:M23) -> 1213.547 | ... Q24: =SUM(Q22:Q23) -> 1311.953
B25: Net interest | F25: ='CBO baseline'!F20 -> 196.194 | G25: ='CBO baseline'!G20 -> 221.302 | H25: ='CBO baseline'!H20 -> 237.762 | I25: ='CBO baseline'!I20 -> 263.14 | J25: ='CBO baseline'!J20 -> 290.762 | K25: ='CBO baseline'!K20 -> 336.378 | L25: ='CBO baseline'!L20 -> 406.563 | M25: ='CBO baseline'!M20 -> 483.776 | ... Q25: ='CBO baseline'!Q20 -> 663.129
C26: Income/estate cuts + AMT patch | G26: =-'CBO alternatives'!D55 -> 0 | H26: =-'CBO alternatives'!E55 -> 0.126952 | I26: =-'CBO alternatives'!F55 -> 2.5236158 | J26: =-'CBO alternatives'!G55 -> 8.0347796 | K26: =-'CBO alternatives'!H55 -> 17.469234 | L26: =-'CBO alternatives'!I55 -> 38.622281 | M26: =-'CBO alternatives'!J55 -> 65.577445 | N26: =-'CBO alternatives'!K55 -> 93.528994 | ... Q26: =-'CBO alternatives'!N55 -> 192.05856
C27: Other tax cuts | G27: =-'CBO alternatives'!D59 -> 0 | H27: =-'CBO alternatives'!E59 -> 0.14006429 | I27: =-'CBO alternatives'!F59 -> 0.95135168 | J27: =-'CBO alternatives'!G59 -> 2.7866706 | K27: =-'CBO alternatives'!H59 -> 5.6202583 | L27: =-'CBO alternatives'!I59 -> 11.021083 | M27: =-'CBO alternatives'!J59 -> 17.046268 | N27: =-'CBO alternatives'!K59 -> 22.421166 | ... Q27: =-'CBO alternatives'!N59 -> 38.321887
C28: Doc Fix | G28: =-'CBO alternatives'!D37 -> 0 | H28: =-'CBO alternatives'!E37 -> 0.1346688 | I28: =-'CBO alternatives'!F37 -> 0.3717162 | J28: =-'CBO alternatives'!G37 -> 0.7827852 | K28: =-'CBO alternatives'!H37 -> 1.4868591 | L28: =-'CBO alternatives'!I37 -> 3.043374 | M28: =-'CBO alternatives'!J37 -> 5.0178922 | N28: =-'CBO alternatives'!K37 -> 7.0703013 | ... Q28: =-'CBO alternatives'!N37 -> 14.467536
C29: Overseas Contingency Operations | G29: =-'CBO alternatives'!D16 -> 0 | H29: =-'CBO alternatives'!E16 -> -0.2054416 | I29: =-'CBO alternatives'!F16 -> -0.8034245 | J29: =-'CBO alternatives'!G16 -> -2.1709232 | K29: =-'CBO alternatives'!H16 -> -4.7757753 | L29: =-'CBO alternatives'!I16 -> -11.024582 | M29: =-'CBO alternatives'!J16 -> -19.107472 | N29: =-'CBO alternatives'!K16 -> -27.462969 | ... Q29: =-'CBO alternatives'!N16 -> -54.976326
C30: Adjusted net interest | F30: =SUM(F25:F29) -> 196.194 | G30: =SUM(G25:G29) -> 221.302 | H30: =SUM(H25:H29) -> 237.95824 | I30: =SUM(I25:I29) -> 266.18326 | J30: =SUM(J25:J29) -> 300.19531 | K30: =SUM(K25:K29) -> 356.17858 | L30: =SUM(L25:L29) -> 448.22516 | M30: =SUM(M25:M29) -> 552.31013 | ... Q30: =SUM(Q25:Q29) -> 853.00066
F31: _____ | G31: _____ | H31: _____ | I31: _____ | J31: _____ | K31: _____ | L31: _____ | M31: _____ | N31: _____ | O31: _____ | P31: _____ | Q31: _____
C32: Total Outlays | F32: =SUM(F21,F24,F30) -> 3456.243 | G32: =SUM(G21,G24,G30) -> 3597.397 | H32: =SUM(H21,H24,H30) -> 3602.4732 | I32: =SUM(I21,I24,I30) -> 3661.2793 | J32: =SUM(J21,J24,J30) -> 3749.5353 | K32: =SUM(K21,K24,K30) -> 3921.0786 | L32: =SUM(L21,L24,L30) -> 4190.8042 | M32: =SUM(M21,M24,M30) -> 4413.0331 | ... Q32: =SUM(Q21,Q24,Q30) -> 5492.0837
A34: Balance ex-Joint Select Committee | F34: =F8 - F32 -> -1293.5189 | G34: =G8 - G32 -> -1283.5619 | H34: =H8 - H32 -> -990.9339 | I34: =I8 - I32 -> -906.57611 | J34: =J8 - J32 -> -779.70146 | K34: =K8 - K32 -> -741.25974 | L34: =L8 - L32 -> -845.7019 | M34: =M8 - M32 -> -849.07116 | ... Q34: =Q8 - Q32 -> -1181.5411
A36: Joint Select Committee
B37: Policy changes | F37: 0 | G37: 0 | H37: 0 | I37: 111.4434 | J37: 111.4434 | K37: 111.4434 | L37: 111.4434 | M37: 111.4434 | N37: 111.4434 | O37: 111.4434 | P37: 111.4434 | Q37: 111.4434
B38: Debt service | F38: 0 | G38: 0 | H38: 0 | I38: 1.1032897 | J38: 3.1315595 | K38: 6.1739644 | L38: 12.492805 | M38: 20.070956 | N38: 27.281344 | O38: 34.61432 | P38: 42.170183 | Q38: 49.971221
F39: _ | G39: _ | H39: _ | I39: ___ | J39: ___ | K39: ___ | L39: ___ | M39: ___ | N39: ___ | O39: ___ | P39: ___ | Q39: ___
C40: Total Effects | F40: =SUM(F37:F38) -> 0 | G40: =SUM(G37:G38) -> 0 | H40: =SUM(H37:H38) -> 0 | I40: =SUM(I37:I38) -> 112.54669 | J40: =SUM(J37:J38) -> 114.57496 | K40: =SUM(K37:K38) -> 117.61736 | L40: =SUM(L37:L38) -> 123.93621 | M40: =SUM(M37:M38) -> 131.51436 | ... Q40: =SUM(Q37:Q38) -> 161.41462
A42: Total Balance | F42: =SUM(F34,F40) -> -1293.5189 | G42: =SUM(G34,G40) -> -1283.5619 | H42: =SUM(H34,H40) -> -990.9339 | I42: =SUM(I34,I40) -> -794.02942 | J42: =SUM(J34,J40) -> -665.1265 | K42: =SUM(K34,K40) -> -623.64238 | L42: =SUM(L34,L40) -> -721.7657 | M42: =SUM(M34,M40) -> -717.5568 | ... Q42: =SUM(Q34,Q40) -> -1020.1264
A43: Memo: Primary Balance | F43: =F42 + F44 -> -1097.3249 | G43: =G42 + G44 -> -1062.2599 | H43: =H42 + H44 -> -753.1719 | I43: =I42 + I44 -> -531.99271 | J43: =J42 + J44 -> -377.49606 | K43: =K42 + K44 -> -293.43834 | L43: =L42 + L44 -> -327.6955 | M43: =M42 + M44 -> -253.85176 | ... Q43: =Q42 + Q44 -> -406.96866
A44: Memo: Net Interest | F44: =F25 - F38 -> 196.194 | G44: =G25 - G38 -> 221.302 | H44: =H25 - H38 -> 237.762 | I44: =I25 - I38 -> 262.03671 | J44: =J25 - J38 -> 287.63044 | K44: =K25 - K38 -> 330.20404 | L44: =L25 - L38 -> 394.07019 | M44: =M25 - M38 -> 463.70504 | ... Q44: =Q25 - Q38 -> 613.15778
A46: Other Means of Financing (Increase in Debt) | E46: BEOU, Table 1-7 | G46: -138.39 | H46: 15.598904 | I46: 109.97229 | J46: 109.60915 | K46: 109.99747 | L46: 98.61321 | M46: 98.763367 | N46: 93.540917 | O46: 88.170841 | P46: 83.895115 | Q46: 81.741363
A48: End of Year Public Debt | F48: ='CBO baseline'!F41 -> 9018.941 | G48: =F48 - G42 + G46 -> 10164.113 | H48: =G48 - H42 + H46 -> 11170.646 | I48: =H48 - I42 + I46 -> 12074.647 | J48: =I48 - J42 + J46 -> 12849.383 | K48: =J48 - K42 + K46 -> 13583.023 | L48: =K48 - L42 + L46 -> 14403.402 | M48: =L48 - M42 + M46 -> 15219.722 | N48: =M48 - N42 + N46 -> 16062.979 | ... Q48: =P48 - Q42 + Q46 -> 19135.369
A50: As Percentage of GDP
A52: GDP ($ Billions) | F52: ='CBO baseline'!F89 -> 14511.875 | G52: ='CBO baseline'!G89 -> 15095.075 | H52: ='CBO baseline'!H89 -> 15663.455 | I52: ='CBO baseline'!I89 -> 16181.564 | J52: ='CBO baseline'!J89 -> 16974.234 | K52: ='CBO baseline'!K89 -> 18132.445 | L52: ='CBO baseline'!L89 -> 19109.848 | M52: ='CBO baseline'!M89 -> 20027.825 | ... Q52: ='CBO baseline'!Q89 -> 23829.883
A54: Revenues
C55: Total Revenues | F55: =100 * F8/F$52 -> 14.903134 | G55: =100 * G8/G$52 -> 15.328411 | H55: =100 * H8/H$52 -> 16.672818 | I55: =100 * I8/I$52 -> 17.023713 | J55: =100 * J8/J$52 -> 17.496129 | K55: =100 * K8/K$52 -> 17.536625 | L55: =100 * L8/L$52 -> 17.504599 | M55: =100 * M8/M$52 -> 17.795052 | ... Q55: =100 * Q8/Q$52 -> 18.088812 | R55: =$Q55 -> 18.088812 | S55: =$Q55 -> 18.088812 | T55: =$Q55 -> 18.088812 | U55: =$Q55 -> 18.088812 | V55: =$Q55 -> 18.088812 | W55: =$Q55 -> 18.088812 | X55: =$Q55 -> 18.088812 | Y55: =$Q55 -> 18.088812 | ... AE55: =$Q55 -> 18.088812
A57: Outlays
C58: Social Security | F58: =100 * F11/F$52 -> 4.8288178 | G58: =100 * G11/G$52 -> 4.8068062 | H58: =100 * H11/H$52 -> 4.9074486 | I58: =100 * I11/I$52 -> 5.01695 | J58: =100 * J11/J$52 -> 5.0269603 | K58: =100 * K11/K$52 -> 4.9455327 | L58: =100 * L11/L$52 -> 4.9475484 | M58: =100 * M11/M$52 -> 4.9999788 | ... Q58: =100 * Q11/Q$52 -> 5.3549614
D59: Medicare (gross) | F59: =100 * F14/F$52 -> 3.5866213 | G59: =100 * G14/G$52 -> 3.679571 | H59: =100 * H14/H$52 -> 3.6220936 | I59: =100 * I14/I$52 -> 3.8124558 | J59: =100 * J14/J$52 -> 3.85585 | K59: =100 * K14/K$52 -> 3.795037 | L59: =100 * L14/L$52 -> 3.9059912 | M59: =100 * M14/M$52 -> 3.8833772 | ... Q59: =100 * Q14/Q$52 -> 4.2435207
D60: Medicare offsets | F60: =100 * F15/F$52 -> -0.50998923 | G60: =100 * G15/G$52 -> -0.5224088 | H60: =100 * H15/H$52 -> -0.53544382 | I60: =100 * I15/I$52 -> -0.52985606 | J60: =100 * J15/J$52 -> -0.53089878 | K60: =100 * K15/K$52 -> -0.53419712 | L60: =100 * L15/L$52 -> -0.54890022 | M60: =100 * M15/M$52 -> -0.56807466 | ... Q60: =100 * Q15/Q$52 -> -0.61981841
C61: Medicare (net) | F61: =100 * F16/F$52 -> 3.0766321 | G61: =100 * G16/G$52 -> 3.1571622 | H61: =100 * H16/H$52 -> 3.0866498 | I61: =100 * I16/I$52 -> 3.2825998 | J61: =100 * J16/J$52 -> 3.3249513 | K61: =100 * K16/K$52 -> 3.2608399 | L61: =100 * L16/L$52 -> 3.357091 | M61: =100 * M16/M$52 -> 3.3153026 | ... Q61: =100 * Q16/Q$52 -> 3.6237023
C62: Medicaid | F62: =100 * F17/F$52 -> 1.87964 | G62: =100 * G17/G$52 -> 1.8178048 | H62: =100 * H17/H$52 -> 1.656314 | I62: =100 * I17/I$52 -> 1.705243 | J62: =100 * J17/J$52 -> 1.9119037 | K62: =100 * K17/K$52 -> 2.008626 | L62: =100 * L17/L$52 -> 2.1124029 | M62: =100 * M17/M$52 -> 2.1484809 | ... Q62: =100 * Q17/Q$52 -> 2.3557187
C63: CHIP and exchange subsidies | F63: =100 * F18/F$52 -> 0.054355485 | G63: =100 * G18/G$52 -> 0.057356455 | H63: =100 * H18/H$52 -> 0.060222985 | I63: =100 * I18/I$52 -> 0.06239199 | J63: =100 * J18/J$52 -> 0.14837194 | K63: =100 * K18/K$52 -> 0.2433428 | L63: =100 * L18/L$52 -> 0.34543968 | M63: =100 * M18/M$52 -> 0.39163014 | ... Q63: =100 * Q18/Q$52 -> 0.42834454
C64: Other healthcare | F64: =100 * F19/F$52 -> 0.063975193 | G64: =100 * G19/G$52 -> 0.089916744 | H64: =100 * H19/H$52 -> 0.10550035 | I64: =100 * I19/I$52 -> 0.10529266 | J64: =100 * J19/J$52 -> 0.14139077 | K64: =100 * K19/K$52 -> 0.20792563 | L64: =100 * L19/L$52 -> 0.18838977 | M64: =100 * M19/M$52 -> 0.19366556 | ... Q64: =100 * Q19/Q$52 -> 0.22763855
C65: Other mandatory | F65: =100 * F20/F$52 -> 3.278198 | G65: =100 * G20/G$52 -> 3.47041 | H65: =100 * H20/H$52 -> 3.3851408 | I65: =100 * I20/I$52 -> 3.1034144 | J65: =100 * J20/J$52 -> 2.6088365 | K65: =100 * K20/K$52 -> 2.3816975 | L65: =100 * L20/L$52 -> 2.3378574 | M65: =100 * M20/M$52 -> 2.1684332 | ... Q65: =100 * Q20/Q$52 -> 1.9716421
B66: Mandatory spending | F66: =100 * F21/F$52 -> 13.181619 | G66: =100 * G21/G$52 -> 13.399456 | H66: =100 * H21/H$52 -> 13.201277 | I66: =100 * I21/I$52 -> 13.275892 | J66: =100 * J21/J$52 -> 13.162414 | K66: =100 * K21/K$52 -> 13.047964 | L66: =100 * L21/L$52 -> 13.288729 | M66: =100 * M21/M$52 -> 13.217491 | ... Q66: =100 * Q21/Q$52 -> 13.962008
B67: Discretionary spending | F67: =100 * F24/F$52 -> 9.2830802 | G67: =100 * G24/G$52 -> 8.9660832 | H67: =100 * H24/H$52 -> 8.2787547 | I67: =100 * I24/I$52 -> 7.7053674 | J67: =100 * J24/J$52 -> 7.1586206 | K67: =100 * K24/K$52 -> 6.6123735 | L67: =100 * L24/L$52 -> 6.295827 | M67: =100 * M24/M$52 -> 6.059305 | ... Q67: =100 * Q24/Q$52 -> 5.505495
B68: Net interest | F68: =100 * F30/F$52 -> 1.3519549 | G68: =100 * G30/G$52 -> 1.4660543 | H68: =100 * H30/H$52 -> 1.5191939 | I68: =100 * I30/I$52 -> 1.6449785 | J68: =100 * J30/J$52 -> 1.7685353 | K68: =100 * K30/K$52 -> 1.9643163 | L68: =100 * L30/L$52 -> 2.3455192 | M68: =100 * M30/M$52 -> 2.757714 | ... Q68: =100 * Q30/Q$52 -> 3.579542
F69: ____ | G69: ____ | H69: ____ | I69: ____ | J69: ____ | K69: ____ | L69: ____ | M69: ____ | N69: ____ | O69: ____ | P69: ____ | Q69: ____
C70: Total Outlays | F70: =100 * F32/F$52 -> 23.816654 | G70: =100 * G32/G$52 -> 23.831594 | H70: =100 * H32/H$52 -> 22.999225 | I70: =100 * I32/I$52 -> 22.626238 | J70: =100 * J32/J$52 -> 22.08957 | K70: =100 * K32/K$52 -> 21.624654 | L70: =100 * L32/L$52 -> 21.930075 | M70: =100 * M32/M$52 -> 22.03451 | ... Q70: =100 * Q32/Q$52 -> 23.047045 | R70: =SUM(R73:R76) -> 23.973795 | S70: =SUM(S73:S76) -> 24.392826 | T70: =SUM(T73:T76) -> 24.827936 | U70: =SUM(U73:U76) -> 25.279233 | V70: =SUM(V73:V76) -> 25.746826 | W70: =SUM(W73:W76) -> 26.230826 | X70: =SUM(X73:X76) -> 26.731342 | Y70: =SUM(Y73:Y76) -> 27.248485 | ... AE70: =SUM(AE73:AE76) -> 30.386399
A72: LTBO Outlay Categories
B73: Social Security | F73: =F58 -> 4.8288178 | G73: =G58 -> 4.8068062 | H73: =H58 -> 4.9074486 | I73: =I58 -> 5.01695 | J73: =J58 -> 5.0269603 | K73: =K58 -> 4.9455327 | L73: =L58 -> 4.9475484 | M73: =M58 -> 4.9999788 | ... Q73: =Q58 -> 5.3549614 | R73: 5.4 | S73: 5.5 | T73: 5.6 | U73: 5.7 | V73: 5.7 | W73: 5.8 | X73: 5.9 | Y73: 5.9 | Z73: 6 | AA73: 6 | AB73: 6 | AC73: 6.1 | AD73: 6.1 | AE73: 6.1
B74: Medicare, Medicaid, CHIP, exchange subsidies | F74: =SUM(F59,F62,F63) -> 5.5206167 | G74: =SUM(G59,G62,G63) -> 5.5547322 | H74: =SUM(H59,H62,H63) -> 5.3386307 | I74: =SUM(I59,I62,I63) -> 5.5800909 | J74: =SUM(J59,J62,J63) -> 5.9161257 | K74: =SUM(K59,K62,K63) -> 6.0470057 | L74: =SUM(L59,L62,L63) -> 6.3638338 | M74: =SUM(M59,M62,M63) -> 6.4234883 | ... Q74: =SUM(Q59,Q62,Q63) -> 7.0275839 | R74: 7.4 | S74: 7.6 | T74: 7.8 | U74: 8 | V74: 8.3 | W74: 8.5 | X74: 8.7 | Y74: 9 | Z74: 9.2 | AA74: 9.5 | AB74: 9.7 | AC74: 9.9 | AD74: 10.1 | AE74: 10.3
B75: Other noninterest spending | F75: =SUM(F60,F64, F65,F67) -> 12.115264 | G75: =SUM(G60,G64, G65,G67) -> 12.004001 | H75: =SUM(H60,H64, H65,H67) -> 11.233952 | I75: =SUM(I60,I64, I65,I67) -> 10.384218 | J75: =SUM(J60,J64, J65,J67) -> 9.3779491 | K75: =SUM(K60,K64, K65,K67) -> 8.6677996 | L75: =SUM(L60,L64, L65,L67) -> 8.2731739 | M75: =SUM(M60,M64, M65,M67) -> 7.853329 | ... Q75: =SUM(Q60,Q64, Q65,Q67) -> 7.0849573 | R75: =$Q75 -> 7.0849573 | S75: =$Q75 -> 7.0849573 | T75: =$Q75 -> 7.0849573 | U75: =$Q75 -> 7.0849573 | V75: =$Q75 -> 7.0849573 | W75: =$Q75 -> 7.0849573 | X75: =$Q75 -> 7.0849573 | Y75: =$Q75 -> 7.0849573 | ... AE75: =$Q75 -> 7.0849573
B76: Net interest | F76: =F68 -> 1.3519549 | G76: =G68 -> 1.4660543 | H76: =H68 -> 1.5191939 | I76: =I68 -> 1.6449785 | J76: =J68 -> 1.7685353 | K76: =K68 -> 1.9643163 | L76: =L68 -> 2.3455192 | M76: =M68 -> 2.757714 | ... Q76: =Q68 -> 3.579542 | R76: =(5.2% * Q92) / (1 + 'LTBO economic variables'!$H$34) -> 4.0888373 | S76: =(5.2% * R92) / (1 + 'LTBO economic variables'!$H$34) -> 4.2078689 | T76: =(5.2% * S92) / (1 + 'LTBO economic variables'!$H$34) -> 4.3429789 | U76: =(5.2% * T92) / (1 + 'LTBO economic variables'!$H$34) -> 4.494276 | V76: =(5.2% * U92) / (1 + 'LTBO economic variables'!$H$34) -> 4.6618692 | W76: =(5.2% * V92) / (1 + 'LTBO economic variables'!$H$34) -> 4.8458684 | X76: =(5.2% * W92) / (1 + 'LTBO economic variables'!$H$34) -> 5.0463843 | Y76: =(5.2% * X92) / (1 + 'LTBO economic variables'!$H$34) -> 5.2635282 | ... AE76: =(5.2% * AD92) / (1 + 'LTBO economic variables'!$H$34) -> 6.9014415
A78: Balance ex-Joint Select Committee | F78: =100 * F34/F$52 -> -8.9135201 | G78: =100 * G34/G$52 -> -8.503183 | H78: =100 * H34/H$52 -> -6.326407 | I78: =100 * I34/I$52 -> -5.6025245 | J78: =100 * J34/J$52 -> -4.5934413 | K78: =100 * K34/K$52 -> -4.0880297 | L78: =100 * L34/L$52 -> -4.4254768 | M78: =100 * M34/M$52 -> -4.2394576 | ... Q78: =100 * Q34/Q$52 -> -4.9582328 | R78: =R55 - R70 -> -5.8849828 | S78: =S55 - S70 -> -6.3040144 | T78: =T55 - T70 -> -6.7391244 | U78: =U55 - U70 -> -7.1904215 | V78: =V55 - V70 -> -7.6580147 | W78: =W55 - W70 -> -8.1420139 | X78: =X55 - X70 -> -8.6425298 | Y78: =Y55 - Y70 -> -9.1596737 | ... AE78: =AE55 - AE70 -> -12.297587
A80: Joint Select Committee | R80: Assumes JSC has no impact after 2021 (conservative)
B81: Policy changes | F81: =100 * F37/F$52 -> 0 | G81: =100 * G37/G$52 -> 0 | H81: =100 * H37/H$52 -> 0 | I81: =100 * I37/I$52 -> 0.68870597 | J81: =100 * J37/J$52 -> 0.65654451 | K81: =100 * K37/K$52 -> 0.61460768 | L81: =100 * L37/L$52 -> 0.5831726 | M81: =100 * M37/M$52 -> 0.55644285 | ... Q81: =100 * Q37/Q$52 -> 0.4676624
B82: Debt service | F82: =100 * F38/F$52 -> 0 | G82: =100 * G38/G$52 -> 0 | H82: =100 * H38/H$52 -> 0 | I82: =100 * I38/I$52 -> 0.0068181891 | J82: =100 * J38/J$52 -> 0.018448901 | K82: =100 * K38/K$52 -> 0.034049265 | L82: =100 * L38/L$52 -> 0.065373648 | M82: =100 * M38/M$52 -> 0.10021536 | ... Q82: =100 * Q38/Q$52 -> 0.20969982
F83: ____ | G83: ____ | H83: ____ | I83: ____ | J83: ____ | K83: ____ | L83: ____ | M83: ____ | N83: ____ | O83: ____ | P83: ____ | Q83: ____
C84: Total Effects | F84: =100 * F40/F$52 -> 0 | G84: =100 * G40/G$52 -> 0 | H84: =100 * H40/H$52 -> 0 | I84: =100 * I40/I$52 -> 0.69552416 | J84: =100 * J40/J$52 -> 0.67499341 | K84: =100 * K40/K$52 -> 0.64865694 | L84: =100 * L40/L$52 -> 0.64854625 | M84: =100 * M40/M$52 -> 0.6566582 | ... Q84: =100 * Q40/Q$52 -> 0.67736222
A86: Total Balance | F86: =100 * F42/F$52 -> -8.9135201 | G86: =100 * G42/G$52 -> -8.503183 | H86: =100 * H42/H$52 -> -6.326407 | I86: =100 * I42/I$52 -> -4.9070003 | J86: =100 * J42/J$52 -> -3.9184478 | K86: =100 * K42/K$52 -> -3.4393727 | L86: =100 * L42/L$52 -> -3.7769305 | M86: =100 * M42/M$52 -> -3.5827994 | ... Q86: =100 * Q42/Q$52 -> -4.2808706 | R86: =R78 -> -5.8849828 | S86: =S78 -> -6.3040144 | T86: =T78 -> -6.7391244 | U86: =U78 -> -7.1904215 | V86: =V78 -> -7.6580147 | W86: =W78 -> -8.1420139 | X86: =X78 -> -8.6425298 | Y86: =Y78 -> -9.1596737 | ... AE86: =AE78 -> -12.297587
A87: Memo: Primary Balance | F87: =100 * F43/F$52 -> -7.5615652 | G87: =100 * G43/G$52 -> -7.0371287 | H87: =100 * H43/H$52 -> -4.808466 | I87: =100 * I43/I$52 -> -3.2876469 | J87: =100 * J43/J$52 -> -2.2239358 | K87: =100 * K43/K$52 -> -1.6183054 | L87: =100 * L43/L$52 -> -1.7147991 | M87: =100 * M43/M$52 -> -1.2674954 | ... Q87: =100 * Q43/Q$52 -> -1.7078081 | R87: =R86 + R76 -> -1.7961455 | S87: =S86 + S76 -> -2.0961455 | T87: =T86 + T76 -> -2.3961455 | U87: =U86 + U76 -> -2.6961455 | V87: =V86 + V76 -> -2.9961455 | W87: =W86 + W76 -> -3.2961455 | X87: =X86 + X76 -> -3.5961455 | Y87: =Y86 + Y76 -> -3.8961455 | ... AE87: =AE86 + AE76 -> -5.3961455
A88: Memo: Net Interest | F88: =100 * F44/F$52 -> 1.3519549 | G88: =100 * G44/G$52 -> 1.4660543 | H88: =100 * H44/H$52 -> 1.517941 | I88: =100 * I44/I$52 -> 1.6193534 | J88: =100 * J44/J$52 -> 1.6945121 | K88: =100 * K44/K$52 -> 1.8210673 | L88: =100 * L44/L$52 -> 2.0621314 | M88: =100 * M44/M$52 -> 2.315304 | ... Q88: =100 * Q44/Q$52 -> 2.5730625 | R88: =R76 -> 4.0888373 | S88: =S76 -> 4.2078689 | T88: =T76 -> 4.3429789 | U88: =U76 -> 4.494276 | V88: =V76 -> 4.6618692 | W88: =W76 -> 4.8458684 | X88: =X76 -> 5.0463843 | Y88: =Y76 -> 5.2635282 | ... AE88: =AE76 -> 6.9014415
A90: Other Means of Financing (Increase in Debt) | F90: =100 * F46/F$52 -> 0 | G90: =100 * G46/G$52 -> -0.91678908 | H90: =100 * H46/H$52 -> 0.099587889 | I90: =100 * I46/I$52 -> 0.67961472 | J90: =100 * J46/J$52 -> 0.64573845 | K90: =100 * K46/K$52 -> 0.60663339 | L90: =100 * L46/L$52 -> 0.51603345 | M90: =100 * M46/M$52 -> 0.49313076 | ... Q90: =100 * Q46/Q$52 -> 0.34302042
A92: End of Year Public Debt | F92: =100 * F48/F$52 -> 62.148695 | G92: =100 * G48/G$52 -> 67.333967 | H92: =100 * H48/H$52 -> 71.316614 | I92: =100 * I48/I$52 -> 74.619777 | J92: =100 * J48/J$52 -> 75.69934 | K92: =100 * K48/K$52 -> 74.910045 | L92: =100 * L48/L$52 -> 75.371617 | M92: =100 * M48/M$52 -> 75.992884 | ... Q92: =100 * Q48/Q$52 -> 80.299886 | R92: =Q92 / (1 + 2.5% + 'LTBO economic variables'!$H$34) - R86 -> 82.637524 | S92: =R92 / (1 + 2.5% + 'LTBO economic variables'!$H$34) - S86 -> 85.290924 | T92: =S92 / (1 + 2.5% + 'LTBO economic variables'!$H$34) - T86 -> 88.262218 | U92: =T92 / (1 + 2.5% + 'LTBO economic variables'!$H$34) - U86 -> 91.553549 | V92: =U92 / (1 + 2.5% + 'LTBO economic variables'!$H$34) - V86 -> 95.167074 | W92: =V92 / (1 + 2.5% + 'LTBO economic variables'!$H$34) - W86 -> 99.104966 | X92: =W92 / (1 + 2.5% + 'LTBO economic variables'!$H$34) - X86 -> 103.36941 | Y92: =X92 / (1 + 2.5% + 'LTBO economic variables'!$H$34) - Y86 -> 107.96262 | ... AE92: =AD92 / (1 + 2.5% + 'LTBO economic variables'!$H$34) - AE86 -> 141.84619

Sheet summary
B1: 2011 | C1: 2012 | D1: 2013 | E1: 2014 | F1: 2015 | G1: 2016 | H1: 2017 | I1: 2018 | J1: 2019 | K1: 2020 | L1: 2021 | M1: 2022 | N1: 2023 | O1: 2024 | P1: 2025 | Q1: 2026 | R1: 2027 | S1: 2028 | T1: 2029 | U1: 2030 | V1: 2031 | W1: 2032 | X1: 2033 | Y1: 2034 | Z1: 2035
A2: CBO Extended Baseline, June | B2: 69 | C2: 73 | D2: 75 | E2: 75 | F2: 74 | G2: 75 | H2: 75 | I2: 75 | J2: 75 | K2: 75 | L2: 76 | M2: 76 | N2: 76 | O2: 76 | P2: 77 | Q2: 78 | R2: 78 | S2: 79 | T2: 80 | U2: 80 | V2: 81 | W2: 82 | X2: 83 | Y2: 83 | Z2: 84
A3: CBO Alternative Scenario, June | B3: 69 | C3: 74 | D3: 77 | E3: 80 | F3: 82 | G3: 85 | H3: 87 | I3: 90 | J3: 94 | K3: 97 | L3: 101 | M3: 105 | N3: 109 | O3: 114 | P3: 119 | Q3: 125 | R3: 131 | S3: 137 | T3: 143 | U3: 150 | V3: 157 | W3: 164 | X3: 172 | Y3: 179 | Z3: 187
A4: Updated Extended Baseline | B4: ='new extended'!G80 -> 67.333967 | C4: ='new extended'!H80 -> 71.203498 | D4: ='new extended'!I80 -> 72.758035 | E4: ='new extended'!J80 -> 71.567808 | F4: ='new extended'!K80 -> 68.731577 | G4: ='new extended'!L80 -> 67.189517 | H4: ='new extended'!M80 -> 65.753956 | I4: ='new extended'!N80 -> 64.319207 | ... Z4: ='new extended'!AE80 -> 58.639561
A5: Updated Alternative Scenario | B5: ='new alternative'!G92 -> 67.333967 | C5: ='new alternative'!H92 -> 71.316614 | D5: ='new alternative'!I92 -> 74.619777 | E5: ='new alternative'!J92 -> 75.69934 | F5: ='new alternative'!K92 -> 74.910045 | G5: ='new alternative'!L92 -> 75.371617 | H5: ='new alternative'!M92 -> 75.992884 | I5: ='new alternative'!N92 -> 76.681745 | ... Z5: ='new alternative'!AE92 -> 141.84619
A6: Realistic Scenario (Tax Cuts Expire) | B6: ='realistic (no tax cuts)'!G90 -> 67.333967 | C6: ='realistic (no tax cuts)'!H90 -> 71.220909 | D6: ='realistic (no tax cuts)'!I90 -> 73.140924 | E6: ='realistic (no tax cuts)'!J90 -> 71.800294 | F6: ='realistic (no tax cuts)'!K90 -> 68.725736 | G6: ='realistic (no tax cuts)'!L90 -> 66.932629 | H6: ='realistic (no tax cuts)'!M90 -> 65.280458 | I6: ='realistic (no tax cuts)'!N90 -> 63.682074 | ... Z6: ='realistic (no tax cuts)'!AE90 -> 69.098738
A7: Realistic Scenario (Tax Cuts Extended) | B7: ='realistic (tax cuts)'!G90 -> 67.333967 | C7: ='realistic (tax cuts)'!H90 -> 71.23588 | D7: ='realistic (tax cuts)'!I90 -> 74.060545 | E7: ='realistic (tax cuts)'!J90 -> 74.482556 | F7: ='realistic (tax cuts)'!K90 -> 73.187576 | G7: ='realistic (tax cuts)'!L90 -> 73.222184 | H7: ='realistic (tax cuts)'!M90 -> 73.457935 | I7: ='realistic (tax cuts)'!N90 -> 73.792008 | ... Z7: ='realistic (tax cuts)'!AE90 -> 117.00367
